Workbook
Name Slicer_hider: #N/A
Name Slicer_hider1: #N/A
Name Slicer_hider2: #N/A

Sheet Guidance Notes
L3: Version Control: v1.0 | O3: 46042
I6: Application Form
C10: Local Authority Low Carbon Heat Grant
C12: Please complete all section 1-6 as listed below:
C14: 1. Questions | H14: Within sections 1-6 the following colour coding applies:
C15: 2. Technical Details | H15: Blue cells | I15: = user input
C16: 3. Deliverability Details | H16: Green cells | I16: = automatically generated (calculated detail) - do NOT edit
C17: 4.Financial Detail | H17: Orange cells | I17: = automatically generated (check values) - do NOT edit
C18: 5.Risks
C19: 6. Summary & Declaration
C21: Please refer to Local Authority Low Carbon Heat Grant Guidance released alongside this form, for eligibility criteria and grant conditions.
C23: Important Notes
C25: This form can be filled in for up to 10 sites, should there be more sites to your application, please fill out another form for these.
C26: Funding will only be granted to applicants that can assure projects can be installed and commissioned by 31st March 2027.
C27: Applications must be supported by a sponsoring director, a signature will be required upon offer letters being provided.
C28: Note that works cannot start until a formal and signed grant award letter is received.
C30: Application Submissions
C32: Please send completed application forms to lowcarbonheat@energyservice.wales
C33: If you have any queries on the application process or the form itself, please use the address above.
C35: Data Sharing Disclaimer
... C44: enquiries@energyservice.wales

Sheet Lookups
B2: Please translate highlighted text | T2: Design & Planning | X2: Procurement and contracting | AD2: Operation
T3: Please indicate the project position on designs | U3: Please indicate the project position on planning permission | V3: Please indicate the project position on supplier costs | W3: Please indicate the project position on DNO upgrades / engagement | X3: Principal contractor: approach | Y3: Principal contractor: status | Z3: Equipment supply status | AA3: Install subcontractors status | AB3: DNO upgrade / grid connection status | AC3: Client Engineer: status | AD3: O&M contractor approach
B4: OK | C4: Manual input request | D4: Not all checkboxes checked | E4: Hide un-named buildings (CTRL + Click) | F4: Please select | G4: Please select | H4: Please select | I4: Please select | J4: Please select | K4: Please select | L4: Please select | M4: Please select | N4: Please select | O4: Please select | P4: Electricity | Q4: Date Dropdown | T4: Initial feasibility | U4: Planning unknown | V4: In contract - costs finalised based on design | W4: Not engaged | X4: Framework | Y4: Specification stage | Z4: N/A (Principal Contractor makes own equipment) | AA4: N/A (Principal Contractor supplies all tradespeople) | AB4: N/A - Not required | AC4: Not required | AD4: No O&M planned
B5: Drawdowns do not equal grant request | D5: Section incomplete | E5: Keep selected (CTRL + Click) | F5: Yes | G5: Pass | H5: Confirm | I5: Welsh | J5: Care Home | K5: Boilers | L5: Natural gas | M5: Retained as existing | N5: Retained as existing | O5: Heat pump - air source | P5: Biomass | Q5: 46137 | T5: Concept design - sizing, concept drawings | U5: Permitted development - deemed | V5: In contract - but final design and sub-supply cost uncertain | W5: DNO engaged, no works required | X5: Open market competition | Y5: Out to tender | Z5: Identified but supplier not engaged | AA5: Identified but not secured | AB5: Initial cost estimate only | AC5: Identified but not secured | AD5: Own current contractors
D6: Not all sections complete | F6: No | G6: Fail | H6: Cannot Confirm | I6: English | J6: Community Centre | K6: Direct-fired hot water heater | L6: LPG | M6: Zoning removed | N6: Heat thermal store removed | O6: Heat pump - ground source | P6: Biogas | Q6: 46167 | T6: Developed design - detailed feasibility and consideration of access / structural / planning / DNO | U6: Permitted development - confirmed with planning department | V6: Tender complete - preferred bidder costs used | W6: DNO upgrade works required - not yet planned | X6: Invite only competition | Y6: Preferred supplier | Z6: Identified, priced, & available | AA6: Identified, priced, & available | AB6: Firm costed quote | AC6: Identified, priced, & available | AD6: Principal contractor providing O&M also
G7: Clarifications Needed | J7: Depot | K7: Combined heat & power | L7: Kerosene | M7: Zoning control added / repaired / extended | N7: Heat thermal store added | O7: Heat pump - groundwater source | P7: District Heat | Q7: 46198 | T7: Technical design - full equipment specification and M&E drawings | U7: Planning application being developed (e.g. studies underway) | V7: Softmarket test quote based on a design | W7: DNO upgrade works required, and timeline agreed | X7: Direct award | Y7: Contract signed | Z7: Supply aggreement signed | AA7: Sub-contract signed | AB7: Contracted | AC7: Contract signed | AD7: Future procurement required
J8: Exhibition Venue | K8: Electric heater (direct for space heating) | L8: Gas oil | O8: Heat pump - water source | Q8: 46228 | T8: Final design agreed with Principal Contractor & Client Engineer | U8: Planning permission applied | V8: Feasibility study estimate of costs only | X8: Existing in contract contractors
J9: Historic | K9: Other | L9: Electricity | O9: Heat pump - dual staged - air then water | Q9: 46259 | U9: Planning permission obtained | V9: Internal estimate of costs only | X9: Existing Energy Performance Contract
J10: Leisure Centre (with pool) | O10: Heat pump - high-temp air source | Q10: 46290
J11: Leisure Centre (without pool) | O11: Electric boiler | Q11: 46320
J12: Library | O12: Direct electric heaters | Q12: 46351
J13: Offices | O13: Biomass | Q13: 46357
J14: Primary School | O14: Biogas | Q14: 46388
J15: Secondary School | O15: Connection to existing district heat network | Q15: 46419
J16: Secondary School with pool | Q16: 46447
J17: Other | Q17: 46478
B22: Word counts:
B23: 455
B24: 960
B25: 720
B26: 1833
B27: 480
B28: 667
B29: 84
B30: 1768
B31: =SUM(B23:B30) -> 6967

Sheet 1. Questions 
C2: 1. Questions
C7: 1.1 Project Questions
C9: Project Details
D11: Please provide information on:
D12: • Summary of overall programme
D13: • Summary of selected low carbon heat solution and why
D14: • Rationale for sites selected
D15: • Project development activity to date
D16: • Please provide unique or differeing information on a building by building basis as applicable
D18: • Alt+Enter for new lines • Alt+7 for bullet points (numeric keypad with NumLk on ONLY)
C20: Design
D22: Please provide information on:
D23: • Design approach, current design stage and maturity
D24: • How is design optimised for the site
D25: • Enabling and fabric measures to support a whole building approach
D26: • Design specification - including how will you avoid overheating or wasteful heating (e.g., area occupancy, zoning plans and controls)
D27: • Please provide unique or differeing information on a building by building basis as applicable
D29: • Alt+Enter for new lines • Alt+7 for bullet points
C31: Performance
D33: Please provide information on:
D34: • Operations and maintenance plans and contracted support
D35: • Performance monitoring and management
D36: • Metering data captured, availability and use
D37: • Performance Monitoring and Management Process
D39: • Alt+Enter for new lines • Alt+7 for bullet points
C41: Costs
D43: Please provide information on:
D45: • Your approach to ensure value for money
D46: • Procurement status and confidence in costs
D47: • Cost accuracy in reflection of design stage and supply chain engagement to date
D48: • Match funding sources and approval status
D49: • Your approach to contingency costs
D50: • If not all VAT cannot be recovered, and you are including this non-recoverable VAT in your project costs, please detail and explain
D52: • Alt+Enter for new lines • Alt+7 for bullet points
C54: Deliverability
D56: Please provide information (per building where appropriate) on:
D57: • Procurement and contracting - status and approach
D58: • Planning and DNO - status and approach
D59: • Deliverability critical team members
D60: • Key deliverability risks identified
D61: • Project plan timeline and time contingency planning
D63: • Alt+Enter for new lines • Alt+7 for bullet points
C66: Governance and Project Management Approach
D68: Please provide information on:
D69: • Internal business case approvals
D70: • Resource, roles, and responsibility
D71: • Project Management approach
D72: • Risk Management approach
D73: • Please describe how you will organise payments to your contractors to ensure grant funds are claimed (e.g., interim payments will be made against a work order, or payment will made in full at final completion)
D75: • Alt+Enter for new lines • Alt+7 for bullet points
B78: End of Sheet

Sheet 2. Technical Details
D2: 2. Technical Details
E3: Please list sites in your order of priority. | G3: Filter button to hide unused rows (i.e. un-named buildings) > >
D5: 2.1 Building details and existing heat provision
E7: Building details | M7: EXISTING - Main heat generation plant | T7: EXISTING - Secondary heat generation (optional) | AA7: EXISTING - Further heat generation (e.g., hot water production, kitchen use etc.) (optional) | AH7: Total of existing
A8: hider | D8: Building Name | E8: Building Address | F8: Building Postcode | G8: Type of building | H8: Gross internal floor area of building (m2) | I8: Confirm ownership or lease of building for at least 10 years | J8: Confirm part of the Public Sector Net Zero Reporting to Welsh Government | K8: Is the building in the vicinity of an existing or planned heat network? | L8: Part of a construction or major refurbishment project? If 'yes', ticked, detail in '1. Questions' | M8: Main heat source in building | N8: Fuel type | O8: Age of main equipment (years) | P8: Capacity installed (kW heat) | Q8: Energy use input (kWh/year) | R8: Estimated efficiency of existing heat generation (%) | S8: Estimated heat demand output (kWh/year) | T8: Secondary existing heat generation input required? | U8: Existing heat source | V8: Existing fuel type | W8: Capacity installed (kW heat) | X8: Energy use input (kWh/year) | Y8: Estimated efficiency of existing heat generation (%) | Z8: Estimated heat demand output (kWh/year) | AA8: Further existing heat generation input required? | AB8: Heat source | AC8: Fuel type | AD8: Capacity installed (kW heat) | AE8: Energy use input (kWh/year) | AF8: Estimated efficiency of heat generation (%) | AG8: Estimated heat demand output (kWh/year) | AH8: Total of heat demand (kWh per year) | AI8: Total installed capacity of heat generation (kW) | AJ8: Carbon Emissions (kgCO2e/year) | AK8: Lifetime Carbon Emissions (kgCO2e)
A9: =IF(D9="",Lookups!$E$4,Lookups!$E$5) -> Hide un-named buildings (CTRL + Click) | G9: Please select | I9: FALSE | J9: FALSE | K9: FALSE | L9: FALSE | T9: FALSE | AA9: FALSE | AH9: =SUM(S9,IF(Z9>0,Z9,0),IF(AG9>0,AG9,0)) -> 0 | AI9: =SUM(P9,W9,AD9) -> 0 | AJ9: =IFERROR(Q9*_xlfn.XLOOKUP(N9,Calculation_factors!$H$6:$H$13,Calculation_factors!$I$6:$I$13),)+IFERROR(X9*_xlfn.XLOOKUP(V9,Calculation_factors!$H$6:$H$13,Calculation_factors!$I$6:$I$13),0)+IFERROR(AE9*_xlfn.XLOOKUP(AC9,Calculation_factors!$H$6:$H$13,Calculation_factors!$I$6:$I$13),0) -> 0 | AK9: =IFERROR(Q9*_xlfn.XLOOKUP(N9,Calculation_factors!$E$6:$E$13,Calculation_factors!$F$6:$F$13),)+IFERROR(X9*_xlfn.XLOOKUP(V9,Calculation_factors!$E$6:$E$13,Calculation_factors!$F$6:$F$13),0)+IFERROR(AE9*_xlfn.XLOOKUP(AC9,Calculation_factors!$E$6:$E$13,Calculation_factors!$F$6:$F$13),0) -> 0 | AL9: Scroll down for the next section
A10: =IF(D10="",Lookups!$E$4,Lookups!$E$5) -> Hide un-named buildings (CTRL + Click) | G10: Please select | I10: FALSE | J10: FALSE | K10: FALSE | L10: FALSE | T10: FALSE | AA10: FALSE | AH10: =SUM(S10,IF(Z10>0,Z10,0),IF(AG10>0,AG10,0)) -> 0 | AI10: =SUM(P10,W10,AD10) -> 0 | AJ10: =IFERROR(Q10*_xlfn.XLOOKUP(N10,Calculation_factors!$H$6:$H$13,Calculation_factors!$I$6:$I$13),)+IFERROR(X10*_xlfn.XLOOKUP(V10,Calculation_factors!$H$6:$H$13,Calculation_factors!$I$6:$I$13),0)+IFERROR(AE10*_xlfn.XLOOKUP(AC10,Calculation_factors!$H$6:$H$13,Calculation_factors!$I$6:$I$13),0) -> 0 | AK10: =IFERROR(Q10*_xlfn.XLOOKUP(N10,Calculation_factors!$E$6:$E$13,Calculation_factors!$F$6:$F$13),)+IFERROR(X10*_xlfn.XLOOKUP(V10,Calculation_factors!$E$6:$E$13,Calculation_factors!$F$6:$F$13),0)+IFERROR(AE10*_xlfn.XLOOKUP(AC10,Calculation_factors!$E$6:$E$13,Calculation_factors!$F$6:$F$13),0) -> 0 | AL10: ↓
A11: =IF(D11="",Lookups!$E$4,Lookups!$E$5) -> Hide un-named buildings (CTRL + Click) | G11: Please select | I11: FALSE | J11: FALSE | K11: FALSE | L11: FALSE | T11: FALSE | AA11: FALSE | AH11: =SUM(S11,IF(Z11>0,Z11,0),IF(AG11>0,AG11,0)) -> 0 | AI11: =SUM(P11,W11,AD11) -> 0 | AJ11: =IFERROR(Q11*_xlfn.XLOOKUP(N11,Calculation_factors!$H$6:$H$13,Calculation_factors!$I$6:$I$13),)+IFERROR(X11*_xlfn.XLOOKUP(V11,Calculation_factors!$H$6:$H$13,Calculation_factors!$I$6:$I$13),0)+IFERROR(AE11*_xlfn.XLOOKUP(AC11,Calculation_factors!$H$6:$H$13,Calculation_factors!$I$6:$I$13),0) -> 0 | AK11: =IFERROR(Q11*_xlfn.XLOOKUP(N11,Calculation_factors!$E$6:$E$13,Calculation_factors!$F$6:$F$13),)+IFERROR(X11*_xlfn.XLOOKUP(V11,Calculation_factors!$E$6:$E$13,Calculation_factors!$F$6:$F$13),0)+IFERROR(AE11*_xlfn.XLOOKUP(AC11,Calculation_factors!$E$6:$E$13,Calculation_factors!$F$6:$F$13),0) -> 0 | AL11: ↙
A12: =IF(D12="",Lookups!$E$4,Lookups!$E$5) -> Hide un-named buildings (CTRL + Click) | G12: Please select | I12: FALSE | J12: FALSE | K12: FALSE | L12: FALSE | T12: FALSE | AA12: FALSE | AH12: =SUM(S12,IF(Z12>0,Z12,0),IF(AG12>0,AG12,0)) -> 0 | AI12: =SUM(P12,W12,AD12) -> 0 | AJ12: =IFERROR(Q12*_xlfn.XLOOKUP(N12,Calculation_factors!$H$6:$H$13,Calculation_factors!$I$6:$I$13),)+IFERROR(X12*_xlfn.XLOOKUP(V12,Calculation_factors!$H$6:$H$13,Calculation_factors!$I$6:$I$13),0)+IFERROR(AE12*_xlfn.XLOOKUP(AC12,Calculation_factors!$H$6:$H$13,Calculation_factors!$I$6:$I$13),0) -> 0 | AK12: =IFERROR(Q12*_xlfn.XLOOKUP(N12,Calculation_factors!$E$6:$E$13,Calculation_factors!$F$6:$F$13),)+IFERROR(X12*_xlfn.XLOOKUP(V12,Calculation_factors!$E$6:$E$13,Calculation_factors!$F$6:$F$13),0)+IFERROR(AE12*_xlfn.XLOOKUP(AC12,Calculation_factors!$E$6:$E$13,Calculation_factors!$F$6:$F$13),0) -> 0
A13: =IF(D13="",Lookups!$E$4,Lookups!$E$5) -> Hide un-named buildings (CTRL + Click) | G13: Please select | I13: FALSE | J13: FALSE | K13: FALSE | L13: FALSE | T13: FALSE | AA13: FALSE | AH13: =SUM(S13,IF(Z13>0,Z13,0),IF(AG13>0,AG13,0)) -> 0 | AI13: =SUM(P13,W13,AD13) -> 0 | AJ13: =IFERROR(Q13*_xlfn.XLOOKUP(N13,Calculation_factors!$H$6:$H$13,Calculation_factors!$I$6:$I$13),)+IFERROR(X13*_xlfn.XLOOKUP(V13,Calculation_factors!$H$6:$H$13,Calculation_factors!$I$6:$I$13),0)+IFERROR(AE13*_xlfn.XLOOKUP(AC13,Calculation_factors!$H$6:$H$13,Calculation_factors!$I$6:$I$13),0) -> 0 | AK13: =IFERROR(Q13*_xlfn.XLOOKUP(N13,Calculation_factors!$E$6:$E$13,Calculation_factors!$F$6:$F$13),)+IFERROR(X13*_xlfn.XLOOKUP(V13,Calculation_factors!$E$6:$E$13,Calculation_factors!$F$6:$F$13),0)+IFERROR(AE13*_xlfn.XLOOKUP(AC13,Calculation_factors!$E$6:$E$13,Calculation_factors!$F$6:$F$13),0) -> 0
A14: =IF(D14="",Lookups!$E$4,Lookups!$E$5) -> Hide un-named buildings (CTRL + Click) | G14: Please select | I14: FALSE | J14: FALSE | K14: FALSE | L14: FALSE | T14: FALSE | AA14: FALSE | AH14: =SUM(S14,IF(Z14>0,Z14,0),IF(AG14>0,AG14,0)) -> 0 | AI14: =SUM(P14,W14,AD14) -> 0 | AJ14: =IFERROR(Q14*_xlfn.XLOOKUP(N14,Calculation_factors!$H$6:$H$13,Calculation_factors!$I$6:$I$13),)+IFERROR(X14*_xlfn.XLOOKUP(V14,Calculation_factors!$H$6:$H$13,Calculation_factors!$I$6:$I$13),0)+IFERROR(AE14*_xlfn.XLOOKUP(AC14,Calculation_factors!$H$6:$H$13,Calculation_factors!$I$6:$I$13),0) -> 0 | AK14: =IFERROR(Q14*_xlfn.XLOOKUP(N14,Calculation_factors!$E$6:$E$13,Calculation_factors!$F$6:$F$13),)+IFERROR(X14*_xlfn.XLOOKUP(V14,Calculation_factors!$E$6:$E$13,Calculation_factors!$F$6:$F$13),0)+IFERROR(AE14*_xlfn.XLOOKUP(AC14,Calculation_factors!$E$6:$E$13,Calculation_factors!$F$6:$F$13),0) -> 0
A15: =IF(D15="",Lookups!$E$4,Lookups!$E$5) -> Hide un-named buildings (CTRL + Click) | G15: Please select | I15: FALSE | J15: FALSE | K15: FALSE | L15: FALSE | T15: FALSE | AA15: FALSE | AH15: =SUM(S15,IF(Z15>0,Z15,0),IF(AG15>0,AG15,0)) -> 0 | AI15: =SUM(P15,W15,AD15) -> 0 | AJ15: =IFERROR(Q15*_xlfn.XLOOKUP(N15,Calculation_factors!$H$6:$H$13,Calculation_factors!$I$6:$I$13),)+IFERROR(X15*_xlfn.XLOOKUP(V15,Calculation_factors!$H$6:$H$13,Calculation_factors!$I$6:$I$13),0)+IFERROR(AE15*_xlfn.XLOOKUP(AC15,Calculation_factors!$H$6:$H$13,Calculation_factors!$I$6:$I$13),0) -> 0 | AK15: =IFERROR(Q15*_xlfn.XLOOKUP(N15,Calculation_factors!$E$6:$E$13,Calculation_factors!$F$6:$F$13),)+IFERROR(X15*_xlfn.XLOOKUP(V15,Calculation_factors!$E$6:$E$13,Calculation_factors!$F$6:$F$13),0)+IFERROR(AE15*_xlfn.XLOOKUP(AC15,Calculation_factors!$E$6:$E$13,Calculation_factors!$F$6:$F$13),0) -> 0
A16: =IF(D16="",Lookups!$E$4,Lookups!$E$5) -> Hide un-named buildings (CTRL + Click) | G16: Please select | I16: FALSE | J16: FALSE | K16: FALSE | L16: FALSE | T16: FALSE | AA16: FALSE | AH16: =SUM(S16,IF(Z16>0,Z16,0),IF(AG16>0,AG16,0)) -> 0 | AI16: =SUM(P16,W16,AD16) -> 0 | AJ16: =IFERROR(Q16*_xlfn.XLOOKUP(N16,Calculation_factors!$H$6:$H$13,Calculation_factors!$I$6:$I$13),)+IFERROR(X16*_xlfn.XLOOKUP(V16,Calculation_factors!$H$6:$H$13,Calculation_factors!$I$6:$I$13),0)+IFERROR(AE16*_xlfn.XLOOKUP(AC16,Calculation_factors!$H$6:$H$13,Calculation_factors!$I$6:$I$13),0) -> 0 | AK16: =IFERROR(Q16*_xlfn.XLOOKUP(N16,Calculation_factors!$E$6:$E$13,Calculation_factors!$F$6:$F$13),)+IFERROR(X16*_xlfn.XLOOKUP(V16,Calculation_factors!$E$6:$E$13,Calculation_factors!$F$6:$F$13),0)+IFERROR(AE16*_xlfn.XLOOKUP(AC16,Calculation_factors!$E$6:$E$13,Calculation_factors!$F$6:$F$13),0) -> 0
A17: =IF(D17="",Lookups!$E$4,Lookups!$E$5) -> Hide un-named buildings (CTRL + Click) | G17: Please select | I17: FALSE | J17: FALSE | K17: FALSE | L17: FALSE | T17: FALSE | AA17: FALSE | AH17: =SUM(S17,IF(Z17>0,Z17,0),IF(AG17>0,AG17,0)) -> 0 | AI17: =SUM(P17,W17,AD17) -> 0 | AJ17: =IFERROR(Q17*_xlfn.XLOOKUP(N17,Calculation_factors!$H$6:$H$13,Calculation_factors!$I$6:$I$13),)+IFERROR(X17*_xlfn.XLOOKUP(V17,Calculation_factors!$H$6:$H$13,Calculation_factors!$I$6:$I$13),0)+IFERROR(AE17*_xlfn.XLOOKUP(AC17,Calculation_factors!$H$6:$H$13,Calculation_factors!$I$6:$I$13),0) -> 0 | AK17: =IFERROR(Q17*_xlfn.XLOOKUP(N17,Calculation_factors!$E$6:$E$13,Calculation_factors!$F$6:$F$13),)+IFERROR(X17*_xlfn.XLOOKUP(V17,Calculation_factors!$E$6:$E$13,Calculation_factors!$F$6:$F$13),0)+IFERROR(AE17*_xlfn.XLOOKUP(AC17,Calculation_factors!$E$6:$E$13,Calculation_factors!$F$6:$F$13),0) -> 0
A18: =IF(D18="",Lookups!$E$4,Lookups!$E$5) -> Hide un-named buildings (CTRL + Click) | G18: Please select | I18: FALSE | J18: FALSE | K18: FALSE | L18: FALSE | T18: FALSE | AA18: FALSE | AH18: =SUM(S18,IF(Z18>0,Z18,0),IF(AG18>0,AG18,0)) -> 0 | AI18: =SUM(P18,W18,AD18) -> 0 | AJ18: =IFERROR(Q18*_xlfn.XLOOKUP(N18,Calculation_factors!$H$6:$H$13,Calculation_factors!$I$6:$I$13),)+IFERROR(X18*_xlfn.XLOOKUP(V18,Calculation_factors!$H$6:$H$13,Calculation_factors!$I$6:$I$13),0)+IFERROR(AE18*_xlfn.XLOOKUP(AC18,Calculation_factors!$H$6:$H$13,Calculation_factors!$I$6:$I$13),0) -> 0 | AK18: =IFERROR(Q18*_xlfn.XLOOKUP(N18,Calculation_factors!$E$6:$E$13,Calculation_factors!$F$6:$F$13),)+IFERROR(X18*_xlfn.XLOOKUP(V18,Calculation_factors!$E$6:$E$13,Calculation_factors!$F$6:$F$13),0)+IFERROR(AE18*_xlfn.XLOOKUP(AC18,Calculation_factors!$E$6:$E$13,Calculation_factors!$F$6:$F$13),0) -> 0
A19: Keep selected (Cntrl + click)
A20: Keep selected (Cntrl + click)
A21: Keep selected (Cntrl + click) | D21: 2.2 Design temperatures, enabling measures, controls, and fabric upgrades
A22: Keep selected (Cntrl + click)
A23: Keep selected (Cntrl + click) | E23: Flow temperatures | I23: Enabling measures - heat emitters, heat infrastructure, and controls | Q23: Enabling measures - fabric improvement | W23: Summary Totals
A24: Keep selected (Cntrl + click) | D24: Building Name | E24: Existing space heating flow temperature (oC) | F24: Existing domestic hot water temperature (oC) | G24: Proposed space heating flow temperature (oC) | H24: Proposed domestic hot water temperature (oC) | I24: Are you replacing radiators? | J24: Are you replacing air handling unit (AHU) heating coils? | K24: Are you upgrading the heating circuit pipework? | L24: Design approach for heat zoning controls? | M24: Design approach for heat storage ? | N24: Are building management system (BMS) upgrades included in the project? | O24: Is weather compensation control included in the project? | P24: Heat savings from enabling / control measures? (kWh/year) Insert negative if expecting a increase in heat | Q24: Are you installing loft insulation? | R24: Are you installing cavity wall insulation (where suitable)? | S24: Are you installing external cladding insulation (where suitable)? | T24: Are you draught proofing windows/doors? | U24: Are you replacing windows as part of the project | V24: Expected heat savings from fabric measures? (kWh/year) | W24: Total heat savings enabling measures (kWh/year) | X24: Total heat to be served by proposed low carbon heat system
A25: =IF(D25="",Lookups!$E$4,Lookups!$E$5) -> Hide un-named buildings (CTRL + Click) | D25: =IF(D9<>"",D9,"") | I25: FALSE | J25: FALSE | K25: FALSE | L25: Please select | M25: Please select | N25: FALSE | O25: FALSE | Q25: FALSE | R25: FALSE | S25: FALSE | T25: FALSE | U25: FALSE | W25: =P25+V25 -> 0 | X25: =AH9-W25 -> 0 | Y25: Scroll down for the next section
A26: =IF(D26="",Lookups!$E$4,Lookups!$E$5) -> Hide un-named buildings (CTRL + Click) | D26: =IF(D10<>"",D10,"") | I26: FALSE | J26: FALSE | K26: FALSE | L26: Please select | M26: Please select | N26: FALSE | O26: FALSE | Q26: FALSE | R26: FALSE | S26: FALSE | T26: FALSE | U26: FALSE | W26: =P26+V26 -> 0 | X26: =AH10-W26 -> 0 | Y26: ↓
A27: =IF(D27="",Lookups!$E$4,Lookups!$E$5) -> Hide un-named buildings (CTRL + Click) | D27: =IF(D11<>"",D11,"") | I27: FALSE | J27: FALSE | K27: FALSE | L27: Please select | M27: Please select | N27: FALSE | O27: FALSE | Q27: FALSE | R27: FALSE | S27: FALSE | T27: FALSE | U27: FALSE | W27: =P27+V27 -> 0 | X27: =AH11-W27 -> 0 | Y27: ↙
A28: =IF(D28="",Lookups!$E$4,Lookups!$E$5) -> Hide un-named buildings (CTRL + Click) | D28: =IF(D12<>"",D12,"") | I28: FALSE | J28: FALSE | K28: FALSE | L28: Please select | M28: Please select | N28: FALSE | O28: FALSE | Q28: FALSE | R28: FALSE | S28: FALSE | T28: FALSE | U28: FALSE | W28: =P28+V28 -> 0 | X28: =AH12-W28 -> 0
A29: =IF(D29="",Lookups!$E$4,Lookups!$E$5) -> Hide un-named buildings (CTRL + Click) | D29: =IF(D13<>"",D13,"") | I29: FALSE | J29: FALSE | K29: FALSE | L29: Please select | M29: Please select | N29: FALSE | O29: FALSE | Q29: FALSE | R29: FALSE | S29: FALSE | T29: FALSE | U29: FALSE | W29: =P29+V29 -> 0 | X29: =AH13-W29 -> 0
A30: =IF(D30="",Lookups!$E$4,Lookups!$E$5) -> Hide un-named buildings (CTRL + Click) | D30: =IF(D14<>"",D14,"") | I30: FALSE | J30: FALSE | K30: FALSE | L30: Please select | M30: Please select | N30: FALSE | O30: FALSE | Q30: FALSE | R30: FALSE | S30: FALSE | T30: FALSE | U30: FALSE | W30: =P30+V30 -> 0 | X30: =AH14-W30 -> 0
A31: =IF(D31="",Lookups!$E$4,Lookups!$E$5) -> Hide un-named buildings (CTRL + Click) | D31: =IF(D15<>"",D15,"") | I31: FALSE | J31: FALSE | K31: FALSE | L31: Please select | M31: Please select | N31: FALSE | O31: FALSE | Q31: FALSE | R31: FALSE | S31: FALSE | T31: FALSE | U31: FALSE | W31: =P31+V31 -> 0 | X31: =AH15-W31 -> 0
A32: =IF(D32="",Lookups!$E$4,Lookups!$E$5) -> Hide un-named buildings (CTRL + Click) | D32: =IF(D16<>"",D16,"") | I32: FALSE | J32: FALSE | K32: FALSE | L32: Please select | M32: Please select | N32: FALSE | O32: FALSE | Q32: FALSE | R32: FALSE | S32: FALSE | T32: FALSE | U32: FALSE | W32: =P32+V32 -> 0 | X32: =AH16-W32 -> 0
A33: =IF(D33="",Lookups!$E$4,Lookups!$E$5) -> Hide un-named buildings (CTRL + Click) | D33: =IF(D17<>"",D17,"") | I33: FALSE | J33: FALSE | K33: FALSE | L33: Please select | M33: Please select | N33: FALSE | O33: FALSE | Q33: FALSE | R33: FALSE | S33: FALSE | T33: FALSE | U33: FALSE | W33: =P33+V33 -> 0 | X33: =AH17-W33 -> 0
A34: =IF(D34="",Lookups!$E$4,Lookups!$E$5) -> Hide un-named buildings (CTRL + Click) | D34: =IF(D18<>"",D18,"") | I34: FALSE | J34: FALSE | K34: FALSE | L34: Please select | M34: Please select | N34: FALSE | O34: FALSE | Q34: FALSE | R34: FALSE | S34: FALSE | T34: FALSE | U34: FALSE | W34: =P34+V34 -> 0 | X34: =AH18-W34 -> 0
A35: Keep selected (Cntrl + click)
A36: Keep selected (Cntrl + click) | D36: 2.3 Proposed low carbon heat solution
A37: Keep selected (Cntrl + click)
A38: Keep selected (Cntrl + click) | E38: PROPOSED - Main low carbon heat generation | K38: PROPOSED - Secondary heat generation (if required) | R38: PROPOSED - Further heat generation (e.g., local point of use, kitchen use etc.) (if required) | Y38: Total Proposed | AD38: Metrics & Checks
A39: Keep selected (Cntrl + click) | D39: Building Name | E39: Primary low carbon heat generation technology type | F39: Fuel Type | G39: Capacity installed (kW heat) | H39: Energy use input (kWh/year) | I39: Heat output (kWh/year) | J39: Expected Seasonal Coefficient of Performance (efficiency) | K39: Secondary proposed low carbon heat generation input required? | L39: Heat generation technology type | M39: Fuel Type | N39: Capacity installed (kW heat) | O39: Energy use input (kWh/year) | P39: Heat output (kWh/year) | Q39: Expected Seasonal Coefficient of Performance / Efficiency | R39: Further proposed low carbon heat generation input required? | S39: Heat generation technology type | T39: Fuel Type | U39: Capacity installed (kW heat) | V39: Energy use input (kWh/year) | W39: Heat output (kWh/year) | X39: Expected Seasonal Coefficient of Performance / Efficiency | Y39: Summary of heat production (kWh per year) | Z39: Installed capacity of heat generation (kW) | AA39: Carbon Emissions (kgCO2e/year) | AB39: Lifetime Carbon Emissions (kg CO2e) | AD39: Percentage of proposed heat production compared to existing heat demand minus enabling/fabric savings (kWh/year) | AE39: Percentage of Proposed heat capacity compared to existing heat capacity (kW) | AF39: Carbon Emissions (kgCO2e/year) [reduction] | AG39: Lifetime Carbon Emissions (kgCO2e) [reduction] | AH39: Percentage of proposed heat served by main heat generation (%) | AI39: Percentage of proposed heat served by secondary heat generation (%) | AJ39: Percentage of proposed heat served by further heat generation (%) | AK39: CO2e Emissions per kWh heat (gCO2e/kWh) | AL39: £ CAPEX per CO2 emissions saved (£/tCO2e) | AM39: Weighted average SCOP | AN39: Proposed heat demand served per floor area (kWh heat / m2) | AO39: Proposed installed capacity per floor area (kW / m2)
A40: =IF(D40="",Lookups!$E$4,Lookups!$E$5) -> Hide un-named buildings (CTRL + Click) | D40: =IF(D9<>"",D9,"") | J40: =IFERROR(I40/H40,"") | K40: FALSE | Q40: =IFERROR(P40/O40,"") | R40: FALSE | X40: =IFERROR(W40/V40,"") | Y40: =SUM(I40,IF(P40>0,P40,0),IF(W40>0,W40,0)) -> 0 | Z40: =SUM(G40,N40,U40) -> 0 | AA40: =IFERROR(H40*_xlfn.XLOOKUP(F40,Calculation_factors!$H$6:$H$13,Calculation_factors!$I$6:$I$13),)+IFERROR(O40*_xlfn.XLOOKUP(M40,Calculation_factors!$H$6:$H$13,Calculation_factors!$I$6:$I$13),)+IFERROR(V40*_xlfn.XLOOKUP(T40,Calculation_factors!$H$6:$H$13,Calculation_factors!$I$6:$I$13),) -> 0 | AB40: =IFERROR(H40*_xlfn.XLOOKUP(F40,Calculation_factors!$E$6:$E$13,Calculation_factors!$F$6:$F$13),0)+IFERROR(O40*_xlfn.XLOOKUP(M40,Calculation_factors!$E$6:$E$13,Calculation_factors!$F$6:$F$13),)+IFERROR(V40*_xlfn.XLOOKUP(T40,Calculation_factors!$E$6:$E$13,Calculation_factors!$F$6:$F$13),) -> 0 | AD40: =IFERROR(Y40/X25,"") | AE40: =IFERROR(Z40/AI9,"") | AF40: =IFERROR(AJ9-AA40,"") -> 0 | AG40: =IFERROR(AK9-AB40,"") -> 0 | AH40: =IFERROR(I40/Y40,0) -> 0 | AI40: =IFERROR(P40/Y40,0) -> 0 | AJ40: =IFERROR(W40/Y40,0) -> 0 | AK40: =IFERROR(AA40*1000/Y40,"") | AL40: =IFERROR('4. Financial Detail'!L9/(AG40/1000),"") | AM40: =AH40*IF(J40="",0,J40) + AI40*IF(Q40="",0,Q40) + AJ40*IF(X40="",0,X40) -> 0 | AN40: =IFERROR(Y40/H9,"") | AO40: =IFERROR(Z40/H9,"")
A41: =IF(D41="",Lookups!$E$4,Lookups!$E$5) -> Hide un-named buildings (CTRL + Click) | D41: =IF(D10<>"",D10,"") | J41: =IFERROR(I41/H41,"") | K41: FALSE | Q41: =IFERROR(P41/O41,"") | R41: FALSE | X41: =IFERROR(W41/V41,"") | Y41: =SUM(I41,IF(P41>0,P41,0),IF(W41>0,W41,0)) -> 0 | Z41: =SUM(G41,N41,U41) -> 0 | AA41: =IFERROR(H41*_xlfn.XLOOKUP(F41,Calculation_factors!$H$6:$H$13,Calculation_factors!$I$6:$I$13),)+IFERROR(O41*_xlfn.XLOOKUP(M41,Calculation_factors!$H$6:$H$13,Calculation_factors!$I$6:$I$13),)+IFERROR(V41*_xlfn.XLOOKUP(T41,Calculation_factors!$H$6:$H$13,Calculation_factors!$I$6:$I$13),) -> 0 | AB41: =IFERROR(H41*_xlfn.XLOOKUP(F41,Calculation_factors!$E$6:$E$13,Calculation_factors!$F$6:$F$13),0)+IFERROR(O41*_xlfn.XLOOKUP(M41,Calculation_factors!$E$6:$E$13,Calculation_factors!$F$6:$F$13),)+IFERROR(V41*_xlfn.XLOOKUP(T41,Calculation_factors!$E$6:$E$13,Calculation_factors!$F$6:$F$13),) -> 0 | AD41: =IFERROR(Y41/X26,"") | AE41: =IFERROR(Z41/AI10,"") | AF41: =IFERROR(AJ10-AA41,"") -> 0 | AG41: =IFERROR(AK10-AB41,"") -> 0 | AH41: =IFERROR(I41/Y41,0) -> 0 | AI41: =IFERROR(P41/Y41,0) -> 0 | AJ41: =IFERROR(W41/Y41,0) -> 0 | AK41: =IFERROR(AA41*1000/Y41,"") | AL41: =IFERROR('4. Financial Detail'!L10/(AG41/1000),"") | AM41: =AH41*IF(J41="",0,J41) + AI41*IF(Q41="",0,Q41) + AJ41*IF(X41="",0,X41) -> 0 | AN41: =IFERROR(Y41/H10,"") | AO41: =IFERROR(Z41/H10,"")
A42: =IF(D42="",Lookups!$E$4,Lookups!$E$5) -> Hide un-named buildings (CTRL + Click) | D42: =IF(D11<>"",D11,"") | J42: =IFERROR(I42/H42,"") | K42: FALSE | Q42: =IFERROR(P42/O42,"") | R42: FALSE | X42: =IFERROR(W42/V42,"") | Y42: =SUM(I42,IF(P42>0,P42,0),IF(W42>0,W42,0)) -> 0 | Z42: =SUM(G42,N42,U42) -> 0 | AA42: =IFERROR(H42*_xlfn.XLOOKUP(F42,Calculation_factors!$H$6:$H$13,Calculation_factors!$I$6:$I$13),)+IFERROR(O42*_xlfn.XLOOKUP(M42,Calculation_factors!$H$6:$H$13,Calculation_factors!$I$6:$I$13),)+IFERROR(V42*_xlfn.XLOOKUP(T42,Calculation_factors!$H$6:$H$13,Calculation_factors!$I$6:$I$13),) -> 0 | AB42: =IFERROR(H42*_xlfn.XLOOKUP(F42,Calculation_factors!$E$6:$E$13,Calculation_factors!$F$6:$F$13),0)+IFERROR(O42*_xlfn.XLOOKUP(M42,Calculation_factors!$E$6:$E$13,Calculation_factors!$F$6:$F$13),)+IFERROR(V42*_xlfn.XLOOKUP(T42,Calculation_factors!$E$6:$E$13,Calculation_factors!$F$6:$F$13),) -> 0 | AD42: =IFERROR(Y42/X27,"") | AE42: =IFERROR(Z42/AI11,"") | AF42: =IFERROR(AJ11-AA42,"") -> 0 | AG42: =IFERROR(AK11-AB42,"") -> 0 | AH42: =IFERROR(I42/Y42,0) -> 0 | AI42: =IFERROR(P42/Y42,0) -> 0 | AJ42: =IFERROR(W42/Y42,0) -> 0 | AK42: =IFERROR(AA42*1000/Y42,"") | AL42: =IFERROR('4. Financial Detail'!L11/(AG42/1000),"") | AM42: =AH42*IF(J42="",0,J42) + AI42*IF(Q42="",0,Q42) + AJ42*IF(X42="",0,X42) -> 0 | AN42: =IFERROR(Y42/H11,"") | AO42: =IFERROR(Z42/H11,"")
A43: =IF(D43="",Lookups!$E$4,Lookups!$E$5) -> Hide un-named buildings (CTRL + Click) | D43: =IF(D12<>"",D12,"") | J43: =IFERROR(I43/H43,"") | K43: FALSE | Q43: =IFERROR(P43/O43,"") | R43: FALSE | X43: =IFERROR(W43/V43,"") | Y43: =SUM(I43,IF(P43>0,P43,0),IF(W43>0,W43,0)) -> 0 | Z43: =SUM(G43,N43,U43) -> 0 | AA43: =IFERROR(H43*_xlfn.XLOOKUP(F43,Calculation_factors!$H$6:$H$13,Calculation_factors!$I$6:$I$13),)+IFERROR(O43*_xlfn.XLOOKUP(M43,Calculation_factors!$H$6:$H$13,Calculation_factors!$I$6:$I$13),)+IFERROR(V43*_xlfn.XLOOKUP(T43,Calculation_factors!$H$6:$H$13,Calculation_factors!$I$6:$I$13),) -> 0 | AB43: =IFERROR(H43*_xlfn.XLOOKUP(F43,Calculation_factors!$E$6:$E$13,Calculation_factors!$F$6:$F$13),0)+IFERROR(O43*_xlfn.XLOOKUP(M43,Calculation_factors!$E$6:$E$13,Calculation_factors!$F$6:$F$13),)+IFERROR(V43*_xlfn.XLOOKUP(T43,Calculation_factors!$E$6:$E$13,Calculation_factors!$F$6:$F$13),) -> 0 | AD43: =IFERROR(Y43/X28,"") | AE43: =IFERROR(Z43/AI12,"") | AF43: =IFERROR(AJ12-AA43,"") -> 0 | AG43: =IFERROR(AK12-AB43,"") -> 0 | AH43: =IFERROR(I43/Y43,0) -> 0 | AI43: =IFERROR(P43/Y43,0) -> 0 | AJ43: =IFERROR(W43/Y43,0) -> 0 | AK43: =IFERROR(AA43*1000/Y43,"") | AL43: =IFERROR('4. Financial Detail'!L12/(AG43/1000),"") | AM43: =AH43*IF(J43="",0,J43) + AI43*IF(Q43="",0,Q43) + AJ43*IF(X43="",0,X43) -> 0 | AN43: =IFERROR(Y43/H12,"") | AO43: =IFERROR(Z43/H12,"")
A44: =IF(D44="",Lookups!$E$4,Lookups!$E$5) -> Hide un-named buildings (CTRL + Click) | D44: =IF(D13<>"",D13,"") | J44: =IFERROR(I44/H44,"") | K44: FALSE | Q44: =IFERROR(P44/O44,"") | R44: FALSE | X44: =IFERROR(W44/V44,"") | Y44: =SUM(I44,IF(P44>0,P44,0),IF(W44>0,W44,0)) -> 0 | Z44: =SUM(G44,N44,U44) -> 0 | AA44: =IFERROR(H44*_xlfn.XLOOKUP(F44,Calculation_factors!$H$6:$H$13,Calculation_factors!$I$6:$I$13),)+IFERROR(O44*_xlfn.XLOOKUP(M44,Calculation_factors!$H$6:$H$13,Calculation_factors!$I$6:$I$13),)+IFERROR(V44*_xlfn.XLOOKUP(T44,Calculation_factors!$H$6:$H$13,Calculation_factors!$I$6:$I$13),) -> 0 | AB44: =IFERROR(H44*_xlfn.XLOOKUP(F44,Calculation_factors!$E$6:$E$13,Calculation_factors!$F$6:$F$13),0)+IFERROR(O44*_xlfn.XLOOKUP(M44,Calculation_factors!$E$6:$E$13,Calculation_factors!$F$6:$F$13),)+IFERROR(V44*_xlfn.XLOOKUP(T44,Calculation_factors!$E$6:$E$13,Calculation_factors!$F$6:$F$13),) -> 0 | AD44: =IFERROR(Y44/X29,"") | AE44: =IFERROR(Z44/AI13,"") | AF44: =IFERROR(AJ13-AA44,"") -> 0 | AG44: =IFERROR(AK13-AB44,"") -> 0 | AH44: =IFERROR(I44/Y44,0) -> 0 | AI44: =IFERROR(P44/Y44,0) -> 0 | AJ44: =IFERROR(W44/Y44,0) -> 0 | AK44: =IFERROR(AA44*1000/Y44,"") | AL44: =IFERROR('4. Financial Detail'!L13/(AG44/1000),"") | AM44: =AH44*IF(J44="",0,J44) + AI44*IF(Q44="",0,Q44) + AJ44*IF(X44="",0,X44) -> 0 | AN44: =IFERROR(Y44/H13,"") | AO44: =IFERROR(Z44/H13,"")
A45: =IF(D45="",Lookups!$E$4,Lookups!$E$5) -> Hide un-named buildings (CTRL + Click) | D45: =IF(D14<>"",D14,"") | J45: =IFERROR(I45/H45,"") | K45: FALSE | Q45: =IFERROR(P45/O45,"") | R45: FALSE | X45: =IFERROR(W45/V45,"") | Y45: =SUM(I45,IF(P45>0,P45,0),IF(W45>0,W45,0)) -> 0 | Z45: =SUM(G45,N45,U45) -> 0 | AA45: =IFERROR(H45*_xlfn.XLOOKUP(F45,Calculation_factors!$H$6:$H$13,Calculation_factors!$I$6:$I$13),)+IFERROR(O45*_xlfn.XLOOKUP(M45,Calculation_factors!$H$6:$H$13,Calculation_factors!$I$6:$I$13),)+IFERROR(V45*_xlfn.XLOOKUP(T45,Calculation_factors!$H$6:$H$13,Calculation_factors!$I$6:$I$13),) -> 0 | AB45: =IFERROR(H45*_xlfn.XLOOKUP(F45,Calculation_factors!$E$6:$E$13,Calculation_factors!$F$6:$F$13),0)+IFERROR(O45*_xlfn.XLOOKUP(M45,Calculation_factors!$E$6:$E$13,Calculation_factors!$F$6:$F$13),)+IFERROR(V45*_xlfn.XLOOKUP(T45,Calculation_factors!$E$6:$E$13,Calculation_factors!$F$6:$F$13),) -> 0 | AD45: =IFERROR(Y45/X30,"") | AE45: =IFERROR(Z45/AI14,"") | AF45: =IFERROR(AJ14-AA45,"") -> 0 | AG45: =IFERROR(AK14-AB45,"") -> 0 | AH45: =IFERROR(I45/Y45,0) -> 0 | AI45: =IFERROR(P45/Y45,0) -> 0 | AJ45: =IFERROR(W45/Y45,0) -> 0 | AK45: =IFERROR(AA45*1000/Y45,"") | AL45: =IFERROR('4. Financial Detail'!L14/(AG45/1000),"") | AM45: =AH45*IF(J45="",0,J45) + AI45*IF(Q45="",0,Q45) + AJ45*IF(X45="",0,X45) -> 0 | AN45: =IFERROR(Y45/H14,"") | AO45: =IFERROR(Z45/H14,"")
A46: =IF(D46="",Lookups!$E$4,Lookups!$E$5) -> Hide un-named buildings (CTRL + Click) | D46: =IF(D15<>"",D15,"") | J46: =IFERROR(I46/H46,"") | K46: FALSE | Q46: =IFERROR(P46/O46,"") | R46: FALSE | X46: =IFERROR(W46/V46,"") | Y46: =SUM(I46,IF(P46>0,P46,0),IF(W46>0,W46,0)) -> 0 | Z46: =SUM(G46,N46,U46) -> 0 | AA46: =IFERROR(H46*_xlfn.XLOOKUP(F46,Calculation_factors!$H$6:$H$13,Calculation_factors!$I$6:$I$13),)+IFERROR(O46*_xlfn.XLOOKUP(M46,Calculation_factors!$H$6:$H$13,Calculation_factors!$I$6:$I$13),)+IFERROR(V46*_xlfn.XLOOKUP(T46,Calculation_factors!$H$6:$H$13,Calculation_factors!$I$6:$I$13),) -> 0 | AB46: =IFERROR(H46*_xlfn.XLOOKUP(F46,Calculation_factors!$E$6:$E$13,Calculation_factors!$F$6:$F$13),0)+IFERROR(O46*_xlfn.XLOOKUP(M46,Calculation_factors!$E$6:$E$13,Calculation_factors!$F$6:$F$13),)+IFERROR(V46*_xlfn.XLOOKUP(T46,Calculation_factors!$E$6:$E$13,Calculation_factors!$F$6:$F$13),) -> 0 | AD46: =IFERROR(Y46/X31,"") | AE46: =IFERROR(Z46/AI15,"") | AF46: =IFERROR(AJ15-AA46,"") -> 0 | AG46: =IFERROR(AK15-AB46,"") -> 0 | AH46: =IFERROR(I46/Y46,0) -> 0 | AI46: =IFERROR(P46/Y46,0) -> 0 | AJ46: =IFERROR(W46/Y46,0) -> 0 | AK46: =IFERROR(AA46*1000/Y46,"") | AL46: =IFERROR('4. Financial Detail'!L15/(AG46/1000),"") | AM46: =AH46*IF(J46="",0,J46) + AI46*IF(Q46="",0,Q46) + AJ46*IF(X46="",0,X46) -> 0 | AN46: =IFERROR(Y46/H15,"") | AO46: =IFERROR(Z46/H15,"")
A47: =IF(D47="",Lookups!$E$4,Lookups!$E$5) -> Hide un-named buildings (CTRL + Click) | D47: =IF(D16<>"",D16,"") | J47: =IFERROR(I47/H47,"") | K47: FALSE | Q47: =IFERROR(P47/O47,"") | R47: FALSE | X47: =IFERROR(W47/V47,"") | Y47: =SUM(I47,IF(P47>0,P47,0),IF(W47>0,W47,0)) -> 0 | Z47: =SUM(G47,N47,U47) -> 0 | AA47: =IFERROR(H47*_xlfn.XLOOKUP(F47,Calculation_factors!$H$6:$H$13,Calculation_factors!$I$6:$I$13),)+IFERROR(O47*_xlfn.XLOOKUP(M47,Calculation_factors!$H$6:$H$13,Calculation_factors!$I$6:$I$13),)+IFERROR(V47*_xlfn.XLOOKUP(T47,Calculation_factors!$H$6:$H$13,Calculation_factors!$I$6:$I$13),) -> 0 | AB47: =IFERROR(H47*_xlfn.XLOOKUP(F47,Calculation_factors!$E$6:$E$13,Calculation_factors!$F$6:$F$13),0)+IFERROR(O47*_xlfn.XLOOKUP(M47,Calculation_factors!$E$6:$E$13,Calculation_factors!$F$6:$F$13),)+IFERROR(V47*_xlfn.XLOOKUP(T47,Calculation_factors!$E$6:$E$13,Calculation_factors!$F$6:$F$13),) -> 0 | AD47: =IFERROR(Y47/X32,"") | AE47: =IFERROR(Z47/AI16,"") | AF47: =IFERROR(AJ16-AA47,"") -> 0 | AG47: =IFERROR(AK16-AB47,"") -> 0 | AH47: =IFERROR(I47/Y47,0) -> 0 | AI47: =IFERROR(P47/Y47,0) -> 0 | AJ47: =IFERROR(W47/Y47,0) -> 0 | AK47: =IFERROR(AA47*1000/Y47,"") | AL47: =IFERROR('4. Financial Detail'!L16/(AG47/1000),"") | AM47: =AH47*IF(J47="",0,J47) + AI47*IF(Q47="",0,Q47) + AJ47*IF(X47="",0,X47) -> 0 | AN47: =IFERROR(Y47/H16,"") | AO47: =IFERROR(Z47/H16,"")
A48: =IF(D48="",Lookups!$E$4,Lookups!$E$5) -> Hide un-named buildings (CTRL + Click) | D48: =IF(D17<>"",D17,"") | J48: =IFERROR(I48/H48,"") | K48: FALSE | Q48: =IFERROR(P48/O48,"") | R48: FALSE | X48: =IFERROR(W48/V48,"") | Y48: =SUM(I48,IF(P48>0,P48,0),IF(W48>0,W48,0)) -> 0 | Z48: =SUM(G48,N48,U48) -> 0 | AA48: =IFERROR(H48*_xlfn.XLOOKUP(F48,Calculation_factors!$H$6:$H$13,Calculation_factors!$I$6:$I$13),)+IFERROR(O48*_xlfn.XLOOKUP(M48,Calculation_factors!$H$6:$H$13,Calculation_factors!$I$6:$I$13),)+IFERROR(V48*_xlfn.XLOOKUP(T48,Calculation_factors!$H$6:$H$13,Calculation_factors!$I$6:$I$13),) -> 0 | AB48: =IFERROR(H48*_xlfn.XLOOKUP(F48,Calculation_factors!$E$6:$E$13,Calculation_factors!$F$6:$F$13),0)+IFERROR(O48*_xlfn.XLOOKUP(M48,Calculation_factors!$E$6:$E$13,Calculation_factors!$F$6:$F$13),)+IFERROR(V48*_xlfn.XLOOKUP(T48,Calculation_factors!$E$6:$E$13,Calculation_factors!$F$6:$F$13),) -> 0 | AD48: =IFERROR(Y48/X33,"") | AE48: =IFERROR(Z48/AI17,"") | AF48: =IFERROR(AJ17-AA48,"") -> 0 | AG48: =IFERROR(AK17-AB48,"") -> 0 | AH48: =IFERROR(I48/Y48,0) -> 0 | AI48: =IFERROR(P48/Y48,0) -> 0 | AJ48: =IFERROR(W48/Y48,0) -> 0 | AK48: =IFERROR(AA48*1000/Y48,"") | AL48: =IFERROR('4. Financial Detail'!L17/(AG48/1000),"") | AM48: =AH48*IF(J48="",0,J48) + AI48*IF(Q48="",0,Q48) + AJ48*IF(X48="",0,X48) -> 0 | AN48: =IFERROR(Y48/H17,"") | AO48: =IFERROR(Z48/H17,"")
A49: =IF(D49="",Lookups!$E$4,Lookups!$E$5) -> Hide un-named buildings (CTRL + Click) | D49: =IF(D18<>"",D18,"") | J49: =IFERROR(I49/H49,"") | K49: FALSE | Q49: =IFERROR(P49/O49,"") | R49: FALSE | X49: =IFERROR(W49/V49,"") | Y49: =SUM(I49,IF(P49>0,P49,0),IF(W49>0,W49,0)) -> 0 | Z49: =SUM(G49,N49,U49) -> 0 | AA49: =IFERROR(H49*_xlfn.XLOOKUP(F49,Calculation_factors!$H$6:$H$13,Calculation_factors!$I$6:$I$13),)+IFERROR(O49*_xlfn.XLOOKUP(M49,Calculation_factors!$H$6:$H$13,Calculation_factors!$I$6:$I$13),)+IFERROR(V49*_xlfn.XLOOKUP(T49,Calculation_factors!$H$6:$H$13,Calculation_factors!$I$6:$I$13),) -> 0 | AB49: =IFERROR(H49*_xlfn.XLOOKUP(F49,Calculation_factors!$E$6:$E$13,Calculation_factors!$F$6:$F$13),0)+IFERROR(O49*_xlfn.XLOOKUP(M49,Calculation_factors!$E$6:$E$13,Calculation_factors!$F$6:$F$13),)+IFERROR(V49*_xlfn.XLOOKUP(T49,Calculation_factors!$E$6:$E$13,Calculation_factors!$F$6:$F$13),) -> 0 | AD49: =IFERROR(Y49/X34,"") | AE49: =IFERROR(Z49/AI18,"") | AF49: =IFERROR(AJ18-AA49,"") -> 0 | AG49: =IFERROR(AK18-AB49,"") -> 0 | AH49: =IFERROR(I49/Y49,0) -> 0 | AI49: =IFERROR(P49/Y49,0) -> 0 | AJ49: =IFERROR(W49/Y49,0) -> 0 | AK49: =IFERROR(AA49*1000/Y49,"") | AL49: =IFERROR('4. Financial Detail'!L18/(AG49/1000),"") | AM49: =AH49*IF(J49="",0,J49) + AI49*IF(Q49="",0,Q49) + AJ49*IF(X49="",0,X49) -> 0 | AN49: =IFERROR(Y49/H18,"") | AO49: =IFERROR(Z49/H18,"")
D51: end of sheet

Sheet 3. Deliverability Details
D2: 3. Deliverability Details
F3: Filter button to hide unused rows (i.e. un-named buildings) > >
D5: 3.1 Design, planning, contracting and operational details
E7: Design & Planning | I7: Procurement and contracting | O7: Operation & performance
A8: hider | D8: Building Name | E8: Please indicate the project position on designs | F8: Please indicate the project position on planning permission | G8: Please indicate the project position on supplier costs | H8: Please indicate the project position on DNO upgrades / engagement | I8: Principal contractor: approach | J8: Principal contractor: status | K8: Equipment supply status | L8: Install subcontractors status | M8: DNO upgrade / grid connection status | N8: Client Engineer: status | O8: O&M contractor approach | P8: Performance Management Plan in place? | Q8: Performance management includes a Measurement & Verification (M&V) Plan to IPMVP | R8: Will all heat pump electricity and heat be metered with MID compliant meters, with future data available for sharing?
A9: =IF(D9="",Lookups!$E$4,Lookups!$E$5) -> Hide un-named buildings (CTRL + Click) | D9: =IF(ISBLANK('2. Technical Details'!D9),"",'2. Technical Details'!D9) | P9: FALSE | Q9: FALSE | R9: FALSE | S9: Scroll down for the next section
A10: =IF(D10="",Lookups!$E$4,Lookups!$E$5) -> Hide un-named buildings (CTRL + Click) | D10: =IF(ISBLANK('2. Technical Details'!D10),"",'2. Technical Details'!D10) | P10: FALSE | Q10: FALSE | R10: FALSE | S10: ↓
A11: =IF(D11="",Lookups!$E$4,Lookups!$E$5) -> Hide un-named buildings (CTRL + Click) | D11: =IF(ISBLANK('2. Technical Details'!D11),"",'2. Technical Details'!D11) | P11: FALSE | Q11: FALSE | R11: FALSE | S11: ↙
A12: =IF(D12="",Lookups!$E$4,Lookups!$E$5) -> Hide un-named buildings (CTRL + Click) | D12: =IF(ISBLANK('2. Technical Details'!D12),"",'2. Technical Details'!D12) | P12: FALSE | Q12: FALSE | R12: FALSE
A13: =IF(D13="",Lookups!$E$4,Lookups!$E$5) -> Hide un-named buildings (CTRL + Click) | D13: =IF(ISBLANK('2. Technical Details'!D13),"",'2. Technical Details'!D13) | P13: FALSE | Q13: FALSE | R13: FALSE
A14: =IF(D14="",Lookups!$E$4,Lookups!$E$5) -> Hide un-named buildings (CTRL + Click) | D14: =IF(ISBLANK('2. Technical Details'!D14),"",'2. Technical Details'!D14) | P14: FALSE | Q14: FALSE | R14: FALSE
A15: =IF(D15="",Lookups!$E$4,Lookups!$E$5) -> Hide un-named buildings (CTRL + Click) | D15: =IF(ISBLANK('2. Technical Details'!D15),"",'2. Technical Details'!D15) | P15: FALSE | Q15: FALSE | R15: FALSE
A16: =IF(D16="",Lookups!$E$4,Lookups!$E$5) -> Hide un-named buildings (CTRL + Click) | D16: =IF(ISBLANK('2. Technical Details'!D16),"",'2. Technical Details'!D16) | P16: FALSE | Q16: FALSE | R16: FALSE
A17: =IF(D17="",Lookups!$E$4,Lookups!$E$5) -> Hide un-named buildings (CTRL + Click) | D17: =IF(ISBLANK('2. Technical Details'!D17),"",'2. Technical Details'!D17) | P17: FALSE | Q17: FALSE | R17: FALSE
A18: =IF(D18="",Lookups!$E$4,Lookups!$E$5) -> Hide un-named buildings (CTRL + Click) | D18: =IF(ISBLANK('2. Technical Details'!D18),"",'2. Technical Details'!D18) | P18: FALSE | Q18: FALSE | R18: FALSE
A19: =Lookups!$E$5 -> Keep selected (CTRL + Click)
A20: =Lookups!$E$5 -> Keep selected (CTRL + Click)
A21: =Lookups!$E$5 -> Keep selected (CTRL + Click) | D21: 3.2 Timeline deliverability details
A22: =Lookups!$E$5 -> Keep selected (CTRL + Click)
A23: =Lookups!$E$5 -> Keep selected (CTRL + Click) | E23: Project Milestones
A24: =Lookups!$E$5 -> Keep selected (CTRL + Click) | D24: Building Name | E24: Tender closing for Principal Contractor date (if applicable) | F24: Principal Contractor - contract signed date | G24: Final designs in place (if not already) | H24: Equipment order date | I24: On-site works begin date | J24: Equipment installed onsite | K24: Completion and commissioning date
A25: =IF(D25="",Lookups!$E$4,Lookups!$E$5) -> Hide un-named buildings (CTRL + Click) | D25: =IF(ISBLANK('2. Technical Details'!D9),"",'2. Technical Details'!D9)
A26: =IF(D26="",Lookups!$E$4,Lookups!$E$5) -> Hide un-named buildings (CTRL + Click) | D26: =IF(ISBLANK('2. Technical Details'!D10),"",'2. Technical Details'!D10)
A27: =IF(D27="",Lookups!$E$4,Lookups!$E$5) -> Hide un-named buildings (CTRL + Click) | D27: =IF(ISBLANK('2. Technical Details'!D11),"",'2. Technical Details'!D11)
A28: =IF(D28="",Lookups!$E$4,Lookups!$E$5) -> Hide un-named buildings (CTRL + Click) | D28: =IF(ISBLANK('2. Technical Details'!D12),"",'2. Technical Details'!D12)
A29: =IF(D29="",Lookups!$E$4,Lookups!$E$5) -> Hide un-named buildings (CTRL + Click) | D29: =IF(ISBLANK('2. Technical Details'!D13),"",'2. Technical Details'!D13)
A30: =IF(D30="",Lookups!$E$4,Lookups!$E$5) -> Hide un-named buildings (CTRL + Click) | D30: =IF(ISBLANK('2. Technical Details'!D14),"",'2. Technical Details'!D14)
A31: =IF(D31="",Lookups!$E$4,Lookups!$E$5) -> Hide un-named buildings (CTRL + Click) | D31: =IF(ISBLANK('2. Technical Details'!D15),"",'2. Technical Details'!D15)
A32: =IF(D32="",Lookups!$E$4,Lookups!$E$5) -> Hide un-named buildings (CTRL + Click) | D32: =IF(ISBLANK('2. Technical Details'!D16),"",'2. Technical Details'!D16)
A33: =IF(D33="",Lookups!$E$4,Lookups!$E$5) -> Hide un-named buildings (CTRL + Click) | D33: =IF(ISBLANK('2. Technical Details'!D17),"",'2. Technical Details'!D17)
A34: =IF(D34="",Lookups!$E$4,Lookups!$E$5) -> Hide un-named buildings (CTRL + Click) | D34: =IF(ISBLANK('2. Technical Details'!D18),"",'2. Technical Details'!D18)
D36: end of sheet

Sheet 4. Financial Detail
D2: 4. Financial Detail
F3: Filter button to hide unused rows (i.e. un-named buildings) > >
D5: 4.1 Cost Breakdown
E7: Project cost breakdown (£) - costs should not include recoverable VAT (note: we expect all VAT to be recovered) | O7: Metrics & Checks
A8: hider | D8: Building | E8: Final design costs (£) | F8: Low carbon heat equipment (£) (main heat plant costs) | G8: Low carbon heat labour - install & commissioning (£) | H8: Enabling works - supply & install (£) (e.g. heat emitters or other work outside the heat plant) | I8: Fabric works - supply & install (£) | J8: DNO costs (£) | K8: Client Engineer, Project management, or other specialists (£) | L8: Total project costs exc. contingency, exc. VAT (£) Ensure this matches quote evidence | M8: Contingency costs estimated (Cannot be included in grant offer ) | O8: Final design costs % | P8: Low carbon heat equipment % | Q8: Low carbon heat labour % | R8: Enabling works - supply & install % | S8: Fabric works - supply & install % | T8: DNO costs % | U8: Client Engineer, Project management, or other specialists % | V8: £ / kW Equipment cost per capacity installed | W8: £ / kW Costs (exc. DNO and fabric) cost per capacity installed | X8: £ / tCO2e Total costs for carbon saving yr 1 | Y8: £ / tCO2e Total costs for carbon saving lifetime
A9: =IF(D9="",Lookups!$E$4,Lookups!$E$5) -> Hide un-named buildings (CTRL + Click) | D9: =IF(ISBLANK('2. Technical Details'!D9),"",'2. Technical Details'!D9) | L9: =SUM(E9:K9) -> 0 | O9: =IF($L9>0,IFERROR(E9/$L9,""),"") | P9: =IF($L9>0,IFERROR(F9/$L9,""),"") | Q9: =IF($L9>0,IFERROR(G9/$L9,""),"") | R9: =IF($L9>0,IFERROR(H9/$L9,""),"") | S9: =IF($L9>0,IFERROR(I9/$L9,""),"") | T9: =IF($L9>0,IFERROR(J9/$L9,""),"") | U9: =IF($L9>0,IFERROR(K9/$L9,""),"") | V9: =IFERROR(F9/'2. Technical Details'!Z40,"") | W9: =IFERROR(SUM(E9:H9,K9)/'2. Technical Details'!Z40,"") | X9: =IFERROR(L9/('2. Technical Details'!AF40*0.001),"") | Y9: =IFERROR(L9/('2. Technical Details'!AG40*0.001),"") | Z9: Scroll down for the next section
A10: =IF(D10="",Lookups!$E$4,Lookups!$E$5) -> Hide un-named buildings (CTRL + Click) | D10: =IF(ISBLANK('2. Technical Details'!D10),"",'2. Technical Details'!D10) | L10: =SUM(E10:K10) -> 0 | O10: =IF($L10>0,IFERROR(E10/$L10,""),"") | P10: =IF($L10>0,IFERROR(F10/$L10,""),"") | Q10: =IF($L10>0,IFERROR(G10/$L10,""),"") | R10: =IF($L10>0,IFERROR(H10/$L10,""),"") | S10: =IF($L10>0,IFERROR(I10/$L10,""),"") | T10: =IF($L10>0,IFERROR(J10/$L10,""),"") | U10: =IF($L10>0,IFERROR(K10/$L10,""),"") | V10: =IFERROR(F10/'2. Technical Details'!Z41,"") | W10: =IFERROR(SUM(E10:H10,K10)/'2. Technical Details'!Z41,"") | X10: =IFERROR(L10/('2. Technical Details'!AF41*0.001),"") | Y10: =IFERROR(L10/('2. Technical Details'!AG41*0.001),"") | Z10: ↓
A11: =IF(D11="",Lookups!$E$4,Lookups!$E$5) -> Hide un-named buildings (CTRL + Click) | D11: =IF(ISBLANK('2. Technical Details'!D11),"",'2. Technical Details'!D11) | L11: =SUM(E11:K11) -> 0 | O11: =IF($L11>0,IFERROR(E11/$L11,""),"") | P11: =IF($L11>0,IFERROR(F11/$L11,""),"") | Q11: =IF($L11>0,IFERROR(G11/$L11,""),"") | R11: =IF($L11>0,IFERROR(H11/$L11,""),"") | S11: =IF($L11>0,IFERROR(I11/$L11,""),"") | T11: =IF($L11>0,IFERROR(J11/$L11,""),"") | U11: =IF($L11>0,IFERROR(K11/$L11,""),"") | V11: =IFERROR(F11/'2. Technical Details'!Z42,"") | W11: =IFERROR(SUM(E11:H11,K11)/'2. Technical Details'!Z42,"") | X11: =IFERROR(L11/('2. Technical Details'!AF42*0.001),"") | Y11: =IFERROR(L11/('2. Technical Details'!AG42*0.001),"") | Z11: ↙
A12: =IF(D12="",Lookups!$E$4,Lookups!$E$5) -> Hide un-named buildings (CTRL + Click) | D12: =IF(ISBLANK('2. Technical Details'!D12),"",'2. Technical Details'!D12) | L12: =SUM(E12:K12) -> 0 | O12: =IF($L12>0,IFERROR(E12/$L12,""),"") | P12: =IF($L12>0,IFERROR(F12/$L12,""),"") | Q12: =IF($L12>0,IFERROR(G12/$L12,""),"") | R12: =IF($L12>0,IFERROR(H12/$L12,""),"") | S12: =IF($L12>0,IFERROR(I12/$L12,""),"") | T12: =IF($L12>0,IFERROR(J12/$L12,""),"") | U12: =IF($L12>0,IFERROR(K12/$L12,""),"") | V12: =IFERROR(F12/'2. Technical Details'!Z43,"") | W12: =IFERROR(SUM(E12:H12,K12)/'2. Technical Details'!Z43,"") | X12: =IFERROR(L12/('2. Technical Details'!AF43*0.001),"") | Y12: =IFERROR(L12/('2. Technical Details'!AG43*0.001),"")
A13: =IF(D13="",Lookups!$E$4,Lookups!$E$5) -> Hide un-named buildings (CTRL + Click) | D13: =IF(ISBLANK('2. Technical Details'!D13),"",'2. Technical Details'!D13) | L13: =SUM(E13:K13) -> 0 | O13: =IF($L13>0,IFERROR(E13/$L13,""),"") | P13: =IF($L13>0,IFERROR(F13/$L13,""),"") | Q13: =IF($L13>0,IFERROR(G13/$L13,""),"") | R13: =IF($L13>0,IFERROR(H13/$L13,""),"") | S13: =IF($L13>0,IFERROR(I13/$L13,""),"") | T13: =IF($L13>0,IFERROR(J13/$L13,""),"") | U13: =IF($L13>0,IFERROR(K13/$L13,""),"") | V13: =IFERROR(F13/'2. Technical Details'!Z44,"") | W13: =IFERROR(SUM(E13:H13,K13)/'2. Technical Details'!Z44,"") | X13: =IFERROR(L13/('2. Technical Details'!AF44*0.001),"") | Y13: =IFERROR(L13/('2. Technical Details'!AG44*0.001),"")
A14: =IF(D14="",Lookups!$E$4,Lookups!$E$5) -> Hide un-named buildings (CTRL + Click) | D14: =IF(ISBLANK('2. Technical Details'!D14),"",'2. Technical Details'!D14) | L14: =SUM(E14:K14) -> 0 | O14: =IF($L14>0,IFERROR(E14/$L14,""),"") | P14: =IF($L14>0,IFERROR(F14/$L14,""),"") | Q14: =IF($L14>0,IFERROR(G14/$L14,""),"") | R14: =IF($L14>0,IFERROR(H14/$L14,""),"") | S14: =IF($L14>0,IFERROR(I14/$L14,""),"") | T14: =IF($L14>0,IFERROR(J14/$L14,""),"") | U14: =IF($L14>0,IFERROR(K14/$L14,""),"") | V14: =IFERROR(F14/'2. Technical Details'!Z45,"") | W14: =IFERROR(SUM(E14:H14,K14)/'2. Technical Details'!Z45,"") | X14: =IFERROR(L14/('2. Technical Details'!AF45*0.001),"") | Y14: =IFERROR(L14/('2. Technical Details'!AG45*0.001),"")
A15: =IF(D15="",Lookups!$E$4,Lookups!$E$5) -> Hide un-named buildings (CTRL + Click) | D15: =IF(ISBLANK('2. Technical Details'!D15),"",'2. Technical Details'!D15) | L15: =SUM(E15:K15) -> 0 | O15: =IF($L15>0,IFERROR(E15/$L15,""),"") | P15: =IF($L15>0,IFERROR(F15/$L15,""),"") | Q15: =IF($L15>0,IFERROR(G15/$L15,""),"") | R15: =IF($L15>0,IFERROR(H15/$L15,""),"") | S15: =IF($L15>0,IFERROR(I15/$L15,""),"") | T15: =IF($L15>0,IFERROR(J15/$L15,""),"") | U15: =IF($L15>0,IFERROR(K15/$L15,""),"") | V15: =IFERROR(F15/'2. Technical Details'!Z46,"") | W15: =IFERROR(SUM(E15:H15,K15)/'2. Technical Details'!Z46,"") | X15: =IFERROR(L15/('2. Technical Details'!AF46*0.001),"") | Y15: =IFERROR(L15/('2. Technical Details'!AG46*0.001),"")
A16: =IF(D16="",Lookups!$E$4,Lookups!$E$5) -> Hide un-named buildings (CTRL + Click) | D16: =IF(ISBLANK('2. Technical Details'!D16),"",'2. Technical Details'!D16) | L16: =SUM(E16:K16) -> 0 | O16: =IF($L16>0,IFERROR(E16/$L16,""),"") | P16: =IF($L16>0,IFERROR(F16/$L16,""),"") | Q16: =IF($L16>0,IFERROR(G16/$L16,""),"") | R16: =IF($L16>0,IFERROR(H16/$L16,""),"") | S16: =IF($L16>0,IFERROR(I16/$L16,""),"") | T16: =IF($L16>0,IFERROR(J16/$L16,""),"") | U16: =IF($L16>0,IFERROR(K16/$L16,""),"") | V16: =IFERROR(F16/'2. Technical Details'!Z47,"") | W16: =IFERROR(SUM(E16:H16,K16)/'2. Technical Details'!Z47,"") | X16: =IFERROR(L16/('2. Technical Details'!AF47*0.001),"") | Y16: =IFERROR(L16/('2. Technical Details'!AG47*0.001),"")
A17: =IF(D17="",Lookups!$E$4,Lookups!$E$5) -> Hide un-named buildings (CTRL + Click) | D17: =IF(ISBLANK('2. Technical Details'!D17),"",'2. Technical Details'!D17) | L17: =SUM(E17:K17) -> 0 | O17: =IF($L17>0,IFERROR(E17/$L17,""),"") | P17: =IF($L17>0,IFERROR(F17/$L17,""),"") | Q17: =IF($L17>0,IFERROR(G17/$L17,""),"") | R17: =IF($L17>0,IFERROR(H17/$L17,""),"") | S17: =IF($L17>0,IFERROR(I17/$L17,""),"") | T17: =IF($L17>0,IFERROR(J17/$L17,""),"") | U17: =IF($L17>0,IFERROR(K17/$L17,""),"") | V17: =IFERROR(F17/'2. Technical Details'!Z48,"") | W17: =IFERROR(SUM(E17:H17,K17)/'2. Technical Details'!Z48,"") | X17: =IFERROR(L17/('2. Technical Details'!AF48*0.001),"") | Y17: =IFERROR(L17/('2. Technical Details'!AG48*0.001),"")
A18: =IF(D18="",Lookups!$E$4,Lookups!$E$5) -> Hide un-named buildings (CTRL + Click) | D18: =IF(ISBLANK('2. Technical Details'!D18),"",'2. Technical Details'!D18) | L18: =SUM(E18:K18) -> 0 | O18: =IF($L18>0,IFERROR(E18/$L18,""),"") | P18: =IF($L18>0,IFERROR(F18/$L18,""),"") | Q18: =IF($L18>0,IFERROR(G18/$L18,""),"") | R18: =IF($L18>0,IFERROR(H18/$L18,""),"") | S18: =IF($L18>0,IFERROR(I18/$L18,""),"") | T18: =IF($L18>0,IFERROR(J18/$L18,""),"") | U18: =IF($L18>0,IFERROR(K18/$L18,""),"") | V18: =IFERROR(F18/'2. Technical Details'!Z49,"") | W18: =IFERROR(SUM(E18:H18,K18)/'2. Technical Details'!Z49,"") | X18: =IFERROR(L18/('2. Technical Details'!AF49*0.001),"") | Y18: =IFERROR(L18/('2. Technical Details'!AG49*0.001),"")
A19: =Lookups!$E$5 -> Keep selected (CTRL + Click)
A20: =Lookups!$E$5 -> Keep selected (CTRL + Click) | D20: 4.2 Grant Request
A21: =Lookups!$E$5 -> Keep selected (CTRL + Click)
A22: =Lookups!$E$5 -> Keep selected (CTRL + Click) | E22: Grant request | I22: Match funding Source | M22: Retention of project costs | O22: Anticipated drawdown of grant
A23: =Lookups!$E$5 -> Keep selected (CTRL + Click) | D23: Building | E23: Maximum eligible grant value (£) (90% of project costs) | F23: Would you like the full grant available? Tick for yes. | G23: Grant amount requested (£) Input value requested, up to maximum eligible | H23: Applicant Contribution (£) | I23: Applicant contribution from own capital (£) | J23: Applicant contribution from other Welsh Government grant / capital (£) | K23: Applicant contribution from other (£) | L23: Please comment any Welsh Gov. fund source or any other finance source as applicable | M23: Does your project include a retention payment which would be paid to the contractor in FY27-28? (Y/N) | N23: If yes, what is the value of the retention payment? (£) | O23: Date Dropdown | P23: Date Dropdown | Q23: Date Dropdown | R23: Date Dropdown | S23: Total in drawdowns (£) | T23: Check
A24: =IF(D24="",Lookups!$E$4,Lookups!$E$5) -> Hide un-named buildings (CTRL + Click) | D24: =IF(ISBLANK('2. Technical Details'!D9),"",'2. Technical Details'!D9) | E24: =L9*0.9 -> 0 | F24: TRUE | G24: =IF(E24>0,(IF(F24=TRUE,E24,Lookups!$C$4)),"") | H24: =IFERROR(L9-G24,"") | S24: =_xlfn.AGGREGATE(9,4,O24,P24,Q24,R24) -> 0 | T24: =IF(G24<>"",IF(S24=G24,Lookups!$B$4,Lookups!$B$5),"")
A25: =IF(D25="",Lookups!$E$4,Lookups!$E$5) -> Hide un-named buildings (CTRL + Click) | D25: =IF(ISBLANK('2. Technical Details'!D10),"",'2. Technical Details'!D10) | E25: =L10*0.9 -> 0 | F25: TRUE | G25: =IF(E25>0,(IF(F25=TRUE,E25,Lookups!$C$4)),"") | H25: =IFERROR(L10-G25,"") | S25: =_xlfn.AGGREGATE(9,4,O25,P25,Q25,R25) -> 0 | T25: =IF(G25<>"",IF(S25=G25,Lookups!$B$4,Lookups!$B$5),"")
A26: =IF(D26="",Lookups!$E$4,Lookups!$E$5) -> Hide un-named buildings (CTRL + Click) | D26: =IF(ISBLANK('2. Technical Details'!D11),"",'2. Technical Details'!D11) | E26: =L11*0.9 -> 0 | F26: TRUE | G26: =IF(E26>0,(IF(F26=TRUE,E26,Lookups!$C$4)),"") | H26: =IFERROR(L11-G26,"") | S26: =_xlfn.AGGREGATE(9,4,O26,P26,Q26,R26) -> 0 | T26: =IF(G26<>"",IF(S26=G26,Lookups!$B$4,Lookups!$B$5),"")
A27: =IF(D27="",Lookups!$E$4,Lookups!$E$5) -> Hide un-named buildings (CTRL + Click) | D27: =IF(ISBLANK('2. Technical Details'!D12),"",'2. Technical Details'!D12) | E27: =L12*0.9 -> 0 | F27: TRUE | G27: =IF(E27>0,(IF(F27=TRUE,E27,Lookups!$C$4)),"") | H27: =IFERROR(L12-G27,"") | S27: =_xlfn.AGGREGATE(9,4,O27,P27,Q27,R27) -> 0 | T27: =IF(G27<>"",IF(S27=G27,Lookups!$B$4,Lookups!$B$5),"")
A28: =IF(D28="",Lookups!$E$4,Lookups!$E$5) -> Hide un-named buildings (CTRL + Click) | D28: =IF(ISBLANK('2. Technical Details'!D13),"",'2. Technical Details'!D13) | E28: =L13*0.9 -> 0 | F28: TRUE | G28: =IF(E28>0,(IF(F28=TRUE,E28,Lookups!$C$4)),"") | H28: =IFERROR(L13-G28,"") | S28: =_xlfn.AGGREGATE(9,4,O28,P28,Q28,R28) -> 0 | T28: =IF(G28<>"",IF(S28=G28,Lookups!$B$4,Lookups!$B$5),"")
A29: =IF(D29="",Lookups!$E$4,Lookups!$E$5) -> Hide un-named buildings (CTRL + Click) | D29: =IF(ISBLANK('2. Technical Details'!D14),"",'2. Technical Details'!D14) | E29: =L14*0.9 -> 0 | F29: TRUE | G29: =IF(E29>0,(IF(F29=TRUE,E29,Lookups!$C$4)),"") | H29: =IFERROR(L14-G29,"") | S29: =_xlfn.AGGREGATE(9,4,O29,P29,Q29,R29) -> 0 | T29: =IF(G29<>"",IF(S29=G29,Lookups!$B$4,Lookups!$B$5),"")
A30: =IF(D30="",Lookups!$E$4,Lookups!$E$5) -> Hide un-named buildings (CTRL + Click) | D30: =IF(ISBLANK('2. Technical Details'!D15),"",'2. Technical Details'!D15) | E30: =L15*0.9 -> 0 | F30: TRUE | G30: =IF(E30>0,(IF(F30=TRUE,E30,Lookups!$C$4)),"") | H30: =IFERROR(L15-G30,"") | S30: =_xlfn.AGGREGATE(9,4,O30,P30,Q30,R30) -> 0 | T30: =IF(G30<>"",IF(S30=G30,Lookups!$B$4,Lookups!$B$5),"")
A31: =IF(D31="",Lookups!$E$4,Lookups!$E$5) -> Hide un-named buildings (CTRL + Click) | D31: =IF(ISBLANK('2. Technical Details'!D16),"",'2. Technical Details'!D16) | E31: =L16*0.9 -> 0 | F31: TRUE | G31: =IF(E31>0,(IF(F31=TRUE,E31,Lookups!$C$4)),"") | H31: =IFERROR(L16-G31,"") | S31: =_xlfn.AGGREGATE(9,4,O31,P31,Q31,R31) -> 0 | T31: =IF(G31<>"",IF(S31=G31,Lookups!$B$4,Lookups!$B$5),"")
A32: =IF(D32="",Lookups!$E$4,Lookups!$E$5) -> Hide un-named buildings (CTRL + Click) | D32: =IF(ISBLANK('2. Technical Details'!D17),"",'2. Technical Details'!D17) | E32: =L17*0.9 -> 0 | F32: TRUE | G32: =IF(E32>0,(IF(F32=TRUE,E32,Lookups!$C$4)),"") | H32: =IFERROR(L17-G32,"") | S32: =_xlfn.AGGREGATE(9,4,O32,P32,Q32,R32) -> 0 | T32: =IF(G32<>"",IF(S32=G32,Lookups!$B$4,Lookups!$B$5),"")
A33: =IF(D33="",Lookups!$E$4,Lookups!$E$5) -> Hide un-named buildings (CTRL + Click) | D33: =IF(ISBLANK('2. Technical Details'!D18),"",'2. Technical Details'!D18) | E33: =L18*0.9 -> 0 | F33: TRUE | G33: =IF(E33>0,(IF(F33=TRUE,E33,Lookups!$C$4)),"") | H33: =IFERROR(L18-G33,"") | S33: =_xlfn.AGGREGATE(9,4,O33,P33,Q33,R33) -> 0 | T33: =IF(G33<>"",IF(S33=G33,Lookups!$B$4,Lookups!$B$5),"")
D35: end of sheet

Sheet 5. Risks
C2: 5. Risk Assessment
C4: Description of Risk to Project Delivery | D4: Potential Impact (1: Low 5: High) | E4: Likelihood (1: Low 5: High) | F4: Risk Rating (unmitigated) | G4: Proposed Mitigation (if any) | H4: Post mitigation Potential Impact (1: Low 5: High) | I4: Post mitigation Likelihood (1: Low 5: High) | J4: Risk Rating (mitigated)
F5: =D5*E5 -> 0 | J5: =H5*I5 -> 0
F6: =D6*E6 -> 0 | J6: =H6*I6 -> 0
F7: =D7*E7 -> 0 | J7: =H7*I7 -> 0
F8: =D8*E8 -> 0 | J8: =H8*I8 -> 0
F9: =D9*E9 -> 0 | J9: =H9*I9 -> 0
F10: =D10*E10 -> 0 | J10: =H10*I10 -> 0
F11: =D11*E11 -> 0 | J11: =H11*I11 -> 0
F12: =D12*E12 -> 0 | J12: =H12*I12 -> 0
F13: =D13*E13 -> 0 | J13: =H13*I13 -> 0
F14: =D14*E14 -> 0 | J14: =H14*I14 -> 0
B16: End of Sheet

Sheet 6. Summary & Declaration
C2: 6. Summary & Declaration
C5: 6.1 Completeness Check
G7: Complete?
E8: 1. Questions | G8: FALSE
E10: 2. Technical Details | G10: FALSE
E12: 3. Deliverability Details | G12: FALSE
E14: 4. Financial Details | G14: FALSE
E16: 5. Risks | G16: FALSE
E18: 6. Summary & Declaration | G18: FALSE
G20: =IF(G8*G10*G12*G14*G16*G18=0,Lookups!D4,"") -> Not all checkboxes checked
C21: 6.2 Applicant Details
C23: Organisation | E23: Applicant Organisation
E24: Applicant Postal Address
C26: Key Contact / Applicant | E26: Key Contact Name
E27: Key Contact Job Title
E28: Key Contact Email Address
E29: Key Contact Phone Number
C31: Sponsoring Director | E31: Sponsoring Director Name
E32: Sponsoring Director Job Title
E33: Sponsoring Director Email Address
E34: Sponsoring Director Phone Number
C36: Finance Director | E36: Finance Director Name
E37: Finance Director Job Title
E38: Finance Director Email Address
E39: Finance Director Phone Number
C41: Finance Administration Contact | E41: Finance Contact Name
E42: Finance Contact Job Title
E43: Finance Contact Email Address
E44: Finance Contact Phone Number
C46: Additional Contact 1 (optional) | E46: Role on the Project
E47: Name
E48: Job Title
E49: Email Address
E50: Phone Number
C53: 6.3 Supporting Information
G55: Attached? | J55: Document name(s) including three letter file type
C56: Design documents or Investment Grade Proposal demonstrating that project is technically feasible sizing calculations etc. | G56: FALSE
C58: Drawings (plan and elevation) illustrating the location of the heat source and the scale (optional) | G58: FALSE
C60: Specification sheets for the heat pump / low carbon heat plant proposed | G60: FALSE
C62: Modelling and sizing calculations - the energy model to show appropriate sizing and expected seasonal coefficient of performance of the heat pump | G62: FALSE
C64: Supplier quote for the works | G64: FALSE
C66: Evidence of any other supporting costs (e.g. DNO costs, client engineer costs) | G66: FALSE
C68: 6.4 Financial Summary
C70: Note: Funding is committed on a financial year basis and must be spent within the specified financial year. Approved funds cannot be rolled from one financial year to the next.
G72: Request per site | K72: Drawdown Schedule
G73: Grant request | H73: Total project cost exc. contingency | I73: Grant funding as a percentage of project cost | K73: ='4. Financial Detail'!O23 -> Date Dropdown | L73: ='4. Financial Detail'!P23 -> Date Dropdown | M73: ='4. Financial Detail'!Q23 -> Date Dropdown | N73: ='4. Financial Detail'!R23 -> Date Dropdown
E74: =IF(ISBLANK('2. Technical Details'!D9),"",'2. Technical Details'!D9) | G74: ='4. Financial Detail'!G24 | H74: =IF('4. Financial Detail'!L9=0,"",'4. Financial Detail'!L9) | I74: =IFERROR(G74/H74,"") | K74: ='4. Financial Detail'!O24 -> 0 | L74: ='4. Financial Detail'!P24 -> 0 | M74: ='4. Financial Detail'!Q24 -> 0 | N74: ='4. Financial Detail'!R24 -> 0
E75: =IF(ISBLANK('2. Technical Details'!D10),"",'2. Technical Details'!D10) | G75: ='4. Financial Detail'!G25 | H75: =IF('4. Financial Detail'!L10=0,"",'4. Financial Detail'!L10) | I75: =IFERROR(G75/H75,"") | K75: ='4. Financial Detail'!O25 -> 0 | L75: ='4. Financial Detail'!P25 -> 0 | M75: ='4. Financial Detail'!Q25 -> 0 | N75: ='4. Financial Detail'!R25 -> 0
E76: =IF(ISBLANK('2. Technical Details'!D11),"",'2. Technical Details'!D11) | G76: ='4. Financial Detail'!G26 | H76: =IF('4. Financial Detail'!L11=0,"",'4. Financial Detail'!L11) | I76: =IFERROR(G76/H76,"") | K76: ='4. Financial Detail'!O26 -> 0 | L76: ='4. Financial Detail'!P26 -> 0 | M76: ='4. Financial Detail'!Q26 -> 0 | N76: ='4. Financial Detail'!R26 -> 0
E77: =IF(ISBLANK('2. Technical Details'!D12),"",'2. Technical Details'!D12) | G77: ='4. Financial Detail'!G27 | H77: =IF('4. Financial Detail'!L12=0,"",'4. Financial Detail'!L12) | I77: =IFERROR(G77/H77,"") | K77: ='4. Financial Detail'!O27 -> 0 | L77: ='4. Financial Detail'!P27 -> 0 | M77: ='4. Financial Detail'!Q27 -> 0 | N77: ='4. Financial Detail'!R27 -> 0
E78: =IF(ISBLANK('2. Technical Details'!D13),"",'2. Technical Details'!D13) | G78: ='4. Financial Detail'!G28 | H78: =IF('4. Financial Detail'!L13=0,"",'4. Financial Detail'!L13) | I78: =IFERROR(G78/H78,"") | K78: ='4. Financial Detail'!O28 -> 0 | L78: ='4. Financial Detail'!P28 -> 0 | M78: ='4. Financial Detail'!Q28 -> 0 | N78: ='4. Financial Detail'!R28 -> 0
E79: =IF(ISBLANK('2. Technical Details'!D14),"",'2. Technical Details'!D14) | G79: ='4. Financial Detail'!G29 | H79: =IF('4. Financial Detail'!L14=0,"",'4. Financial Detail'!L14) | I79: =IFERROR(G79/H79,"") | K79: ='4. Financial Detail'!O29 -> 0 | L79: ='4. Financial Detail'!P29 -> 0 | M79: ='4. Financial Detail'!Q29 -> 0 | N79: ='4. Financial Detail'!R29 -> 0
E80: =IF(ISBLANK('2. Technical Details'!D15),"",'2. Technical Details'!D15) | G80: ='4. Financial Detail'!G30 | H80: =IF('4. Financial Detail'!L15=0,"",'4. Financial Detail'!L15) | I80: =IFERROR(G80/H80,"") | K80: ='4. Financial Detail'!O30 -> 0 | L80: ='4. Financial Detail'!P30 -> 0 | M80: ='4. Financial Detail'!Q30 -> 0 | N80: ='4. Financial Detail'!R30 -> 0
E81: =IF(ISBLANK('2. Technical Details'!D16),"",'2. Technical Details'!D16) | G81: ='4. Financial Detail'!G31 | H81: =IF('4. Financial Detail'!L16=0,"",'4. Financial Detail'!L16) | I81: =IFERROR(G81/H81,"") | K81: ='4. Financial Detail'!O31 -> 0 | L81: ='4. Financial Detail'!P31 -> 0 | M81: ='4. Financial Detail'!Q31 -> 0 | N81: ='4. Financial Detail'!R31 -> 0
E82: =IF(ISBLANK('2. Technical Details'!D17),"",'2. Technical Details'!D17) | G82: ='4. Financial Detail'!G32 | H82: =IF('4. Financial Detail'!L17=0,"",'4. Financial Detail'!L17) | I82: =IFERROR(G82/H82,"") | K82: ='4. Financial Detail'!O32 -> 0 | L82: ='4. Financial Detail'!P32 -> 0 | M82: ='4. Financial Detail'!Q32 -> 0 | N82: ='4. Financial Detail'!R32 -> 0
E83: =IF(ISBLANK('2. Technical Details'!D18),"",'2. Technical Details'!D18) | G83: ='4. Financial Detail'!G33 | H83: =IF('4. Financial Detail'!L18=0,"",'4. Financial Detail'!L18) | I83: =IFERROR(G83/H83,"") | K83: ='4. Financial Detail'!O33 -> 0 | L83: ='4. Financial Detail'!P33 -> 0 | M83: ='4. Financial Detail'!Q33 -> 0 | N83: ='4. Financial Detail'!R33 -> 0
C86: Total requested grant | G86: =_xlfn.AGGREGATE(9,4,G74:G83) -> 0
C87: Total project costs (excluding contingency) | G87: =_xlfn.AGGREGATE(9,4,H74:H83) -> 0
C89: Total potential drawdown summary | F89: =K73 -> Date Dropdown | G89: =_xlfn.AGGREGATE(9,4,K74:K83) -> 0
F90: =L73 -> Date Dropdown | G90: =_xlfn.AGGREGATE(9,4,L74:L83) -> 0
F91: =M73 -> Date Dropdown | G91: =_xlfn.AGGREGATE(9,4,M74:M83) -> 0
F92: =N73 -> Date Dropdown | G92: =_xlfn.AGGREGATE(9,4,N74:N83) -> 0
C96: 6.5 Declaration
C98: We confirm our organisation either owns or has long term leases that will retain the buildings for at least 10 years | G98: FALSE
C100: We confirm the proposed works are yet to start | G100: FALSE
C101: .
C102: We confirm the proposed works will be completed by 31st March 2027 | G102: FALSE
C104: We confirm that projects are NOT part of a new build or major (e.g., multi-year) refurbishment programme of works | G104: FALSE
C106: We confirm that match funding is already secured or applied for. We understand that any outstanding approvals will be required for award, and we must keep the Energy Service informed of progress / issues. | G106: FALSE
C108: We confirm that we understand drawdown of funding will be in arrears | G108: FALSE
C110: We confirm that the buildings are listed in our priority order, and understand that grant offers may be made for some or all buildings(/sites) | G110: FALSE
C112: We confirm that recoverable VAT has not been included in project costs applied for (or as part of match funding) | G112: FALSE
C114: We understand that a condition of grant is for continued and full reporting of Welsh Government's Net Zero Reporting, including building level & low carbon heat data | G114: FALSE
C116: We confirm that we will be ready to go into contract soon after grant award | G116: FALSE
C118: We confirm that we have senior commitment for the project | G118: FALSE
C120: We understand how that grant variations are required if changes to budget, scope, or timelines. | G120: FALSE
C122: We understand the requirement for accurate and timely communication of issues, either urgently by email or within periodic reporting of progress as appropriate | G122: FALSE
C124: We understand the need to support future case studies, data, and information - including for the Energy Service and Welsh Government | G124: FALSE
C126: By ticking this checkbox I hereby confirm that to the best of my knowledge the application is complete and correct, and that I have the authority to apply for the organisation. Please Print Name | G126: FALSE | K126: Please print name
G128: =IF(G98*G100*G102*G104*G106*G108*G110*G112*G114*G116*G118*G122*G124*G126=0,Lookups!D4,"") -> Not all checkboxes checked
C129: 6.6 Grant Offer Letter
C131: Preferred Grant Offer Letter and other document language: | G131: Please select
C133: Will the Sponsoring Director be signing the Grant Offer Letter (GOL)? | G133: Please select
C135: (If the answer is 'no' and the Sponsoring Director will not be signing the GOL, please fill in the name and email of someone of equal or higher authority.) | I135: (name) | M135: (email)
G137: {=_xlfn.IFS( OR(G131=Lookups!$I$4,G133=Lookups!$I$4),Lookups!D5, AND(G133=Lookups!$F$5:$F$6,OR(ISBLANK(G135),ISBLANK(L133))), Lookups!D5, TRUE, "" )} -> Section incomplete
C138: End of Application | F138: STATUS | G138: =IF(OR(G20=Lookups!D4,G128=Lookups!D4,G137=Lookups!D5),Lookups!D6,"") -> Not all sections complete
C140: Please send completed application forms to lowcarbonheat@energyservice.wales

Sheet All data export
D3: Building details | L3: EXISTING - Main heat generation plant | S3: EXISTING - Secondary heat generation (optional) | Z3: EXISTING - Further heat generation (e.g., hot water production, kitchen use etc.) (optional) | AG3: Total of existing | AK3: Flow temperatures | AO3: Enabling measures - heat emitters, heat infrastructure, and controls | AX3: Enabling measures - fabric improvement | BD3: Summary Totals | BF3: PROPOSED - Main low carbon heat generation | BL3: PROPOSED - Secondary heat generation (if required) | BS3: PROPOSED - Further heat generation (e.g., local point of use, kitchen use etc.) (if required) | BZ3: Total Proposed | CE3: Metrics & Checks | CQ3: Design & Planning | CU3: Procurement and contracting | DA3: Operation & performance | DE3: Project Milestones | DL3: Project cost breakdown (£) - costs should not include recoverable VAT (note: we expect all VAT to be recovered) | DV3: Metrics & Checks | EG3: Grant request | EK3: Match funding Source | EO3: Retention of project costs | EQ3: Anticipated drawdown of grant
B4: Org | C4: Building Name | D4: Building Address | E4: Building Postcode | F4: Type of building | G4: Gross internal floor area of building (m2) | H4: Confirm ownership or lease of building for at least 10 years | I4: Confirm part of the Public Sector Net Zero Reporting to Welsh Government | J4: Is the building in the vicinity of an existing or planned heat network? | K4: Part of a construction or major refurbishment project? If 'yes', ticked, detail in '1. Questions' | L4: Main heat source in building | M4: Fuel type | N4: Age of main equipment (years) | O4: Capacity installed (kW heat) | P4: Energy use input (kWh/year) | Q4: Estimated efficiency of existing heat generation (%) | R4: Estimated heat demand output (kWh/year) | S4: Secondary existing heat generation input required? | T4: Existing heat source | U4: Existing fuel type | V4: Capacity installed (kW heat) | W4: Energy use input (kWh/year) | X4: Estimated efficiency of existing heat generation (%) | Y4: Estimated heat demand output (kWh/year) | Z4: Further existing heat generation input required? | AA4: Heat source | AB4: Fuel type | AC4: Capacity installed (kW heat) | AD4: Energy use input (kWh/year) | AE4: Estimated efficiency of heat generation (%) | AF4: Estimated heat demand output (kWh/year) | AG4: Total of heat demand (kWh per year) | AH4: Total installed capacity of heat generation (kW) | AI4: Carbon Emissions (kgCO2e/year) | AJ4: Lifetime Carbon Emissions (kgCO2e) | AK4: Existing space heating flow temperature (oC) | AL4: Existing domestic hot water temperature (oC) | AM4: Proposed space heating flow temperature (oC) | AN4: Proposed domestic hot water temperature (oC) | AO4: Are you replacing radiators? | AP4: Are you replacing air handling unit (AHU) heating coils? | AQ4: Are you upgrading the heating circuit pipework? | AR4: Design approach for heat zoning controls? | AS4: Design approach for heat storage ? | AT4: Are building management system (BMS) upgrades included in the project? | AU4: Is weather compensation control included in the project? | AV4: Will all heat pump electricity and heat be metered with MID compliant meters, with future data available for sharing? | AW4: Heat savings from enabling / control measures? (kWh/year) Insert negative if expecting a increase in heat | AX4: Are you installing loft insulation? | AY4: Are you installing cavity wall insulation (where suitable)? | AZ4: Are you installing external cladding insulation (where suitable)? | BA4: Are you draught proofing windows/doors? | BB4: Are you replacing windows as part of the project | BC4: Expected heat savings from fabric measures? (kWh/year) | BD4: Total heat savings enabling measures (kWh/year) | BE4: Total heat to be served by proposed low carbon heat system | BF4: Primary low carbon heat generation technology type | BG4: Fuel Type | BH4: Capacity installed (kW heat) | BI4: Energy use input (kWh/year) | BJ4: Heat output (kWh/year) | BK4: Expected Seasonal Coefficient of Performance (efficiency) | BL4: Secondary proposed low carbon heat generation input required? | BM4: Heat generation technology type | BN4: Fuel Type | BO4: Capacity installed (kW heat) | BP4: Energy use input (kWh/year) | BQ4: Heat output (kWh/year) | BR4: Expected Seasonal Coefficient of Performance / Efficiency | BS4: Further proposed low carbon heat generation input required? | BT4: Heat generation technology type | BU4: Fuel Type | BV4: Capacity installed (kW heat) | BW4: Energy use input (kWh/year) | BX4: Heat output (kWh/year) | BY4: Expected Seasonal Coefficient of Performance / Efficiency | BZ4: Summary of heat production (kWh per year) | CA4: Installed capacity of heat generation (kW) | CB4: Carbon Emissions (kgCO2e/year) | CC4: Lifetime Carbon Emissions (kg CO2e) | CE4: Percentage of Proposed heat production compared to existing heat demand ( savings adjusted) (kWh/year) | CF4: Percentage of Proposed heat capacity compared to existing heat capacity (kW) | CG4: Carbon Emissions (kgCO2e/year) [reduction] | CH4: Lifetime Carbon Emissions (kgCO2e) [reduction] | CI4: Percentage of proposed heat served by main heat generation (%) | CJ4: Percentage of proposed heat served by secondary heat generation (%) | CK4: Percentage of proposed heat served by further heat generation (%) | CL4: CO2e Emissions per kWh heat (gCO2e/kWh) | CM4: £ CAPEX per CO2 emissions saved (£/tCO2e) | CN4: Weighted average SCOP | CO4: Proposed heat demand served per floor area (kWh heat / m2) | CP4: Proposed installed capacity per floor area (kW / m2) | CQ4: Please indicate the project position on designs | CR4: Please indicate the project position on planning permission | CS4: Please indicate the project position on supplier costs | CT4: Please indicate the project position on DNO upgrades / engagement | CU4: Principle contractor: approach | CV4: Principle contractor: status | CW4: Equipment supply status | CX4: Install subcontractors status | CY4: DNO upgrade / grid connection status | CZ4: Client Engineer: status | DA4: O&M contractor approach | DB4: Performance Management Plan in place? | DC4: Performance management includes a Measurement & Verification (M&V) Plan to IPMVP | DD4: Will all heat pump electricity and heat be metered with MID compliant meters, with future data available for sharing? | DE4: Tender closing for Principle Contractor date (if applicable) | DF4: Principle Contractor - contract signed date | DG4: Final designs in place (if not already) | DH4: Equipment order date | DI4: On-site works begin date | DJ4: Equipment installed onsite | DK4: Completion and commissioning date | DL4: Final design costs (£) | DM4: Low carbon heat equipment (£) (main heat plant costs) | DN4: Low carbon heat labour - install & commissioning (£) | DO4: Enabling works - supply & install (£) (e.g. heat emitters or other work outside the heat plant) | DP4: Fabric works - supply & install (£) | DQ4: DNO costs (£) | DR4: Client Engineer, Project management, or other specialists (£) | DS4: Total project costs exc. contingency, exc. VAT (£) Ensure this matches quote evidence | DT4: Contingency costs estimated (Cannot be included in grant offer ) | DV4: Final design costs % | DW4: Low carbon heat equipment % | DX4: Low carbon heat labour % | DY4: Enabling works - supply & install % | DZ4: Fabric works - supply & install % | EA4: DNO costs % | EB4: Client Engineer, Project management, or other specialists % | EC4: £ / kW Equipment cost per capacity installed | ED4: £ / kW Costs (exc. DNO and fabric) cost per capacity installed | EE4: £ / tCO2e Total costs for carbon saving yr 1 | EF4: £ / tCO2e Total costs for carbon saving lifetime | EG4: Maximum eligible grant value (£) (90% of project costs) | EH4: Would you like the full grant available? Tick for yes. | EI4: Grant amount requested (£) Input value requested, up to maximum eligible | EJ4: Applicant Contribution (£) | EK4: Applicant contribution from own capital (£) | EL4: Applicant contribution from other Welsh Government grant / capital (£) | EM4: Applicant contribution from other (£) | EN4: Please comment any Welsh Gov. fund source or any other finance source as applicable | EO4: Does your project include a retention payment which would be paid to the contractor in FY27-28? (Y/N) | EP4: If yes, what is the value of the retention payment? (£) | EQ4: ='4. Financial Detail'!O23 -> Date Dropdown | ER4: ='4. Financial Detail'!P23 -> Date Dropdown | ES4: ='4. Financial Detail'!Q23 -> Date Dropdown | ET4: ='4. Financial Detail'!R23 -> Date Dropdown | EU4: Total in drawdowns (£) | EV4: Check
B5: ='6. Summary & Declaration'!$G$23 -> 0 | C5: ='2. Technical Details'!D9 -> 0 | D5: ='2. Technical Details'!E9 -> 0 | E5: ='2. Technical Details'!F9 -> 0 | F5: ='2. Technical Details'!G9 -> Please select | G5: ='2. Technical Details'!H9 -> 0 | H5: ='2. Technical Details'!I9 -> FALSE | I5: ='2. Technical Details'!J9 -> FALSE | J5: ='2. Technical Details'!K9 -> FALSE | ... AJ5: ='2. Technical Details'!AK9 -> 0 | AK5: ='2. Technical Details'!E25 -> 0 | AL5: ='2. Technical Details'!F25 -> 0 | AM5: ='2. Technical Details'!G25 -> 0 | AN5: ='2. Technical Details'!H25 -> 0 | AO5: ='2. Technical Details'!I25 -> FALSE | AP5: ='2. Technical Details'!J25 -> FALSE | AQ5: ='2. Technical Details'!K25 -> FALSE | AR5: ='2. Technical Details'!L25 -> Please select | ... AU5: ='2. Technical Details'!O25 -> FALSE | AV5: ='2. Technical Details'!#REF! -> #REF! | AW5: ='2. Technical Details'!P25 -> 0 | AX5: ='2. Technical Details'!Q25 -> FALSE | AY5: ='2. Technical Details'!R25 -> FALSE | AZ5: ='2. Technical Details'!S25 -> FALSE | BA5: ='2. Technical Details'!T25 -> FALSE | BB5: ='2. Technical Details'!U25 -> FALSE | BC5: ='2. Technical Details'!V25 -> 0 | BD5: ='2. Technical Details'!W25 -> 0 | BE5: ='2. Technical Details'!X25 -> 0 | BF5: ='2. Technical Details'!E40 -> 0 | BG5: ='2. Technical Details'!F40 -> 0 | BH5: ='2. Technical Details'!G40 -> 0 | BI5: ='2. Technical Details'!H40 -> 0 | BJ5: ='2. Technical Details'!I40 -> 0 | BK5: ='2. Technical Details'!J40 | BL5: ='2. Technical Details'!K40 -> FALSE | BM5: ='2. Technical Details'!L40 -> 0 | ... CP5: ='2. Technical Details'!AO40 | CQ5: ='3. Deliverability Details'!E9 -> 0 | CR5: ='3. Deliverability Details'!F9 -> 0 | CS5: ='3. Deliverability Details'!G9 -> 0 | CT5: ='3. Deliverability Details'!H9 -> 0 | CU5: ='3. Deliverability Details'!I9 -> 0 | CV5: ='3. Deliverability Details'!J9 -> 0 | CW5: ='3. Deliverability Details'!K9 -> 0 | CX5: ='3. Deliverability Details'!L9 -> 0 | ... DD5: ='3. Deliverability Details'!R9 -> FALSE | DE5: ='3. Deliverability Details'!E25 -> 0 | DF5: ='3. Deliverability Details'!F25 -> 0 | DG5: ='3. Deliverability Details'!G25 -> 0 | DH5: ='3. Deliverability Details'!H25 -> 0 | DI5: ='3. Deliverability Details'!I25 -> 0 | DJ5: ='3. Deliverability Details'!J25 -> 0 | DK5: ='3. Deliverability Details'!K25 -> 0 | DL5: ='4. Financial Detail'!E9 -> 0 | DM5: ='4. Financial Detail'!F9 -> 0 | DN5: ='4. Financial Detail'!G9 -> 0 | DO5: ='4. Financial Detail'!H9 -> 0 | DP5: ='4. Financial Detail'!I9 -> 0 | DQ5: ='4. Financial Detail'!J9 -> 0 | DR5: ='4. Financial Detail'!K9 -> 0 | DS5: ='4. Financial Detail'!L9 -> 0 | ... EF5: ='4. Financial Detail'!Y9 | EG5: ='4. Financial Detail'!E24 -> 0 | EH5: ='4. Financial Detail'!F24 -> TRUE | EI5: ='4. Financial Detail'!G24 | EJ5: ='4. Financial Detail'!H24 | EK5: ='4. Financial Detail'!I24 -> 0 | EL5: ='4. Financial Detail'!J24 -> 0 | EM5: ='4. Financial Detail'!K24 -> 0 | EN5: ='4. Financial Detail'!L24 -> 0 | ... EV5: ='4. Financial Detail'!T24
B6: ='6. Summary & Declaration'!$G$23 -> 0 | C6: ='2. Technical Details'!D10 -> 0 | D6: ='2. Technical Details'!E10 -> 0 | E6: ='2. Technical Details'!F10 -> 0 | F6: ='2. Technical Details'!G10 -> Please select | G6: ='2. Technical Details'!H10 -> 0 | H6: ='2. Technical Details'!I10 -> FALSE | I6: ='2. Technical Details'!J10 -> FALSE | J6: ='2. Technical Details'!K10 -> FALSE | ... AJ6: ='2. Technical Details'!AK10 -> 0 | AK6: ='2. Technical Details'!E26 -> 0 | AL6: ='2. Technical Details'!F26 -> 0 | AM6: ='2. Technical Details'!G26 -> 0 | AN6: ='2. Technical Details'!H26 -> 0 | AO6: ='2. Technical Details'!I26 -> FALSE | AP6: ='2. Technical Details'!J26 -> FALSE | AQ6: ='2. Technical Details'!K26 -> FALSE | AR6: ='2. Technical Details'!L26 -> Please select | ... AU6: ='2. Technical Details'!O26 -> FALSE | AV6: ='2. Technical Details'!#REF! -> #REF! | AW6: ='2. Technical Details'!P26 -> 0 | AX6: ='2. Technical Details'!Q26 -> FALSE | AY6: ='2. Technical Details'!R26 -> FALSE | AZ6: ='2. Technical Details'!S26 -> FALSE | BA6: ='2. Technical Details'!T26 -> FALSE | BB6: ='2. Technical Details'!U26 -> FALSE | BC6: ='2. Technical Details'!V26 -> 0 | BD6: ='2. Technical Details'!W26 -> 0 | BE6: ='2. Technical Details'!X26 -> 0 | BF6: ='2. Technical Details'!E41 -> 0 | BG6: ='2. Technical Details'!F41 -> 0 | BH6: ='2. Technical Details'!G41 -> 0 | BI6: ='2. Technical Details'!H41 -> 0 | BJ6: ='2. Technical Details'!I41 -> 0 | BK6: ='2. Technical Details'!J41 | BL6: ='2. Technical Details'!K41 -> FALSE | BM6: ='2. Technical Details'!L41 -> 0 | ... CP6: ='2. Technical Details'!AO41 | CQ6: ='3. Deliverability Details'!E10 -> 0 | CR6: ='3. Deliverability Details'!F10 -> 0 | CS6: ='3. Deliverability Details'!G10 -> 0 | CT6: ='3. Deliverability Details'!H10 -> 0 | CU6: ='3. Deliverability Details'!I10 -> 0 | CV6: ='3. Deliverability Details'!J10 -> 0 | CW6: ='3. Deliverability Details'!K10 -> 0 | CX6: ='3. Deliverability Details'!L10 -> 0 | ... DD6: ='3. Deliverability Details'!R10 -> FALSE | DE6: ='3. Deliverability Details'!E26 -> 0 | DF6: ='3. Deliverability Details'!F26 -> 0 | DG6: ='3. Deliverability Details'!G26 -> 0 | DH6: ='3. Deliverability Details'!H26 -> 0 | DI6: ='3. Deliverability Details'!I26 -> 0 | DJ6: ='3. Deliverability Details'!J26 -> 0 | DK6: ='3. Deliverability Details'!K26 -> 0 | DL6: ='4. Financial Detail'!E10 -> 0 | DM6: ='4. Financial Detail'!F10 -> 0 | DN6: ='4. Financial Detail'!G10 -> 0 | DO6: ='4. Financial Detail'!H10 -> 0 | DP6: ='4. Financial Detail'!I10 -> 0 | DQ6: ='4. Financial Detail'!J10 -> 0 | DR6: ='4. Financial Detail'!K10 -> 0 | DS6: ='4. Financial Detail'!L10 -> 0 | ... EF6: ='4. Financial Detail'!Y10 | EG6: ='4. Financial Detail'!E25 -> 0 | EH6: ='4. Financial Detail'!F25 -> TRUE | EI6: ='4. Financial Detail'!G25 | EJ6: ='4. Financial Detail'!H25 | EK6: ='4. Financial Detail'!I25 -> 0 | EL6: ='4. Financial Detail'!J25 -> 0 | EM6: ='4. Financial Detail'!K25 -> 0 | EN6: ='4. Financial Detail'!L25 -> 0 | ... EV6: ='4. Financial Detail'!T25
B7: ='6. Summary & Declaration'!$G$23 -> 0 | C7: ='2. Technical Details'!D11 -> 0 | D7: ='2. Technical Details'!E11 -> 0 | E7: ='2. Technical Details'!F11 -> 0 | F7: ='2. Technical Details'!G11 -> Please select | G7: ='2. Technical Details'!H11 -> 0 | H7: ='2. Technical Details'!I11 -> FALSE | I7: ='2. Technical Details'!J11 -> FALSE | J7: ='2. Technical Details'!K11 -> FALSE | ... AJ7: ='2. Technical Details'!AK11 -> 0 | AK7: ='2. Technical Details'!E27 -> 0 | AL7: ='2. Technical Details'!F27 -> 0 | AM7: ='2. Technical Details'!G27 -> 0 | AN7: ='2. Technical Details'!H27 -> 0 | AO7: ='2. Technical Details'!I27 -> FALSE | AP7: ='2. Technical Details'!J27 -> FALSE | AQ7: ='2. Technical Details'!K27 -> FALSE | AR7: ='2. Technical Details'!L27 -> Please select | ... AU7: ='2. Technical Details'!O27 -> FALSE | AV7: ='2. Technical Details'!#REF! -> #REF! | AW7: ='2. Technical Details'!P27 -> 0 | AX7: ='2. Technical Details'!Q27 -> FALSE | AY7: ='2. Technical Details'!R27 -> FALSE | AZ7: ='2. Technical Details'!S27 -> FALSE | BA7: ='2. Technical Details'!T27 -> FALSE | BB7: ='2. Technical Details'!U27 -> FALSE | BC7: ='2. Technical Details'!V27 -> 0 | BD7: ='2. Technical Details'!W27 -> 0 | BE7: ='2. Technical Details'!X27 -> 0 | BF7: ='2. Technical Details'!E42 -> 0 | BG7: ='2. Technical Details'!F42 -> 0 | BH7: ='2. Technical Details'!G42 -> 0 | BI7: ='2. Technical Details'!H42 -> 0 | BJ7: ='2. Technical Details'!I42 -> 0 | BK7: ='2. Technical Details'!J42 | BL7: ='2. Technical Details'!K42 -> FALSE | BM7: ='2. Technical Details'!L42 -> 0 | ... CP7: ='2. Technical Details'!AO42 | CQ7: ='3. Deliverability Details'!E11 -> 0 | CR7: ='3. Deliverability Details'!F11 -> 0 | CS7: ='3. Deliverability Details'!G11 -> 0 | CT7: ='3. Deliverability Details'!H11 -> 0 | CU7: ='3. Deliverability Details'!I11 -> 0 | CV7: ='3. Deliverability Details'!J11 -> 0 | CW7: ='3. Deliverability Details'!K11 -> 0 | CX7: ='3. Deliverability Details'!L11 -> 0 | ... DD7: ='3. Deliverability Details'!R11 -> FALSE | DE7: ='3. Deliverability Details'!E27 -> 0 | DF7: ='3. Deliverability Details'!F27 -> 0 | DG7: ='3. Deliverability Details'!G27 -> 0 | DH7: ='3. Deliverability Details'!H27 -> 0 | DI7: ='3. Deliverability Details'!I27 -> 0 | DJ7: ='3. Deliverability Details'!J27 -> 0 | DK7: ='3. Deliverability Details'!K27 -> 0 | DL7: ='4. Financial Detail'!E11 -> 0 | DM7: ='4. Financial Detail'!F11 -> 0 | DN7: ='4. Financial Detail'!G11 -> 0 | DO7: ='4. Financial Detail'!H11 -> 0 | DP7: ='4. Financial Detail'!I11 -> 0 | DQ7: ='4. Financial Detail'!J11 -> 0 | DR7: ='4. Financial Detail'!K11 -> 0 | DS7: ='4. Financial Detail'!L11 -> 0 | ... EF7: ='4. Financial Detail'!Y11 | EG7: ='4. Financial Detail'!E26 -> 0 | EH7: ='4. Financial Detail'!F26 -> TRUE | EI7: ='4. Financial Detail'!G26 | EJ7: ='4. Financial Detail'!H26 | EK7: ='4. Financial Detail'!I26 -> 0 | EL7: ='4. Financial Detail'!J26 -> 0 | EM7: ='4. Financial Detail'!K26 -> 0 | EN7: ='4. Financial Detail'!L26 -> 0 | ... EV7: ='4. Financial Detail'!T26
B8: ='6. Summary & Declaration'!$G$23 -> 0 | C8: ='2. Technical Details'!D12 -> 0 | D8: ='2. Technical Details'!E12 -> 0 | E8: ='2. Technical Details'!F12 -> 0 | F8: ='2. Technical Details'!G12 -> Please select | G8: ='2. Technical Details'!H12 -> 0 | H8: ='2. Technical Details'!I12 -> FALSE | I8: ='2. Technical Details'!J12 -> FALSE | J8: ='2. Technical Details'!K12 -> FALSE | ... AJ8: ='2. Technical Details'!AK12 -> 0 | AK8: ='2. Technical Details'!E28 -> 0 | AL8: ='2. Technical Details'!F28 -> 0 | AM8: ='2. Technical Details'!G28 -> 0 | AN8: ='2. Technical Details'!H28 -> 0 | AO8: ='2. Technical Details'!I28 -> FALSE | AP8: ='2. Technical Details'!J28 -> FALSE | AQ8: ='2. Technical Details'!K28 -> FALSE | AR8: ='2. Technical Details'!L28 -> Please select | ... AU8: ='2. Technical Details'!O28 -> FALSE | AV8: ='2. Technical Details'!#REF! -> #REF! | AW8: ='2. Technical Details'!P28 -> 0 | AX8: ='2. Technical Details'!Q28 -> FALSE | AY8: ='2. Technical Details'!R28 -> FALSE | AZ8: ='2. Technical Details'!S28 -> FALSE | BA8: ='2. Technical Details'!T28 -> FALSE | BB8: ='2. Technical Details'!U28 -> FALSE | BC8: ='2. Technical Details'!V28 -> 0 | BD8: ='2. Technical Details'!W28 -> 0 | BE8: ='2. Technical Details'!X28 -> 0 | BF8: ='2. Technical Details'!E43 -> 0 | BG8: ='2. Technical Details'!F43 -> 0 | BH8: ='2. Technical Details'!G43 -> 0 | BI8: ='2. Technical Details'!H43 -> 0 | BJ8: ='2. Technical Details'!I43 -> 0 | BK8: ='2. Technical Details'!J43 | BL8: ='2. Technical Details'!K43 -> FALSE | BM8: ='2. Technical Details'!L43 -> 0 | ... CP8: ='2. Technical Details'!AO43 | CQ8: ='3. Deliverability Details'!E12 -> 0 | CR8: ='3. Deliverability Details'!F12 -> 0 | CS8: ='3. Deliverability Details'!G12 -> 0 | CT8: ='3. Deliverability Details'!H12 -> 0 | CU8: ='3. Deliverability Details'!I12 -> 0 | CV8: ='3. Deliverability Details'!J12 -> 0 | CW8: ='3. Deliverability Details'!K12 -> 0 | CX8: ='3. Deliverability Details'!L12 -> 0 | ... DD8: ='3. Deliverability Details'!R12 -> FALSE | DE8: ='3. Deliverability Details'!E28 -> 0 | DF8: ='3. Deliverability Details'!F28 -> 0 | DG8: ='3. Deliverability Details'!G28 -> 0 | DH8: ='3. Deliverability Details'!H28 -> 0 | DI8: ='3. Deliverability Details'!I28 -> 0 | DJ8: ='3. Deliverability Details'!J28 -> 0 | DK8: ='3. Deliverability Details'!K28 -> 0 | DL8: ='4. Financial Detail'!E12 -> 0 | DM8: ='4. Financial Detail'!F12 -> 0 | DN8: ='4. Financial Detail'!G12 -> 0 | DO8: ='4. Financial Detail'!H12 -> 0 | DP8: ='4. Financial Detail'!I12 -> 0 | DQ8: ='4. Financial Detail'!J12 -> 0 | DR8: ='4. Financial Detail'!K12 -> 0 | DS8: ='4. Financial Detail'!L12 -> 0 | ... EF8: ='4. Financial Detail'!Y12 | EG8: ='4. Financial Detail'!E27 -> 0 | EH8: ='4. Financial Detail'!F27 -> TRUE | EI8: ='4. Financial Detail'!G27 | EJ8: ='4. Financial Detail'!H27 | EK8: ='4. Financial Detail'!I27 -> 0 | EL8: ='4. Financial Detail'!J27 -> 0 | EM8: ='4. Financial Detail'!K27 -> 0 | EN8: ='4. Financial Detail'!L27 -> 0 | ... EV8: ='4. Financial Detail'!T27
B9: ='6. Summary & Declaration'!$G$23 -> 0 | C9: ='2. Technical Details'!D13 -> 0 | D9: ='2. Technical Details'!E13 -> 0 | E9: ='2. Technical Details'!F13 -> 0 | F9: ='2. Technical Details'!G13 -> Please select | G9: ='2. Technical Details'!H13 -> 0 | H9: ='2. Technical Details'!I13 -> FALSE | I9: ='2. Technical Details'!J13 -> FALSE | J9: ='2. Technical Details'!K13 -> FALSE | ... AJ9: ='2. Technical Details'!AK13 -> 0 | AK9: ='2. Technical Details'!E29 -> 0 | AL9: ='2. Technical Details'!F29 -> 0 | AM9: ='2. Technical Details'!G29 -> 0 | AN9: ='2. Technical Details'!H29 -> 0 | AO9: ='2. Technical Details'!I29 -> FALSE | AP9: ='2. Technical Details'!J29 -> FALSE | AQ9: ='2. Technical Details'!K29 -> FALSE | AR9: ='2. Technical Details'!L29 -> Please select | ... AU9: ='2. Technical Details'!O29 -> FALSE | AV9: ='2. Technical Details'!#REF! -> #REF! | AW9: ='2. Technical Details'!P29 -> 0 | AX9: ='2. Technical Details'!Q29 -> FALSE | AY9: ='2. Technical Details'!R29 -> FALSE | AZ9: ='2. Technical Details'!S29 -> FALSE | BA9: ='2. Technical Details'!T29 -> FALSE | BB9: ='2. Technical Details'!U29 -> FALSE | BC9: ='2. Technical Details'!V29 -> 0 | BD9: ='2. Technical Details'!W29 -> 0 | BE9: ='2. Technical Details'!X29 -> 0 | BF9: ='2. Technical Details'!E44 -> 0 | BG9: ='2. Technical Details'!F44 -> 0 | BH9: ='2. Technical Details'!G44 -> 0 | BI9: ='2. Technical Details'!H44 -> 0 | BJ9: ='2. Technical Details'!I44 -> 0 | BK9: ='2. Technical Details'!J44 | BL9: ='2. Technical Details'!K44 -> FALSE | BM9: ='2. Technical Details'!L44 -> 0 | ... CP9: ='2. Technical Details'!AO44 | CQ9: ='3. Deliverability Details'!E13 -> 0 | CR9: ='3. Deliverability Details'!F13 -> 0 | CS9: ='3. Deliverability Details'!G13 -> 0 | CT9: ='3. Deliverability Details'!H13 -> 0 | CU9: ='3. Deliverability Details'!I13 -> 0 | CV9: ='3. Deliverability Details'!J13 -> 0 | CW9: ='3. Deliverability Details'!K13 -> 0 | CX9: ='3. Deliverability Details'!L13 -> 0 | ... DD9: ='3. Deliverability Details'!R13 -> FALSE | DE9: ='3. Deliverability Details'!E29 -> 0 | DF9: ='3. Deliverability Details'!F29 -> 0 | DG9: ='3. Deliverability Details'!G29 -> 0 | DH9: ='3. Deliverability Details'!H29 -> 0 | DI9: ='3. Deliverability Details'!I29 -> 0 | DJ9: ='3. Deliverability Details'!J29 -> 0 | DK9: ='3. Deliverability Details'!K29 -> 0 | DL9: ='4. Financial Detail'!E13 -> 0 | DM9: ='4. Financial Detail'!F13 -> 0 | DN9: ='4. Financial Detail'!G13 -> 0 | DO9: ='4. Financial Detail'!H13 -> 0 | DP9: ='4. Financial Detail'!I13 -> 0 | DQ9: ='4. Financial Detail'!J13 -> 0 | DR9: ='4. Financial Detail'!K13 -> 0 | DS9: ='4. Financial Detail'!L13 -> 0 | ... EF9: ='4. Financial Detail'!Y13 | EG9: ='4. Financial Detail'!E28 -> 0 | EH9: ='4. Financial Detail'!F28 -> TRUE | EI9: ='4. Financial Detail'!G28 | EJ9: ='4. Financial Detail'!H28 | EK9: ='4. Financial Detail'!I28 -> 0 | EL9: ='4. Financial Detail'!J28 -> 0 | EM9: ='4. Financial Detail'!K28 -> 0 | EN9: ='4. Financial Detail'!L28 -> 0 | ... EV9: ='4. Financial Detail'!T28
B10: ='6. Summary & Declaration'!$G$23 -> 0 | C10: ='2. Technical Details'!D14 -> 0 | D10: ='2. Technical Details'!E14 -> 0 | E10: ='2. Technical Details'!F14 -> 0 | F10: ='2. Technical Details'!G14 -> Please select | G10: ='2. Technical Details'!H14 -> 0 | H10: ='2. Technical Details'!I14 -> FALSE | I10: ='2. Technical Details'!J14 -> FALSE | J10: ='2. Technical Details'!K14 -> FALSE | ... AJ10: ='2. Technical Details'!AK14 -> 0 | AK10: ='2. Technical Details'!E30 -> 0 | AL10: ='2. Technical Details'!F30 -> 0 | AM10: ='2. Technical Details'!G30 -> 0 | AN10: ='2. Technical Details'!H30 -> 0 | AO10: ='2. Technical Details'!I30 -> FALSE | AP10: ='2. Technical Details'!J30 -> FALSE | AQ10: ='2. Technical Details'!K30 -> FALSE | AR10: ='2. Technical Details'!L30 -> Please select | ... AU10: ='2. Technical Details'!O30 -> FALSE | AV10: ='2. Technical Details'!#REF! -> #REF! | AW10: ='2. Technical Details'!P30 -> 0 | AX10: ='2. Technical Details'!Q30 -> FALSE | AY10: ='2. Technical Details'!R30 -> FALSE | AZ10: ='2. Technical Details'!S30 -> FALSE | BA10: ='2. Technical Details'!T30 -> FALSE | BB10: ='2. Technical Details'!U30 -> FALSE | BC10: ='2. Technical Details'!V30 -> 0 | BD10: ='2. Technical Details'!W30 -> 0 | BE10: ='2. Technical Details'!X30 -> 0 | BF10: ='2. Technical Details'!E45 -> 0 | BG10: ='2. Technical Details'!F45 -> 0 | BH10: ='2. Technical Details'!G45 -> 0 | BI10: ='2. Technical Details'!H45 -> 0 | BJ10: ='2. Technical Details'!I45 -> 0 | BK10: ='2. Technical Details'!J45 | BL10: ='2. Technical Details'!K45 -> FALSE | BM10: ='2. Technical Details'!L45 -> 0 | ... CP10: ='2. Technical Details'!AO45 | CQ10: ='3. Deliverability Details'!E14 -> 0 | CR10: ='3. Deliverability Details'!F14 -> 0 | CS10: ='3. Deliverability Details'!G14 -> 0 | CT10: ='3. Deliverability Details'!H14 -> 0 | CU10: ='3. Deliverability Details'!I14 -> 0 | CV10: ='3. Deliverability Details'!J14 -> 0 | CW10: ='3. Deliverability Details'!K14 -> 0 | CX10: ='3. Deliverability Details'!L14 -> 0 | ... DD10: ='3. Deliverability Details'!R14 -> FALSE | DE10: ='3. Deliverability Details'!E30 -> 0 | DF10: ='3. Deliverability Details'!F30 -> 0 | DG10: ='3. Deliverability Details'!G30 -> 0 | DH10: ='3. Deliverability Details'!H30 -> 0 | DI10: ='3. Deliverability Details'!I30 -> 0 | DJ10: ='3. Deliverability Details'!J30 -> 0 | DK10: ='3. Deliverability Details'!K30 -> 0 | DL10: ='4. Financial Detail'!E14 -> 0 | DM10: ='4. Financial Detail'!F14 -> 0 | DN10: ='4. Financial Detail'!G14 -> 0 | DO10: ='4. Financial Detail'!H14 -> 0 | DP10: ='4. Financial Detail'!I14 -> 0 | DQ10: ='4. Financial Detail'!J14 -> 0 | DR10: ='4. Financial Detail'!K14 -> 0 | DS10: ='4. Financial Detail'!L14 -> 0 | ... EF10: ='4. Financial Detail'!Y14 | EG10: ='4. Financial Detail'!E29 -> 0 | EH10: ='4. Financial Detail'!F29 -> TRUE | EI10: ='4. Financial Detail'!G29 | EJ10: ='4. Financial Detail'!H29 | EK10: ='4. Financial Detail'!I29 -> 0 | EL10: ='4. Financial Detail'!J29 -> 0 | EM10: ='4. Financial Detail'!K29 -> 0 | EN10: ='4. Financial Detail'!L29 -> 0 | ... EV10: ='4. Financial Detail'!T29
B11: ='6. Summary & Declaration'!$G$23 -> 0 | C11: ='2. Technical Details'!D15 -> 0 | D11: ='2. Technical Details'!E15 -> 0 | E11: ='2. Technical Details'!F15 -> 0 | F11: ='2. Technical Details'!G15 -> Please select | G11: ='2. Technical Details'!H15 -> 0 | H11: ='2. Technical Details'!I15 -> FALSE | I11: ='2. Technical Details'!J15 -> FALSE | J11: ='2. Technical Details'!K15 -> FALSE | ... AJ11: ='2. Technical Details'!AK15 -> 0 | AK11: ='2. Technical Details'!E31 -> 0 | AL11: ='2. Technical Details'!F31 -> 0 | AM11: ='2. Technical Details'!G31 -> 0 | AN11: ='2. Technical Details'!H31 -> 0 | AO11: ='2. Technical Details'!I31 -> FALSE | AP11: ='2. Technical Details'!J31 -> FALSE | AQ11: ='2. Technical Details'!K31 -> FALSE | AR11: ='2. Technical Details'!L31 -> Please select | ... AU11: ='2. Technical Details'!O31 -> FALSE | AV11: ='2. Technical Details'!#REF! -> #REF! | AW11: ='2. Technical Details'!P31 -> 0 | AX11: ='2. Technical Details'!Q31 -> FALSE | AY11: ='2. Technical Details'!R31 -> FALSE | AZ11: ='2. Technical Details'!S31 -> FALSE | BA11: ='2. Technical Details'!T31 -> FALSE | BB11: ='2. Technical Details'!U31 -> FALSE | BC11: ='2. Technical Details'!V31 -> 0 | BD11: ='2. Technical Details'!W31 -> 0 | BE11: ='2. Technical Details'!X31 -> 0 | BF11: ='2. Technical Details'!E46 -> 0 | BG11: ='2. Technical Details'!F46 -> 0 | BH11: ='2. Technical Details'!G46 -> 0 | BI11: ='2. Technical Details'!H46 -> 0 | BJ11: ='2. Technical Details'!I46 -> 0 | BK11: ='2. Technical Details'!J46 | BL11: ='2. Technical Details'!K46 -> FALSE | BM11: ='2. Technical Details'!L46 -> 0 | ... CP11: ='2. Technical Details'!AO46 | CQ11: ='3. Deliverability Details'!E15 -> 0 | CR11: ='3. Deliverability Details'!F15 -> 0 | CS11: ='3. Deliverability Details'!G15 -> 0 | CT11: ='3. Deliverability Details'!H15 -> 0 | CU11: ='3. Deliverability Details'!I15 -> 0 | CV11: ='3. Deliverability Details'!J15 -> 0 | CW11: ='3. Deliverability Details'!K15 -> 0 | CX11: ='3. Deliverability Details'!L15 -> 0 | ... DD11: ='3. Deliverability Details'!R15 -> FALSE | DE11: ='3. Deliverability Details'!E31 -> 0 | DF11: ='3. Deliverability Details'!F31 -> 0 | DG11: ='3. Deliverability Details'!G31 -> 0 | DH11: ='3. Deliverability Details'!H31 -> 0 | DI11: ='3. Deliverability Details'!I31 -> 0 | DJ11: ='3. Deliverability Details'!J31 -> 0 | DK11: ='3. Deliverability Details'!K31 -> 0 | DL11: ='4. Financial Detail'!E15 -> 0 | DM11: ='4. Financial Detail'!F15 -> 0 | DN11: ='4. Financial Detail'!G15 -> 0 | DO11: ='4. Financial Detail'!H15 -> 0 | DP11: ='4. Financial Detail'!I15 -> 0 | DQ11: ='4. Financial Detail'!J15 -> 0 | DR11: ='4. Financial Detail'!K15 -> 0 | DS11: ='4. Financial Detail'!L15 -> 0 | ... EF11: ='4. Financial Detail'!Y15 | EG11: ='4. Financial Detail'!E30 -> 0 | EH11: ='4. Financial Detail'!F30 -> TRUE | EI11: ='4. Financial Detail'!G30 | EJ11: ='4. Financial Detail'!H30 | EK11: ='4. Financial Detail'!I30 -> 0 | EL11: ='4. Financial Detail'!J30 -> 0 | EM11: ='4. Financial Detail'!K30 -> 0 | EN11: ='4. Financial Detail'!L30 -> 0 | ... EV11: ='4. Financial Detail'!T30
B12: ='6. Summary & Declaration'!$G$23 -> 0 | C12: ='2. Technical Details'!D16 -> 0 | D12: ='2. Technical Details'!E16 -> 0 | E12: ='2. Technical Details'!F16 -> 0 | F12: ='2. Technical Details'!G16 -> Please select | G12: ='2. Technical Details'!H16 -> 0 | H12: ='2. Technical Details'!I16 -> FALSE | I12: ='2. Technical Details'!J16 -> FALSE | J12: ='2. Technical Details'!K16 -> FALSE | ... AJ12: ='2. Technical Details'!AK16 -> 0 | AK12: ='2. Technical Details'!E32 -> 0 | AL12: ='2. Technical Details'!F32 -> 0 | AM12: ='2. Technical Details'!G32 -> 0 | AN12: ='2. Technical Details'!H32 -> 0 | AO12: ='2. Technical Details'!I32 -> FALSE | AP12: ='2. Technical Details'!J32 -> FALSE | AQ12: ='2. Technical Details'!K32 -> FALSE | AR12: ='2. Technical Details'!L32 -> Please select | ... AU12: ='2. Technical Details'!O32 -> FALSE | AV12: ='2. Technical Details'!#REF! -> #REF! | AW12: ='2. Technical Details'!P32 -> 0 | AX12: ='2. Technical Details'!Q32 -> FALSE | AY12: ='2. Technical Details'!R32 -> FALSE | AZ12: ='2. Technical Details'!S32 -> FALSE | BA12: ='2. Technical Details'!T32 -> FALSE | BB12: ='2. Technical Details'!U32 -> FALSE | BC12: ='2. Technical Details'!V32 -> 0 | BD12: ='2. Technical Details'!W32 -> 0 | BE12: ='2. Technical Details'!X32 -> 0 | BF12: ='2. Technical Details'!E47 -> 0 | BG12: ='2. Technical Details'!F47 -> 0 | BH12: ='2. Technical Details'!G47 -> 0 | BI12: ='2. Technical Details'!H47 -> 0 | BJ12: ='2. Technical Details'!I47 -> 0 | BK12: ='2. Technical Details'!J47 | BL12: ='2. Technical Details'!K47 -> FALSE | BM12: ='2. Technical Details'!L47 -> 0 | ... CP12: ='2. Technical Details'!AO47 | CQ12: ='3. Deliverability Details'!E16 -> 0 | CR12: ='3. Deliverability Details'!F16 -> 0 | CS12: ='3. Deliverability Details'!G16 -> 0 | CT12: ='3. Deliverability Details'!H16 -> 0 | CU12: ='3. Deliverability Details'!I16 -> 0 | CV12: ='3. Deliverability Details'!J16 -> 0 | CW12: ='3. Deliverability Details'!K16 -> 0 | CX12: ='3. Deliverability Details'!L16 -> 0 | ... DD12: ='3. Deliverability Details'!R16 -> FALSE | DE12: ='3. Deliverability Details'!E32 -> 0 | DF12: ='3. Deliverability Details'!F32 -> 0 | DG12: ='3. Deliverability Details'!G32 -> 0 | DH12: ='3. Deliverability Details'!H32 -> 0 | DI12: ='3. Deliverability Details'!I32 -> 0 | DJ12: ='3. Deliverability Details'!J32 -> 0 | DK12: ='3. Deliverability Details'!K32 -> 0 | DL12: ='4. Financial Detail'!E16 -> 0 | DM12: ='4. Financial Detail'!F16 -> 0 | DN12: ='4. Financial Detail'!G16 -> 0 | DO12: ='4. Financial Detail'!H16 -> 0 | DP12: ='4. Financial Detail'!I16 -> 0 | DQ12: ='4. Financial Detail'!J16 -> 0 | DR12: ='4. Financial Detail'!K16 -> 0 | DS12: ='4. Financial Detail'!L16 -> 0 | ... EF12: ='4. Financial Detail'!Y16 | EG12: ='4. Financial Detail'!E31 -> 0 | EH12: ='4. Financial Detail'!F31 -> TRUE | EI12: ='4. Financial Detail'!G31 | EJ12: ='4. Financial Detail'!H31 | EK12: ='4. Financial Detail'!I31 -> 0 | EL12: ='4. Financial Detail'!J31 -> 0 | EM12: ='4. Financial Detail'!K31 -> 0 | EN12: ='4. Financial Detail'!L31 -> 0 | ... EV12: ='4. Financial Detail'!T31
B13: ='6. Summary & Declaration'!$G$23 -> 0 | C13: ='2. Technical Details'!D17 -> 0 | D13: ='2. Technical Details'!E17 -> 0 | E13: ='2. Technical Details'!F17 -> 0 | F13: ='2. Technical Details'!G17 -> Please select | G13: ='2. Technical Details'!H17 -> 0 | H13: ='2. Technical Details'!I17 -> FALSE | I13: ='2. Technical Details'!J17 -> FALSE | J13: ='2. Technical Details'!K17 -> FALSE | ... AJ13: ='2. Technical Details'!AK17 -> 0 | AK13: ='2. Technical Details'!E33 -> 0 | AL13: ='2. Technical Details'!F33 -> 0 | AM13: ='2. Technical Details'!G33 -> 0 | AN13: ='2. Technical Details'!H33 -> 0 | AO13: ='2. Technical Details'!I33 -> FALSE | AP13: ='2. Technical Details'!J33 -> FALSE | AQ13: ='2. Technical Details'!K33 -> FALSE | AR13: ='2. Technical Details'!L33 -> Please select | ... AU13: ='2. Technical Details'!O33 -> FALSE | AV13: ='2. Technical Details'!#REF! -> #REF! | AW13: ='2. Technical Details'!P33 -> 0 | AX13: ='2. Technical Details'!Q33 -> FALSE | AY13: ='2. Technical Details'!R33 -> FALSE | AZ13: ='2. Technical Details'!S33 -> FALSE | BA13: ='2. Technical Details'!T33 -> FALSE | BB13: ='2. Technical Details'!U33 -> FALSE | BC13: ='2. Technical Details'!V33 -> 0 | BD13: ='2. Technical Details'!W33 -> 0 | BE13: ='2. Technical Details'!X33 -> 0 | BF13: ='2. Technical Details'!E48 -> 0 | BG13: ='2. Technical Details'!F48 -> 0 | BH13: ='2. Technical Details'!G48 -> 0 | BI13: ='2. Technical Details'!H48 -> 0 | BJ13: ='2. Technical Details'!I48 -> 0 | BK13: ='2. Technical Details'!J48 | BL13: ='2. Technical Details'!K48 -> FALSE | BM13: ='2. Technical Details'!L48 -> 0 | ... CP13: ='2. Technical Details'!AO48 | CQ13: ='3. Deliverability Details'!E17 -> 0 | CR13: ='3. Deliverability Details'!F17 -> 0 | CS13: ='3. Deliverability Details'!G17 -> 0 | CT13: ='3. Deliverability Details'!H17 -> 0 | CU13: ='3. Deliverability Details'!I17 -> 0 | CV13: ='3. Deliverability Details'!J17 -> 0 | CW13: ='3. Deliverability Details'!K17 -> 0 | CX13: ='3. Deliverability Details'!L17 -> 0 | ... DD13: ='3. Deliverability Details'!R17 -> FALSE | DE13: ='3. Deliverability Details'!E33 -> 0 | DF13: ='3. Deliverability Details'!F33 -> 0 | DG13: ='3. Deliverability Details'!G33 -> 0 | DH13: ='3. Deliverability Details'!H33 -> 0 | DI13: ='3. Deliverability Details'!I33 -> 0 | DJ13: ='3. Deliverability Details'!J33 -> 0 | DK13: ='3. Deliverability Details'!K33 -> 0 | DL13: ='4. Financial Detail'!E17 -> 0 | DM13: ='4. Financial Detail'!F17 -> 0 | DN13: ='4. Financial Detail'!G17 -> 0 | DO13: ='4. Financial Detail'!H17 -> 0 | DP13: ='4. Financial Detail'!I17 -> 0 | DQ13: ='4. Financial Detail'!J17 -> 0 | DR13: ='4. Financial Detail'!K17 -> 0 | DS13: ='4. Financial Detail'!L17 -> 0 | ... EF13: ='4. Financial Detail'!Y17 | EG13: ='4. Financial Detail'!E32 -> 0 | EH13: ='4. Financial Detail'!F32 -> TRUE | EI13: ='4. Financial Detail'!G32 | EJ13: ='4. Financial Detail'!H32 | EK13: ='4. Financial Detail'!I32 -> 0 | EL13: ='4. Financial Detail'!J32 -> 0 | EM13: ='4. Financial Detail'!K32 -> 0 | EN13: ='4. Financial Detail'!L32 -> 0 | ... EV13: ='4. Financial Detail'!T32
B14: ='6. Summary & Declaration'!$G$23 -> 0 | C14: ='2. Technical Details'!D18 -> 0 | D14: ='2. Technical Details'!E18 -> 0 | E14: ='2. Technical Details'!F18 -> 0 | F14: ='2. Technical Details'!G18 -> Please select | G14: ='2. Technical Details'!H18 -> 0 | H14: ='2. Technical Details'!I18 -> FALSE | I14: ='2. Technical Details'!J18 -> FALSE | J14: ='2. Technical Details'!K18 -> FALSE | ... AJ14: ='2. Technical Details'!AK18 -> 0 | AK14: ='2. Technical Details'!E34 -> 0 | AL14: ='2. Technical Details'!F34 -> 0 | AM14: ='2. Technical Details'!G34 -> 0 | AN14: ='2. Technical Details'!H34 -> 0 | AO14: ='2. Technical Details'!I34 -> FALSE | AP14: ='2. Technical Details'!J34 -> FALSE | AQ14: ='2. Technical Details'!K34 -> FALSE | AR14: ='2. Technical Details'!L34 -> Please select | ... AU14: ='2. Technical Details'!O34 -> FALSE | AV14: ='2. Technical Details'!#REF! -> #REF! | AW14: ='2. Technical Details'!P34 -> 0 | AX14: ='2. Technical Details'!Q34 -> FALSE | AY14: ='2. Technical Details'!R34 -> FALSE | AZ14: ='2. Technical Details'!S34 -> FALSE | BA14: ='2. Technical Details'!T34 -> FALSE | BB14: ='2. Technical Details'!U34 -> FALSE | BC14: ='2. Technical Details'!V34 -> 0 | BD14: ='2. Technical Details'!W34 -> 0 | BE14: ='2. Technical Details'!X34 -> 0 | BF14: ='2. Technical Details'!E49 -> 0 | BG14: ='2. Technical Details'!F49 -> 0 | BH14: ='2. Technical Details'!G49 -> 0 | BI14: ='2. Technical Details'!H49 -> 0 | BJ14: ='2. Technical Details'!I49 -> 0 | BK14: ='2. Technical Details'!J49 | BL14: ='2. Technical Details'!K49 -> FALSE | BM14: ='2. Technical Details'!L49 -> 0 | ... CP14: ='2. Technical Details'!AO49 | CQ14: ='3. Deliverability Details'!E18 -> 0 | CR14: ='3. Deliverability Details'!F18 -> 0 | CS14: ='3. Deliverability Details'!G18 -> 0 | CT14: ='3. Deliverability Details'!H18 -> 0 | CU14: ='3. Deliverability Details'!I18 -> 0 | CV14: ='3. Deliverability Details'!J18 -> 0 | CW14: ='3. Deliverability Details'!K18 -> 0 | CX14: ='3. Deliverability Details'!L18 -> 0 | ... DD14: ='3. Deliverability Details'!R18 -> FALSE | DE14: ='3. Deliverability Details'!E34 -> 0 | DF14: ='3. Deliverability Details'!F34 -> 0 | DG14: ='3. Deliverability Details'!G34 -> 0 | DH14: ='3. Deliverability Details'!H34 -> 0 | DI14: ='3. Deliverability Details'!I34 -> 0 | DJ14: ='3. Deliverability Details'!J34 -> 0 | DK14: ='3. Deliverability Details'!K34 -> 0 | DL14: ='4. Financial Detail'!E18 -> 0 | DM14: ='4. Financial Detail'!F18 -> 0 | DN14: ='4. Financial Detail'!G18 -> 0 | DO14: ='4. Financial Detail'!H18 -> 0 | DP14: ='4. Financial Detail'!I18 -> 0 | DQ14: ='4. Financial Detail'!J18 -> 0 | DR14: ='4. Financial Detail'!K18 -> 0 | DS14: ='4. Financial Detail'!L18 -> 0 | ... EF14: ='4. Financial Detail'!Y18 | EG14: ='4. Financial Detail'!E33 -> 0 | EH14: ='4. Financial Detail'!F33 -> TRUE | EI14: ='4. Financial Detail'!G33 | EJ14: ='4. Financial Detail'!H33 | EK14: ='4. Financial Detail'!I33 -> 0 | EL14: ='4. Financial Detail'!J33 -> 0 | EM14: ='4. Financial Detail'!K33 -> 0 | EN14: ='4. Financial Detail'!L33 -> 0 | ... EV14: ='4. Financial Detail'!T33

Sheet Export - current tracker
B3: Organisation Name | C3: Building Name(s) | D3: Site Type | E3: Site m2 | F3: Grant Status (Site Status tab) | G3: Year 1 Grant Request (£) | H3: Year 2 Grant Request (£) | I3: Year 3 Grant Request (£) | J3: Total Grant Request (£) | K3: Total Project Cost (£) | L3: Total grant request as % of total project cost | M3: Existing annual heat demand kWh | N3: New annual heat demand kWh | O3: Fossil Fuel Efficiency | P3: SCoP | Q3: Current Annual Fossil Fuel Demand (kWh) | R3: Projected Annual Electricity Demand (kWh) | S3: Original heating fuel | T3: Projected heat source | U3: 1st year kgCO2e Savings | V3: Lifetime (15yr) CO2 savings | W3: Procurement Position | X3: Planning Position | Y3: Design Stage | Z3: DNO Position | AA3: Carbon Criteria | AB3: Deliverability Confidence | AC3: Comments (other funding / interactions) | AD3: Technical Clarifications | AE3: Technical Review Result | AF3: Year 1 - Technical Pass Value | AG3: Year 2 - Technical Pass Value | AH3: Year 3 - Technical Pass Value | AI3: CT's Recommendation to WG | AJ3: Date Recommended | AK3: Year 1 Recommended Value (£) | AL3: Year 2 Recommended Value (£) | AM3: Year 3 Recommended Value (£) | AN3: Comments | AO3: WG Approval | AP3: Year 1 Value Approved | AQ3: Year 2 Value Approved | AR3: Year 3 Value Approved | AS3: Total Value Approved (£) | AT3: Date Approved | AU3: Notes/Queries | AV3: Grant Conditions | AW3: Condition deadline (Date) | AX3: Written approval? | AY3: Ready to award?(Y/N) | AZ3: Confirmation Email Sent Date | BA3: Authorised signatory name | BB3: Authorised signatory email | BC3: GOL Sent (Date) | BD3: GOL Returned (Date) | BE3: Award Notes | BF3: Site demand/m2 (kWh/m2) | BG3: Site m2/kW | BH3: Total capacity installed (kW) | BI3: Final Design and Project Management (£ Project / kW) | BJ3: Equipment Costs - Heat Plant (£ Project / kW) | BK3: Building Fabric Works (£ Project / kW) | BL3: Enabling Works (£ Project / kW) | BM3: Efficiency works (£ Project / kW) | BN3: DNO Costs (£ Project / kW) | BO3: Installation and Commissioning Costs (£ Project / kW) | BP3: Total costs (£ Project / kW) | BQ3: Equipment costs (£ Project / kgCO2e) | BR3: Design - Enabling - Fabric - Efficiency - Installation Costs (£ Project /kgCO2e) | BS3: £ Project/kgCO2e Savings Lifetime (15) | BT3: £ award/kgCO2e Savings Lifetime
B4: ='6. Summary & Declaration'!G23 -> 0 | C4: ='2. Technical Details'!D40 | D4: ='2. Technical Details'!G9 -> Please select | E4: ='2. Technical Details'!H9 -> 0 | J4: ='6. Summary & Declaration'!G74 | K4: ='6. Summary & Declaration'!H74 | L4: ='6. Summary & Declaration'!I74 | M4: ='2. Technical Details'!AH9 -> 0 | N4: ='2. Technical Details'!Y40 -> 0 | O4: ='2. Technical Details'!R9 -> 0 | P4: ='2. Technical Details'!AM40 -> 0 | Q4: =SUM('2. Technical Details'!Q9,'2. Technical Details'!X9,'2. Technical Details'!AE9) -> 0 | R4: =SUM('2. Technical Details'!H40,'2. Technical Details'!O40,'2. Technical Details'!V40) -> 0 | S4: ='2. Technical Details'!N9 -> 0 | T4: ='2. Technical Details'!F40 -> 0 | U4: ='2. Technical Details'!AF40 -> 0 | V4: ='2. Technical Details'!AG40 -> 0 | W4: ='3. Deliverability Details'!G9 -> 0 | X4: ='3. Deliverability Details'!F9 -> 0 | Y4: ='3. Deliverability Details'!E9 -> 0 | Z4: ='3. Deliverability Details'!H9 -> 0 | BF4: ='2. Technical Details'!AH9/'2. Technical Details'!H9 -> #DIV/0! | BG4: ='2. Technical Details'!AI9/'2. Technical Details'!H9 -> #DIV/0! | BH4: ='2. Technical Details'!Z40 -> 0 | BI4: =('4. Financial Detail'!E9+'4. Financial Detail'!K9)/'Export - current tracker'!BH4 -> #DIV/0! | BJ4: ='4. Financial Detail'!V9 | BK4: ='4. Financial Detail'!H9/'Export - current tracker'!BH4 -> #DIV/0! | BL4: ='4. Financial Detail'!I9/BH4 -> #DIV/0! | BN4: ='4. Financial Detail'!J9/BH4 -> #DIV/0! | BO4: ='4. Financial Detail'!G9/'Export - current tracker'!BH4 -> #DIV/0! | BP4: ='4. Financial Detail'!L9/'Export - current tracker'!BH4 -> #DIV/0! | BQ4: ='4. Financial Detail'!F9/'Export - current tracker'!U4 -> #DIV/0! | BR4: =SUM('4. Financial Detail'!E9,'4. Financial Detail'!G9:K9)/U4 -> #DIV/0! | BS4: ='4. Financial Detail'!Y9 | BT4: ='4. Financial Detail'!Y9
B5: ='6. Summary & Declaration'!G24 -> 0 | C5: ='2. Technical Details'!D41 | D5: ='2. Technical Details'!G10 -> Please select | E5: ='2. Technical Details'!H10 -> 0 | J5: ='6. Summary & Declaration'!G75 | K5: ='6. Summary & Declaration'!H75 | L5: ='6. Summary & Declaration'!I75 | M5: ='2. Technical Details'!AH10 -> 0 | N5: ='2. Technical Details'!Y41 -> 0 | O5: ='2. Technical Details'!R10 -> 0 | P5: ='2. Technical Details'!AM41 -> 0 | Q5: =SUM('2. Technical Details'!Q10,'2. Technical Details'!X10,'2. Technical Details'!AE10) -> 0 | R5: =SUM('2. Technical Details'!H41,'2. Technical Details'!O41,'2. Technical Details'!V41) -> 0 | S5: ='2. Technical Details'!N10 -> 0 | T5: ='2. Technical Details'!F41 -> 0 | U5: ='2. Technical Details'!AF41 -> 0 | V5: ='2. Technical Details'!AG41 -> 0 | W5: ='3. Deliverability Details'!G10 -> 0 | X5: ='3. Deliverability Details'!F10 -> 0 | Y5: ='3. Deliverability Details'!E10 -> 0 | Z5: ='3. Deliverability Details'!H10 -> 0 | BF5: ='2. Technical Details'!AH10/'2. Technical Details'!H10 -> #DIV/0! | BG5: ='2. Technical Details'!AI10/'2. Technical Details'!H10 -> #DIV/0! | BH5: ='2. Technical Details'!Z41 -> 0 | BI5: =('4. Financial Detail'!E10+'4. Financial Detail'!K10)/'Export - current tracker'!BH5 -> #DIV/0! | BJ5: ='4. Financial Detail'!V10 | BK5: ='4. Financial Detail'!H10/'Export - current tracker'!BH5 -> #DIV/0! | BL5: ='4. Financial Detail'!I10/BH5 -> #DIV/0! | BN5: ='4. Financial Detail'!J10/BH5 -> #DIV/0! | BO5: ='4. Financial Detail'!G10/'Export - current tracker'!BH5 -> #DIV/0! | BP5: ='4. Financial Detail'!L10/'Export - current tracker'!BH5 -> #DIV/0! | BQ5: ='4. Financial Detail'!F10/'Export - current tracker'!U5 -> #DIV/0! | BR5: =SUM('4. Financial Detail'!E10,'4. Financial Detail'!G10:K10)/U5 -> #DIV/0! | BS5: ='4. Financial Detail'!Y10 | BT5: ='4. Financial Detail'!Y10
B6: ='6. Summary & Declaration'!G25 -> 0 | C6: ='2. Technical Details'!D42 | D6: ='2. Technical Details'!G11 -> Please select | E6: ='2. Technical Details'!H11 -> 0 | J6: ='6. Summary & Declaration'!G76 | K6: ='6. Summary & Declaration'!H76 | L6: ='6. Summary & Declaration'!I76 | M6: ='2. Technical Details'!AH11 -> 0 | N6: ='2. Technical Details'!Y42 -> 0 | O6: ='2. Technical Details'!R11 -> 0 | P6: ='2. Technical Details'!AM42 -> 0 | Q6: =SUM('2. Technical Details'!Q11,'2. Technical Details'!X11,'2. Technical Details'!AE11) -> 0 | R6: =SUM('2. Technical Details'!H42,'2. Technical Details'!O42,'2. Technical Details'!V42) -> 0 | S6: ='2. Technical Details'!N11 -> 0 | T6: ='2. Technical Details'!F42 -> 0 | U6: ='2. Technical Details'!AF42 -> 0 | V6: ='2. Technical Details'!AG42 -> 0 | W6: ='3. Deliverability Details'!G11 -> 0 | X6: ='3. Deliverability Details'!F11 -> 0 | Y6: ='3. Deliverability Details'!E11 -> 0 | Z6: ='3. Deliverability Details'!H11 -> 0 | BF6: ='2. Technical Details'!AH11/'2. Technical Details'!H11 -> #DIV/0! | BG6: ='2. Technical Details'!AI11/'2. Technical Details'!H11 -> #DIV/0! | BH6: ='2. Technical Details'!Z42 -> 0 | BI6: =('4. Financial Detail'!E11+'4. Financial Detail'!K11)/'Export - current tracker'!BH6 -> #DIV/0! | BJ6: ='4. Financial Detail'!V11 | BK6: ='4. Financial Detail'!H11/'Export - current tracker'!BH6 -> #DIV/0! | BL6: ='4. Financial Detail'!I11/BH6 -> #DIV/0! | BN6: ='4. Financial Detail'!J11/BH6 -> #DIV/0! | BO6: ='4. Financial Detail'!G11/'Export - current tracker'!BH6 -> #DIV/0! | BP6: ='4. Financial Detail'!L11/'Export - current tracker'!BH6 -> #DIV/0! | BQ6: ='4. Financial Detail'!F11/'Export - current tracker'!U6 -> #DIV/0! | BR6: =SUM('4. Financial Detail'!E11,'4. Financial Detail'!G11:K11)/U6 -> #DIV/0! | BS6: ='4. Financial Detail'!Y11 | BT6: ='4. Financial Detail'!Y11
B7: ='6. Summary & Declaration'!G26 -> 0 | C7: ='2. Technical Details'!D43 | D7: ='2. Technical Details'!G12 -> Please select | E7: ='2. Technical Details'!H12 -> 0 | J7: ='6. Summary & Declaration'!G77 | K7: ='6. Summary & Declaration'!H77 | L7: ='6. Summary & Declaration'!I77 | M7: ='2. Technical Details'!AH12 -> 0 | N7: ='2. Technical Details'!Y43 -> 0 | O7: ='2. Technical Details'!R12 -> 0 | P7: ='2. Technical Details'!AM43 -> 0 | Q7: =SUM('2. Technical Details'!Q12,'2. Technical Details'!X12,'2. Technical Details'!AE12) -> 0 | R7: =SUM('2. Technical Details'!H43,'2. Technical Details'!O43,'2. Technical Details'!V43) -> 0 | S7: ='2. Technical Details'!N12 -> 0 | T7: ='2. Technical Details'!F43 -> 0 | U7: ='2. Technical Details'!AF43 -> 0 | V7: ='2. Technical Details'!AG43 -> 0 | W7: ='3. Deliverability Details'!G12 -> 0 | X7: ='3. Deliverability Details'!F12 -> 0 | Y7: ='3. Deliverability Details'!E12 -> 0 | Z7: ='3. Deliverability Details'!H12 -> 0 | BF7: ='2. Technical Details'!AH12/'2. Technical Details'!H12 -> #DIV/0! | BG7: ='2. Technical Details'!AI12/'2. Technical Details'!H12 -> #DIV/0! | BH7: ='2. Technical Details'!Z43 -> 0 | BI7: =('4. Financial Detail'!E12+'4. Financial Detail'!K12)/'Export - current tracker'!BH7 -> #DIV/0! | BJ7: ='4. Financial Detail'!V12 | BK7: ='4. Financial Detail'!H12/'Export - current tracker'!BH7 -> #DIV/0! | BL7: ='4. Financial Detail'!I12/BH7 -> #DIV/0! | BN7: ='4. Financial Detail'!J12/BH7 -> #DIV/0! | BO7: ='4. Financial Detail'!G12/'Export - current tracker'!BH7 -> #DIV/0! | BP7: ='4. Financial Detail'!L12/'Export - current tracker'!BH7 -> #DIV/0! | BQ7: ='4. Financial Detail'!F12/'Export - current tracker'!U7 -> #DIV/0! | BR7: =SUM('4. Financial Detail'!E12,'4. Financial Detail'!G12:K12)/U7 -> #DIV/0! | BS7: ='4. Financial Detail'!Y12 | BT7: ='4. Financial Detail'!Y12
B8: ='6. Summary & Declaration'!G27 -> 0 | C8: ='2. Technical Details'!D44 | D8: ='2. Technical Details'!G13 -> Please select | E8: ='2. Technical Details'!H13 -> 0 | J8: ='6. Summary & Declaration'!G78 | K8: ='6. Summary & Declaration'!H78 | L8: ='6. Summary & Declaration'!I78 | M8: ='2. Technical Details'!AH13 -> 0 | N8: ='2. Technical Details'!Y44 -> 0 | O8: ='2. Technical Details'!R13 -> 0 | P8: ='2. Technical Details'!AM44 -> 0 | Q8: =SUM('2. Technical Details'!Q13,'2. Technical Details'!X13,'2. Technical Details'!AE13) -> 0 | R8: =SUM('2. Technical Details'!H44,'2. Technical Details'!O44,'2. Technical Details'!V44) -> 0 | S8: ='2. Technical Details'!N13 -> 0 | T8: ='2. Technical Details'!F44 -> 0 | U8: ='2. Technical Details'!AF44 -> 0 | V8: ='2. Technical Details'!AG44 -> 0 | W8: ='3. Deliverability Details'!G13 -> 0 | X8: ='3. Deliverability Details'!F13 -> 0 | Y8: ='3. Deliverability Details'!E13 -> 0 | Z8: ='3. Deliverability Details'!H13 -> 0 | BF8: ='2. Technical Details'!AH13/'2. Technical Details'!H13 -> #DIV/0! | BG8: ='2. Technical Details'!AI13/'2. Technical Details'!H13 -> #DIV/0! | BH8: ='2. Technical Details'!Z44 -> 0 | BI8: =('4. Financial Detail'!E13+'4. Financial Detail'!K13)/'Export - current tracker'!BH8 -> #DIV/0! | BJ8: ='4. Financial Detail'!V13 | BK8: ='4. Financial Detail'!H13/'Export - current tracker'!BH8 -> #DIV/0! | BL8: ='4. Financial Detail'!I13/BH8 -> #DIV/0! | BN8: ='4. Financial Detail'!J13/BH8 -> #DIV/0! | BO8: ='4. Financial Detail'!G13/'Export - current tracker'!BH8 -> #DIV/0! | BP8: ='4. Financial Detail'!L13/'Export - current tracker'!BH8 -> #DIV/0! | BQ8: ='4. Financial Detail'!F13/'Export - current tracker'!U8 -> #DIV/0! | BR8: =SUM('4. Financial Detail'!E13,'4. Financial Detail'!G13:K13)/U8 -> #DIV/0! | BS8: ='4. Financial Detail'!Y13 | BT8: ='4. Financial Detail'!Y13
B9: ='6. Summary & Declaration'!G28 -> 0 | C9: ='2. Technical Details'!D45 | D9: ='2. Technical Details'!G14 -> Please select | E9: ='2. Technical Details'!H14 -> 0 | J9: ='6. Summary & Declaration'!G79 | K9: ='6. Summary & Declaration'!H79 | L9: ='6. Summary & Declaration'!I79 | M9: ='2. Technical Details'!AH14 -> 0 | N9: ='2. Technical Details'!Y45 -> 0 | O9: ='2. Technical Details'!R14 -> 0 | P9: ='2. Technical Details'!AM45 -> 0 | Q9: =SUM('2. Technical Details'!Q14,'2. Technical Details'!X14,'2. Technical Details'!AE14) -> 0 | R9: =SUM('2. Technical Details'!H45,'2. Technical Details'!O45,'2. Technical Details'!V45) -> 0 | S9: ='2. Technical Details'!N14 -> 0 | T9: ='2. Technical Details'!F45 -> 0 | U9: ='2. Technical Details'!AF45 -> 0 | V9: ='2. Technical Details'!AG45 -> 0 | W9: ='3. Deliverability Details'!G14 -> 0 | X9: ='3. Deliverability Details'!F14 -> 0 | Y9: ='3. Deliverability Details'!E14 -> 0 | Z9: ='3. Deliverability Details'!H14 -> 0 | BF9: ='2. Technical Details'!AH14/'2. Technical Details'!H14 -> #DIV/0! | BG9: ='2. Technical Details'!AI14/'2. Technical Details'!H14 -> #DIV/0! | BH9: ='2. Technical Details'!Z45 -> 0 | BI9: =('4. Financial Detail'!E14+'4. Financial Detail'!K14)/'Export - current tracker'!BH9 -> #DIV/0! | BJ9: ='4. Financial Detail'!V14 | BK9: ='4. Financial Detail'!H14/'Export - current tracker'!BH9 -> #DIV/0! | BL9: ='4. Financial Detail'!I14/BH9 -> #DIV/0! | BN9: ='4. Financial Detail'!J14/BH9 -> #DIV/0! | BO9: ='4. Financial Detail'!G14/'Export - current tracker'!BH9 -> #DIV/0! | BP9: ='4. Financial Detail'!L14/'Export - current tracker'!BH9 -> #DIV/0! | BQ9: ='4. Financial Detail'!F14/'Export - current tracker'!U9 -> #DIV/0! | BR9: =SUM('4. Financial Detail'!E14,'4. Financial Detail'!G14:K14)/U9 -> #DIV/0! | BS9: ='4. Financial Detail'!Y14 | BT9: ='4. Financial Detail'!Y14
B10: ='6. Summary & Declaration'!G29 -> 0 | C10: ='2. Technical Details'!D46 | D10: ='2. Technical Details'!G15 -> Please select | E10: ='2. Technical Details'!H15 -> 0 | J10: ='6. Summary & Declaration'!G80 | K10: ='6. Summary & Declaration'!H80 | L10: ='6. Summary & Declaration'!I80 | M10: ='2. Technical Details'!AH15 -> 0 | N10: ='2. Technical Details'!Y46 -> 0 | O10: ='2. Technical Details'!R15 -> 0 | P10: ='2. Technical Details'!AM46 -> 0 | Q10: =SUM('2. Technical Details'!Q15,'2. Technical Details'!X15,'2. Technical Details'!AE15) -> 0 | R10: =SUM('2. Technical Details'!H46,'2. Technical Details'!O46,'2. Technical Details'!V46) -> 0 | S10: ='2. Technical Details'!N15 -> 0 | T10: ='2. Technical Details'!F46 -> 0 | U10: ='2. Technical Details'!AF46 -> 0 | V10: ='2. Technical Details'!AG46 -> 0 | W10: ='3. Deliverability Details'!G15 -> 0 | X10: ='3. Deliverability Details'!F15 -> 0 | Y10: ='3. Deliverability Details'!E15 -> 0 | Z10: ='3. Deliverability Details'!H15 -> 0 | BF10: ='2. Technical Details'!AH15/'2. Technical Details'!H15 -> #DIV/0! | BG10: ='2. Technical Details'!AI15/'2. Technical Details'!H15 -> #DIV/0! | BH10: ='2. Technical Details'!Z46 -> 0 | BI10: =('4. Financial Detail'!E15+'4. Financial Detail'!K15)/'Export - current tracker'!BH10 -> #DIV/0! | BJ10: ='4. Financial Detail'!V15 | BK10: ='4. Financial Detail'!H15/'Export - current tracker'!BH10 -> #DIV/0! | BL10: ='4. Financial Detail'!I15/BH10 -> #DIV/0! | BN10: ='4. Financial Detail'!J15/BH10 -> #DIV/0! | BO10: ='4. Financial Detail'!G15/'Export - current tracker'!BH10 -> #DIV/0! | BP10: ='4. Financial Detail'!L15/'Export - current tracker'!BH10 -> #DIV/0! | BQ10: ='4. Financial Detail'!F15/'Export - current tracker'!U10 -> #DIV/0! | BR10: =SUM('4. Financial Detail'!E15,'4. Financial Detail'!G15:K15)/U10 -> #DIV/0! | BS10: ='4. Financial Detail'!Y15 | BT10: ='4. Financial Detail'!Y15
B11: ='6. Summary & Declaration'!G30 -> 0 | C11: ='2. Technical Details'!D47 | D11: ='2. Technical Details'!G16 -> Please select | E11: ='2. Technical Details'!H16 -> 0 | J11: ='6. Summary & Declaration'!G81 | K11: ='6. Summary & Declaration'!H81 | L11: ='6. Summary & Declaration'!I81 | M11: ='2. Technical Details'!AH16 -> 0 | N11: ='2. Technical Details'!Y47 -> 0 | O11: ='2. Technical Details'!R16 -> 0 | P11: ='2. Technical Details'!AM47 -> 0 | Q11: =SUM('2. Technical Details'!Q16,'2. Technical Details'!X16,'2. Technical Details'!AE16) -> 0 | R11: =SUM('2. Technical Details'!H47,'2. Technical Details'!O47,'2. Technical Details'!V47) -> 0 | S11: ='2. Technical Details'!N16 -> 0 | T11: ='2. Technical Details'!F47 -> 0 | U11: ='2. Technical Details'!AF47 -> 0 | V11: ='2. Technical Details'!AG47 -> 0 | W11: ='3. Deliverability Details'!G16 -> 0 | X11: ='3. Deliverability Details'!F16 -> 0 | Y11: ='3. Deliverability Details'!E16 -> 0 | Z11: ='3. Deliverability Details'!H16 -> 0 | BF11: ='2. Technical Details'!AH16/'2. Technical Details'!H16 -> #DIV/0! | BG11: ='2. Technical Details'!AI16/'2. Technical Details'!H16 -> #DIV/0! | BH11: ='2. Technical Details'!Z47 -> 0 | BI11: =('4. Financial Detail'!E16+'4. Financial Detail'!K16)/'Export - current tracker'!BH11 -> #DIV/0! | BJ11: ='4. Financial Detail'!V16 | BK11: ='4. Financial Detail'!H16/'Export - current tracker'!BH11 -> #DIV/0! | BL11: ='4. Financial Detail'!I16/BH11 -> #DIV/0! | BN11: ='4. Financial Detail'!J16/BH11 -> #DIV/0! | BO11: ='4. Financial Detail'!G16/'Export - current tracker'!BH11 -> #DIV/0! | BP11: ='4. Financial Detail'!L16/'Export - current tracker'!BH11 -> #DIV/0! | BQ11: ='4. Financial Detail'!F16/'Export - current tracker'!U11 -> #DIV/0! | BR11: =SUM('4. Financial Detail'!E16,'4. Financial Detail'!G16:K16)/U11 -> #DIV/0! | BS11: ='4. Financial Detail'!Y16 | BT11: ='4. Financial Detail'!Y16
B12: ='6. Summary & Declaration'!G31 -> 0 | C12: ='2. Technical Details'!D48 | D12: ='2. Technical Details'!G17 -> Please select | E12: ='2. Technical Details'!H17 -> 0 | J12: ='6. Summary & Declaration'!G82 | K12: ='6. Summary & Declaration'!H82 | L12: ='6. Summary & Declaration'!I82 | M12: ='2. Technical Details'!AH17 -> 0 | N12: ='2. Technical Details'!Y48 -> 0 | O12: ='2. Technical Details'!R17 -> 0 | P12: ='2. Technical Details'!AM48 -> 0 | Q12: =SUM('2. Technical Details'!Q17,'2. Technical Details'!X17,'2. Technical Details'!AE17) -> 0 | R12: =SUM('2. Technical Details'!H48,'2. Technical Details'!O48,'2. Technical Details'!V48) -> 0 | S12: ='2. Technical Details'!N17 -> 0 | T12: ='2. Technical Details'!F48 -> 0 | U12: ='2. Technical Details'!AF48 -> 0 | V12: ='2. Technical Details'!AG48 -> 0 | W12: ='3. Deliverability Details'!G17 -> 0 | X12: ='3. Deliverability Details'!F17 -> 0 | Y12: ='3. Deliverability Details'!E17 -> 0 | Z12: ='3. Deliverability Details'!H17 -> 0 | BF12: ='2. Technical Details'!AH17/'2. Technical Details'!H17 -> #DIV/0! | BG12: ='2. Technical Details'!AI17/'2. Technical Details'!H17 -> #DIV/0! | BH12: ='2. Technical Details'!Z48 -> 0 | BI12: =('4. Financial Detail'!E17+'4. Financial Detail'!K17)/'Export - current tracker'!BH12 -> #DIV/0! | BJ12: ='4. Financial Detail'!V17 | BK12: ='4. Financial Detail'!H17/'Export - current tracker'!BH12 -> #DIV/0! | BL12: ='4. Financial Detail'!I17/BH12 -> #DIV/0! | BN12: ='4. Financial Detail'!J17/BH12 -> #DIV/0! | BO12: ='4. Financial Detail'!G17/'Export - current tracker'!BH12 -> #DIV/0! | BP12: ='4. Financial Detail'!L17/'Export - current tracker'!BH12 -> #DIV/0! | BQ12: ='4. Financial Detail'!F17/'Export - current tracker'!U12 -> #DIV/0! | BR12: =SUM('4. Financial Detail'!E17,'4. Financial Detail'!G17:K17)/U12 -> #DIV/0! | BS12: ='4. Financial Detail'!Y17 | BT12: ='4. Financial Detail'!Y17
B13: ='6. Summary & Declaration'!G32 -> 0 | C13: ='2. Technical Details'!D49 | D13: ='2. Technical Details'!G18 -> Please select | E13: ='2. Technical Details'!H18 -> 0 | J13: ='6. Summary & Declaration'!G83 | K13: ='6. Summary & Declaration'!H83 | L13: ='6. Summary & Declaration'!I83 | M13: ='2. Technical Details'!AH18 -> 0 | N13: ='2. Technical Details'!Y49 -> 0 | O13: ='2. Technical Details'!R18 -> 0 | P13: ='2. Technical Details'!AM49 -> 0 | Q13: =SUM('2. Technical Details'!Q18,'2. Technical Details'!X18,'2. Technical Details'!AE18) -> 0 | R13: =SUM('2. Technical Details'!H49,'2. Technical Details'!O49,'2. Technical Details'!V49) -> 0 | S13: ='2. Technical Details'!N18 -> 0 | T13: ='2. Technical Details'!F49 -> 0 | U13: ='2. Technical Details'!AF49 -> 0 | V13: ='2. Technical Details'!AG49 -> 0 | W13: ='3. Deliverability Details'!G18 -> 0 | X13: ='3. Deliverability Details'!F18 -> 0 | Y13: ='3. Deliverability Details'!E18 -> 0 | Z13: ='3. Deliverability Details'!H18 -> 0 | BF13: ='2. Technical Details'!AH18/'2. Technical Details'!H18 -> #DIV/0! | BG13: ='2. Technical Details'!AI18/'2. Technical Details'!H18 -> #DIV/0! | BH13: ='2. Technical Details'!Z49 -> 0 | BI13: =('4. Financial Detail'!E18+'4. Financial Detail'!K18)/'Export - current tracker'!BH13 -> #DIV/0! | BJ13: ='4. Financial Detail'!V18 | BK13: ='4. Financial Detail'!H18/'Export - current tracker'!BH13 -> #DIV/0! | BL13: ='4. Financial Detail'!I18/BH13 -> #DIV/0! | BN13: ='4. Financial Detail'!J18/BH13 -> #DIV/0! | BO13: ='4. Financial Detail'!G18/'Export - current tracker'!BH13 -> #DIV/0! | BP13: ='4. Financial Detail'!L18/'Export - current tracker'!BH13 -> #DIV/0! | BQ13: ='4. Financial Detail'!F18/'Export - current tracker'!U13 -> #DIV/0! | BR13: =SUM('4. Financial Detail'!E18,'4. Financial Detail'!G18:K18)/U13 -> #DIV/0! | BS13: ='4. Financial Detail'!Y18 | BT13: ='4. Financial Detail'!Y18

Sheet TechnicalDeskReview
A2: LCHG Application Review | D2: Scoring Guidelines
D3: 5 | E3: Excellent - evidence, confidence, efficient, value
A4: Applicant | B4: 0 | D4: 4 | E4: Good -
A5: Ref | D5: 3 | E5: Average -
A6: Reviewed By | D6: 2 | E6: Poor -
A7: Date | D7: 1 | E7: Weak - unsupported claims or contrary facts between outputs wanted and design plans , concern about delivery/maturity to spec and to deadline, poor design efficiency, poor value for money, unnecessary complications or high risk
A9: Summary
A11: Ref | B11: Building Name | C11: Grant Value | D11: Not Eligible? | E11: Score | F11: Notes:
A12: Building 1 | B12: 0 | C12: 0 | E12: =PRODUCT(C32,C39,C44,C49) -> 0
A13: Building 2 | B13: 0 | C13: 0 | E13: =PRODUCT(H32,H39,H44,H49) -> 0
A14: Building 3 | B14: 0 | C14: 0 | E14: =PRODUCT(M32,M39,M44,M49) -> 0
A15: Building 4 | B15: 0 | C15: 0 | E15: =PRODUCT(R32,R39,R44,R49) -> 0
A16: Building 5 | B16: 0 | C16: 0 | E16: =PRODUCT(W32,W39,W44,W49) -> 0
A17: Building 6 | B17: 0 | C17: 0 | E17: =PRODUCT(AB32,AB39,AB44,AB49) -> 0
A18: Building 7 | B18: 0 | C18: 0 | E18: =PRODUCT(AG32,AG39,AG44,AG49) -> 0
A19: Building 8 | B19: 0 | C19: 0 | E19: =PRODUCT(AL32,AL39,AL44,AL49) -> 0
A20: Building 9 | B20: 0 | C20: 0 | E20: =PRODUCT(AQ32,AQ39,AQ44,AQ49) -> 0
A21: Building 10 | B21: 0 | C21: 0 | E21: =PRODUCT(AV32,AV39,AV44,AV49) -> 0
A22: Total | C22: =SUM(C12:C21) -> 0
A24: Review Detail
A26: Building 1 | B26: =B12 -> 0 | F26: Building 2 | G26: =B13 -> 0 | K26: Building 3 | L26: =B14 -> 0 | P26: Building 4 | Q26: =B15 -> 0 | U26: Building 5 | V26: =B16 -> 0 | Z26: Building 6 | AA26: =B17 -> 0 | AE26: Building 7 | AF26: =B18 -> 0 | AJ26: Building 8 | AK26: =B19 -> 0 | AO26: Building 9 | AP26: =B20 -> 0 | AT26: Building 10 | AU26: =B21 -> 0
A28: Compliance | B28: Review | C28: Pass | D28: Fail | F28: Compliance | G28: Review | H28: Pass | I28: Fail | K28: Compliance | L28: Review | M28: Pass | N28: Fail | P28: Compliance | Q28: Review | R28: Pass | S28: Fail | U28: Compliance | V28: Review | W28: Pass | X28: Fail | Z28: Compliance | AA28: Review | AB28: Pass | AC28: Fail | AE28: Compliance | AF28: Review | AG28: Pass | AH28: Fail | AJ28: Compliance | AK28: Review | AL28: Pass | AM28: Fail | AO28: Compliance | AP28: Review | AQ28: Pass | AR28: Fail | AT28: Compliance | AU28: Review | AV28: Pass | AW28: Fail
A29: C1 | B29: Planning Permission Achieved | F29: C1 | G29: Planning Permission Achieved | K29: C1 | L29: Planning Permission Achieved | P29: C1 | Q29: Planning Permission Achieved | U29: C1 | V29: Planning Permission Achieved | Z29: C1 | AA29: Planning Permission Achieved | AE29: C1 | AF29: Planning Permission Achieved | AJ29: C1 | AK29: Planning Permission Achieved | AO29: C1 | AP29: Planning Permission Achieved | AT29: C1 | AU29: Planning Permission Achieved
A30: C2 | B30: DNO Engagement Achieved | F30: C2 | G30: DNO Engagement Achieved | K30: C2 | L30: DNO Engagement Achieved | P30: C2 | Q30: DNO Engagement Achieved | U30: C2 | V30: DNO Engagement Achieved | Z30: C2 | AA30: DNO Engagement Achieved | AE30: C2 | AF30: DNO Engagement Achieved | AJ30: C2 | AK30: DNO Engagement Achieved | AO30: C2 | AP30: DNO Engagement Achieved | AT30: C2 | AU30: DNO Engagement Achieved
A31: C3 | B31: Design Stage RIBA Stage Achieved | F31: C3 | G31: Design Stage RIBA Stage Achieved | K31: C3 | L31: Design Stage RIBA Stage Achieved | P31: C3 | Q31: Design Stage RIBA Stage Achieved | U31: C3 | V31: Design Stage RIBA Stage Achieved | Z31: C3 | AA31: Design Stage RIBA Stage Achieved | AE31: C3 | AF31: Design Stage RIBA Stage Achieved | AJ31: C3 | AK31: Design Stage RIBA Stage Achieved | AO31: C3 | AP31: Design Stage RIBA Stage Achieved | AT31: C3 | AU31: Design Stage RIBA Stage Achieved
A32: SCORE | C32: 0 | F32: SCORE | H32: 0 | K32: SCORE | M32: 0 | P32: SCORE | R32: 0 | U32: SCORE | W32: 0 | Z32: SCORE | AB32: 0 | AE32: SCORE | AG32: 0 | AJ32: SCORE | AL32: 0 | AO32: SCORE | AQ32: 0 | AT32: SCORE | AV32: 0
A34: Technology | B34: Review | C34: Pass | D34: Fail | F34: Technology | G34: Review | H34: Pass | I34: Fail | K34: Technology | L34: Review | M34: Pass | N34: Fail | P34: Technology | Q34: Review | R34: Pass | S34: Fail | U34: Technology | V34: Review | W34: Pass | X34: Fail | Z34: Technology | AA34: Review | AB34: Pass | AC34: Fail | AE34: Technology | AF34: Review | AG34: Pass | AH34: Fail | AJ34: Technology | AK34: Review | AL34: Pass | AM34: Fail | AO34: Technology | AP34: Review | AQ34: Pass | AR34: Fail | AT34: Technology | AU34: Review | AV34: Pass | AW34: Fail
A35: T1 | B35: Fabric included | F35: T1 | G35: Fabric included | K35: T1 | L35: Fabric included | P35: T1 | Q35: Fabric included | U35: T1 | V35: Fabric included | Z35: T1 | AA35: Fabric included | AE35: T1 | AF35: Fabric included | AJ35: T1 | AK35: Fabric included | AO35: T1 | AP35: Fabric included | AT35: T1 | AU35: Fabric included
A36: T2 | B36: Distribution upgrade included | F36: T2 | G36: Distribution upgrade included | K36: T2 | L36: Distribution upgrade included | P36: T2 | Q36: Distribution upgrade included | U36: T2 | V36: Distribution upgrade included | Z36: T2 | AA36: Distribution upgrade included | AE36: T2 | AF36: Distribution upgrade included | AJ36: T2 | AK36: Distribution upgrade included | AO36: T2 | AP36: Distribution upgrade included | AT36: T2 | AU36: Distribution upgrade included
A37: T3 | B37: heat Pump temperature 35-55°C | F37: T3 | G37: heat Pump temperature 35-55°C | K37: T3 | L37: heat Pump temperature 35-55°C | P37: T3 | Q37: heat Pump temperature 35-55°C | U37: T3 | V37: heat Pump temperature 35-55°C | Z37: T3 | AA37: heat Pump temperature 35-55°C | AE37: T3 | AF37: heat Pump temperature 35-55°C | AJ37: T3 | AK37: heat Pump temperature 35-55°C | AO37: T3 | AP37: heat Pump temperature 35-55°C | AT37: T3 | AU37: heat Pump temperature 35-55°C
A38: T4 | B38: Seasonal CoP higher than 2.5 | F38: T4 | G38: Seasonal CoP higher than 2.5 | K38: T4 | L38: Seasonal CoP higher than 2.5 | P38: T4 | Q38: Seasonal CoP higher than 2.5 | U38: T4 | V38: Seasonal CoP higher than 2.5 | Z38: T4 | AA38: Seasonal CoP higher than 2.5 | AE38: T4 | AF38: Seasonal CoP higher than 2.5 | AJ38: T4 | AK38: Seasonal CoP higher than 2.5 | AO38: T4 | AP38: Seasonal CoP higher than 2.5 | AT38: T4 | AU38: Seasonal CoP higher than 2.5
A39: SCORE | C39: 0 | F39: SCORE | H39: 0 | K39: SCORE | M39: 0 | P39: SCORE | R39: 0 | U39: SCORE | W39: 0 | Z39: SCORE | AB39: 0 | AE39: SCORE | AG39: 0 | AJ39: SCORE | AL39: 0 | AO39: SCORE | AQ39: 0 | AT39: SCORE | AV39: 0
A41: Value | B41: Review | C41: Pass | D41: Fail | F41: Value | G41: Review | H41: Pass | I41: Fail | K41: Value | L41: Review | M41: Pass | N41: Fail | P41: Value | Q41: Review | R41: Pass | S41: Fail | U41: Value | V41: Review | W41: Pass | X41: Fail | Z41: Value | AA41: Review | AB41: Pass | AC41: Fail | AE41: Value | AF41: Review | AG41: Pass | AH41: Fail | AJ41: Value | AK41: Review | AL41: Pass | AM41: Fail | AO41: Value | AP41: Review | AQ41: Pass | AR41: Fail | AT41: Value | AU41: Review | AV41: Pass | AW41: Fail
A42: V1 | B42: £/kg CO2e Saved | F42: V1 | G42: £/kg CO2e Saved | K42: V1 | L42: £/kg CO2e Saved | P42: V1 | Q42: £/kg CO2e Saved | U42: V1 | V42: £/kg CO2e Saved | Z42: V1 | AA42: £/kg CO2e Saved | AE42: V1 | AF42: £/kg CO2e Saved | AJ42: V1 | AK42: £/kg CO2e Saved | AO42: V1 | AP42: £/kg CO2e Saved | AT42: V1 | AU42: £/kg CO2e Saved
A43: V2 | B43: £/kW Peak | F43: V2 | G43: £/kW Peak | K43: V2 | L43: £/kW Peak | P43: V2 | Q43: £/kW Peak | U43: V2 | V43: £/kW Peak | Z43: V2 | AA43: £/kW Peak | AD43: oversized | AE43: V2 | AF43: £/kW Peak | AJ43: V2 | AK43: £/kW Peak | AO43: V2 | AP43: £/kW Peak | AT43: V2 | AU43: £/kW Peak
A44: SCORE | C44: 0 | F44: SCORE | H44: 0 | K44: SCORE | M44: 0 | P44: SCORE | R44: 0 | U44: SCORE | W44: 0 | Z44: SCORE | AB44: 0 | AE44: SCORE | AG44: 0 | AJ44: SCORE | AL44: 0 | AO44: SCORE | AQ44: 0 | AT44: SCORE | AV44: 0
A46: Delivery | B46: Review | C46: Pass | D46: Fail | F46: Delivery | G46: Review | H46: Pass | I46: Fail | K46: Delivery | L46: Review | M46: Pass | N46: Fail | P46: Delivery | Q46: Review | R46: Pass | S46: Fail | U46: Delivery | V46: Review | W46: Pass | X46: Fail | Z46: Delivery | AA46: Review | AB46: Pass | AC46: Fail | AE46: Delivery | AF46: Review | AG46: Pass | AH46: Fail | AJ46: Delivery | AK46: Review | AL46: Pass | AM46: Fail | AO46: Delivery | AP46: Review | AQ46: Pass | AR46: Fail | AT46: Delivery | AU46: Review | AV46: Pass | AW46: Fail
A47: D1 | B47: Completion by 31 March 2026 | F47: D1 | G47: Completion by 31 March 2026 | K47: D1 | L47: Completion by 31 March 2026 | P47: D1 | Q47: Completion by 31 March 2026 | U47: D1 | V47: Completion by 31 March 2026 | Z47: D1 | AA47: Completion by 31 March 2026 | AE47: D1 | AF47: Completion by 31 March 2026 | AJ47: D1 | AK47: Completion by 31 March 2026 | AO47: D1 | AP47: Completion by 31 March 2026 | AT47: D1 | AU47: Completion by 31 March 2026
A48: D2 | B48: Procurement partner in place | F48: D2 | G48: Procurement partner in place | K48: D2 | L48: Procurement partner in place | P48: D2 | Q48: Procurement partner in place | U48: D2 | V48: Procurement partner in place | Z48: D2 | AA48: Procurement partner in place | AE48: D2 | AF48: Procurement partner in place | AJ48: D2 | AK48: Procurement partner in place | AO48: D2 | AP48: Procurement partner in place | AT48: D2 | AU48: Procurement partner in place
A49: SCORE | C49: 0 | F49: SCORE | H49: 0 | K49: SCORE | M49: 0 | P49: SCORE | R49: 0 | U49: SCORE | W49: 0 | Z49: SCORE | AB49: 0 | AE49: SCORE | AG49: 0 | AJ49: SCORE | AL49: 0 | AO49: SCORE | AQ49: 0 | AT49: SCORE | AV49: 0
A55: Recommendation | B55: Name | C55: Score | D55: Pass/Fail | E55: Reason
A56: Building 1 | B56: =B12 -> 0
A57: Building 2 | B57: =B13 -> 0
A58: Building 3 | B58: =B14 -> 0
A59: Building 4 | B59: =B15 -> 0
A60: Building 5 | B60: =B16 -> 0
A61: Building 6 | B61: =B17 -> 0
A62: Building 7 | B62: =B18 -> 0
A63: Building 8 | B63: =B19 -> 0
A64: Building 9 | B64: =B20 -> 0
A65: Building 10 | B65: =B21 -> 0
A67: Feedback | B67: Items
A68: 1
A69: 2
A70: 3
A71: 4
A72: 5
A73: 6
A74: 7
A75: 8
A76: 9
A77: 10
A79: Non-eligible Items | B79: Items
A80: 1
A81: 2
A82: 3
A83: 4
A84: 5
A85: 6
A86: 7
A87: 8
A88: 9
A89: 10

Sheet ClarificationCall
A1: DEFAULT questions for the clarification call
B3: Administration: | C3: Checkbox | D3: Notes for tracker
B4: 1. Who is the project manager who will run the project administratively? (there is monthly check-in reporting, risks to be managed, decisions to be made, invoices to be sent, higher management buy-in) | C4: FALSE
B5: 2. Do you have clear lines of responsibility and communications between you (the applicant) and your subcontractors (and they each other)? | C5: FALSE
B6: 3. Do you have buy-in and the support of higher management and leadership? | C6: FALSE
B7: 4. Do you have the 'right' procurement for direct award/tender/pre-approved(preferred) contractor and the amounts asked for? | C7: FALSE
B8: 5. How far along are you with designs? | C8: FALSE
B9: 6. How far along are you with DNO engagement? | C9: FALSE
B10: 7. How far along are you with Planning engagement? | C10: FALSE
C11: FALSE
B12: Financial: | C12: FALSE
B13: 1. VAT? Our default position is that you will reclaim VAT, and so the grant will be ex.VAT. Please tell us if this is not the case or is complicated. | C13: FALSE
B14: 2. Do you have contingency funding? (for delays , unidentified problems, last minute upgrades) | C14: FALSE
B15: 3. Ineligible costs? | C15: FALSE
B16: 4. Does the grantee and the contractor understand your requirements to follow your regular drawdown schedule? (invoicing regularly so planned invoicing) | C16: FALSE
C17: FALSE
B18: Technical: | C18: FALSE
B19: 1. Can you deliver by the deadline (end March 20XX)? | C19: FALSE
B20: 2. Could your lead times lead to a significant delay? | C20: FALSE
B21: 3. Asbestos? | C21: FALSE
B22: 4. Safe storage for heat pumps and tanks bought now but will be installed at a later date? | C22: FALSE
B23: 5. Fabric upgrades are part of the design or part of the future design to drive your SCOP up? | C23: FALSE
B24: 6. Plinths and fences? Noise reduction fencing? | C24: FALSE
B25: 7. Who will provide technical oversight of contractors work and commissioning? | C25: FALSE

Sheet Calculation_factors
E2: Lifetime CO2 (15 years) | F2: kg CO2e | H2: 1year CO2 (202X) | K2: Factors
H3: Year | I3: 2026 | K3: kg CO2 / kWh
E4: Lifetime of project (years) | F4: 15
F5: sum for next x years | I5: kg CO2e | V5: FOR REFERENCE PREVIOUS ELECTRICIT CARBON FIGURES
E6: =Lookups!P4 -> Electricity | F6: =SUM(_xlfn.CHOOSEROWS(INDEX($L$7:$S$33,,MATCH($E6,$L$6:$S$6,0)),_xlfn.SEQUENCE($F$4,1,($I$3-$K$7)+1,1))) -> 1.8067038 | H6: =E6 -> Electricity | I6: =INDEX($L$7:$S$33,MATCH($I$3,$K$7:$K$33,0),MATCH($H6,$L$6:$S$6,0)) -> 0.19401215 | K6: Year | L6: Electricity | M6: Biomass | N6: Biogas | O6: District Heat | P6: Natural gas | Q6: LPG | R6: Kerosene | S6: Gas oil | V6: 2024
E7: =Lookups!P5 -> Biomass | F7: =SUM(_xlfn.CHOOSEROWS(INDEX($L$7:$S$33,,MATCH($E7,$L$6:$S$6,0)),_xlfn.SEQUENCE($F$4,1,($I$3-$K$7)+1,1))) -> 0.1725 | H7: =E7 -> Biomass | I7: =INDEX($L$7:$S$33,MATCH($I$3,$K$7:$K$33,0),MATCH($H7,$L$6:$S$6,0)) -> 0.0115 | K7: 2025 | L7: 0.19553 | M7: 0.0115 | N7: 0.00022 | O7: 0.17073 | P7: 0.18296 | Q7: 0.2145 | R7: 0.24677 | S7: 0.2565 | U7: Year 0 | V7: 0.22535
E8: =Lookups!P6 -> Biogas | F8: =SUM(_xlfn.CHOOSEROWS(INDEX($L$7:$S$33,,MATCH($E8,$L$6:$S$6,0)),_xlfn.SEQUENCE($F$4,1,($I$3-$K$7)+1,1))) -> 0.0033 | H8: =E8 -> Biogas | I8: =INDEX($L$7:$S$33,MATCH($I$3,$K$7:$K$33,0),MATCH($H8,$L$6:$S$6,0)) -> 0.00022 | K8: 2026 | L8: 0.19401215 | M8: 0.0115 | N8: 0.00022 | O8: 0.17073 | P8: 0.18296 | Q8: 0.2145 | R8: 0.24677 | S8: 0.2565 | U8: Year 1 | V8: 0.21721324
E9: =Lookups!P7 -> District Heat | F9: =SUM(_xlfn.CHOOSEROWS(INDEX($L$7:$S$33,,MATCH($E9,$L$6:$S$6,0)),_xlfn.SEQUENCE($F$4,1,($I$3-$K$7)+1,1))) -> 2.56095 | H9: =E9 -> District Heat | I9: =INDEX($L$7:$S$33,MATCH($I$3,$K$7:$K$33,0),MATCH($H9,$L$6:$S$6,0)) -> 0.17073 | K9: 2027 | L9: 0.19805454 | M9: 0.0115 | N9: 0.00022 | O9: 0.17073 | P9: 0.18296 | Q9: 0.2145 | R9: 0.24677 | S9: 0.2565 | U9: Year 2 | V9: 0.21552707
E10: =Lookups!L5 -> Natural gas | F10: =SUM(_xlfn.CHOOSEROWS(INDEX($L$7:$S$33,,MATCH($E10,$L$6:$S$6,0)),_xlfn.SEQUENCE($F$4,1,($I$3-$K$7)+1,1))) -> 2.7444 | H10: =E10 -> Natural gas | I10: =INDEX($L$7:$S$33,MATCH($I$3,$K$7:$K$33,0),MATCH($H10,$L$6:$S$6,0)) -> 0.18296 | K10: 2028 | L10: 0.18817591 | M10: 0.0115 | N10: 0.00022 | O10: 0.17073 | P10: 0.18296 | Q10: 0.2145 | R10: 0.24677 | S10: 0.2565 | U10: Year 3 | V10: 0.22001773
E11: =Lookups!L6 -> LPG | F11: =SUM(_xlfn.CHOOSEROWS(INDEX($L$7:$S$33,,MATCH($E11,$L$6:$S$6,0)),_xlfn.SEQUENCE($F$4,1,($I$3-$K$7)+1,1))) -> 3.2175 | H11: =E11 -> LPG | I11: =INDEX($L$7:$S$33,MATCH($I$3,$K$7:$K$33,0),MATCH($H11,$L$6:$S$6,0)) -> 0.2145 | K11: 2029 | L11: 0.16286469 | M11: 0.0115 | N11: 0.00022 | O11: 0.17073 | P11: 0.18296 | Q11: 0.2145 | R11: 0.24677 | S11: 0.2565 | U11: Year 4 | V11: 0.20904362
E12: =Lookups!L7 -> Kerosene | F12: =SUM(_xlfn.CHOOSEROWS(INDEX($L$7:$S$33,,MATCH($E12,$L$6:$S$6,0)),_xlfn.SEQUENCE($F$4,1,($I$3-$K$7)+1,1))) -> 3.70155 | H12: =E12 -> Kerosene | I12: =INDEX($L$7:$S$33,MATCH($I$3,$K$7:$K$33,0),MATCH($H12,$L$6:$S$6,0)) -> 0.24677 | K12: 2030 | L12: 0.15891633 | M12: 0.0115 | N12: 0.00022 | O12: 0.17073 | P12: 0.18296 | Q12: 0.2145 | R12: 0.24677 | S12: 0.2565 | U12: Year 5 | V12: 0.18092552
E13: =Lookups!L8 -> Gas oil | F13: =SUM(_xlfn.CHOOSEROWS(INDEX($L$7:$S$33,,MATCH($E13,$L$6:$S$6,0)),_xlfn.SEQUENCE($F$4,1,($I$3-$K$7)+1,1))) -> 3.8475 | H13: =E13 -> Gas oil | I13: =INDEX($L$7:$S$33,MATCH($I$3,$K$7:$K$33,0),MATCH($H13,$L$6:$S$6,0)) -> 0.2565 | K13: 2031 | L13: 0.13951001 | M13: 0.0115 | N13: 0.00022 | O13: 0.17073 | P13: 0.18296 | Q13: 0.2145 | R13: 0.24677 | S13: 0.2565 | U13: Year 6 | V13: 0.17653931
E14: *Sam Wright-Green updates these figures in the Report Writing Tool yearly (on June 2025 this year) as part of his annual checks on carbon factors | K14: 2032 | L14: 0.1131911 | M14: 0.0115 | N14: 0.00022 | O14: 0.17073 | P14: 0.18296 | Q14: 0.2145 | R14: 0.24677 | S14: 0.2565 | U14: Year 7 | V14: 0.15498093
E15: *Steffan Cook then moves those figures into the application form | K15: 2033 | L15: 0.11039231 | M15: 0.0115 | N15: 0.00022 | O15: 0.17073 | P15: 0.18296 | Q15: 0.2145 | R15: 0.24677 | S15: 0.2565 | U15: Year 8 | V15: 0.1257434
E16: (recent: July 2025) | K16: 2034 | L16: 0.10007405 | M16: 0.0115 | N16: 0.00022 | O16: 0.17073 | P16: 0.18296 | Q16: 0.2145 | R16: 0.24677 | S16: 0.2565 | U16: Year 9 | V16: 0.12263423
K17: 2035 | L17: 0.081303493 | M17: 0.0115 | N17: 0.00022 | O17: 0.17073 | P17: 0.18296 | Q17: 0.2145 | R17: 0.24677 | S17: 0.2565 | U17: Year 10 | V17: 0.11117173
K18: 2036 | L18: 0.073473432 | M18: 0.0115 | N18: 0.00022 | O18: 0.17073 | P18: 0.18296 | Q18: 0.2145 | R18: 0.24677 | S18: 0.2565 | U18: Year 11 | V18: 0.090319619
K19: 2037 | L19: 0.077633873 | M19: 0.0115 | N19: 0.00022 | O19: 0.17073 | P19: 0.18296 | Q19: 0.2145 | R19: 0.24677 | S19: 0.2565 | U19: Year 12 | V19: 0.081621245
K20: 2038 | L20: 0.074321021 | M20: 0.0115 | N20: 0.00022 | O20: 0.17073 | P20: 0.18296 | Q20: 0.2145 | R20: 0.24677 | S20: 0.2565 | U20: Year 13 | V20: 0.086243057
K21: 2039 | L21: 0.069221609 | M21: 0.0115 | N21: 0.00022 | O21: 0.17073 | P21: 0.18296 | Q21: 0.2145 | R21: 0.24677 | S21: 0.2565 | U21: Year 14 | V21: 0.082562828
K22: 2040 | L22: 0.06555928 | M22: 0.0115 | N22: 0.00022 | O22: 0.17073 | P22: 0.18296 | Q22: 0.2145 | R22: 0.24677 | S22: 0.2565 | U22: Year 15 | V22: 0.076897918
K23: 2041 | L23: 0.064618643 | M23: 0.0115 | N23: 0.00022 | O23: 0.17073 | P23: 0.18296 | Q23: 0.2145 | R23: 0.24677 | S23: 0.2565 | U23: Year 16 | V23: 0.072829456
K24: 2042 | L24: 0.063628844 | M24: 0.0115 | N24: 0.00022 | O24: 0.17073 | P24: 0.18296 | Q24: 0.2145 | R24: 0.24677 | S24: 0.2565 | U24: Year 17 | V24: 0.071784507
K25: 2043 | L25: 0.058986802 | M25: 0.0115 | N25: 0.00022 | O25: 0.17073 | P25: 0.18296 | Q25: 0.2145 | R25: 0.24677 | S25: 0.2565 | U25: Year 18 | V25: 0.070684945
K26: 2044 | L26: 0.057949462 | M26: 0.0115 | N26: 0.00022 | O26: 0.17073 | P26: 0.18296 | Q26: 0.2145 | R26: 0.24677 | S26: 0.2565 | U26: Year 19 | V26: 0.065528125
K27: 2045 | L27: 0.056543056 | M27: 0.0115 | N27: 0.00022 | O27: 0.17073 | P27: 0.18296 | Q27: 0.2145 | R27: 0.24677 | S27: 0.2565 | U27: Year 20 | V27: 0.06437575
K28: 2046 | L28: 0.052856881 | M28: 0.0115 | N28: 0.00022 | O28: 0.17073 | P28: 0.18296 | Q28: 0.2145 | R28: 0.24677 | S28: 0.2565 | U28: Year 21 | V28: 0.06281338
... K33: 2051 | L33: 0.045229295 | M33: 0.0115 | N33: 0.00022 | O33: 0.17073 | P33: 0.18296 | Q33: 0.2145 | R33: 0.24677 | S33: 0.2565 | U33: Year 26 | V33: 0.050244984
K35: *Electricity factor follows a National grid FES 'Counterfactual' grid decarbonistion scenario for % drop between each year. DESNZ 2025 factor is used as the base.
K39: 15year running totals
K40: starting year
K41: Year | L41: Electricity | M41: Biomass | N41: Biogas | O41: District Heat | P41: Natural gas | Q41: LPG | R41: Kerosene | S41: Gas oil
K42: 2025 | L42: =SUM(L7:L21) -> 1.9366745 | M42: =SUM(M7:M21) -> 0.1725 | N42: =SUM(N7:N21) -> 0.0033 | O42: =SUM(O7:O21) -> 2.56095 | P42: =SUM(P7:P21) -> 2.7444 | Q42: =SUM(Q7:Q21) -> 3.2175 | R42: =SUM(R7:R21) -> 3.70155 | S42: =SUM(S7:S21) -> 3.8475
K43: 2026 | L43: =SUM(L8:L22) -> 1.8067038 | M43: =SUM(M8:M22) -> 0.1725 | N43: =SUM(N8:N22) -> 0.0033 | O43: =SUM(O8:O22) -> 2.56095 | P43: =SUM(P8:P22) -> 2.7444 | Q43: =SUM(Q8:Q22) -> 3.2175 | R43: =SUM(R8:R22) -> 3.70155 | S43: =SUM(S8:S22) -> 3.8475
K44: 2027 | L44: =SUM(L9:L23) -> 1.6773103 | M44: =SUM(M9:M23) -> 0.1725 | N44: =SUM(N9:N23) -> 0.0033 | O44: =SUM(O9:O23) -> 2.56095 | P44: =SUM(P9:P23) -> 2.7444 | Q44: =SUM(Q9:Q23) -> 3.2175 | R44: =SUM(R9:R23) -> 3.70155 | S44: =SUM(S9:S23) -> 3.8475
K45: 2028 | L45: =SUM(L10:L24) -> 1.5428846 | M45: =SUM(M10:M24) -> 0.1725 | N45: =SUM(N10:N24) -> 0.0033 | O45: =SUM(O10:O24) -> 2.56095 | P45: =SUM(P10:P24) -> 2.7444 | Q45: =SUM(Q10:Q24) -> 3.2175 | R45: =SUM(R10:R24) -> 3.70155 | S45: =SUM(S10:S24) -> 3.8475
K46: 2029 | L46: =SUM(L11:L25) -> 1.4136955 | M46: =SUM(M11:M25) -> 0.1725 | N46: =SUM(N11:N25) -> 0.0033 | O46: =SUM(O11:O25) -> 2.56095 | P46: =SUM(P11:P25) -> 2.7444 | Q46: =SUM(Q11:Q25) -> 3.2175 | R46: =SUM(R11:R25) -> 3.70155 | S46: =SUM(S11:S25) -> 3.8475
K47: 2030 | L47: =SUM(L12:L26) -> 1.3087803 | M47: =SUM(M12:M26) -> 0.1725 | N47: =SUM(N12:N26) -> 0.0033 | O47: =SUM(O12:O26) -> 2.56095 | P47: =SUM(P12:P26) -> 2.7444 | Q47: =SUM(Q12:Q26) -> 3.2175 | R47: =SUM(R12:R26) -> 3.70155 | S47: =SUM(S12:S26) -> 3.8475
K48: 2031 | L48: =SUM(L13:L27) -> 1.206407 | M48: =SUM(M13:M27) -> 0.1725 | N48: =SUM(N13:N27) -> 0.0033 | O48: =SUM(O13:O27) -> 2.56095 | P48: =SUM(P13:P27) -> 2.7444 | Q48: =SUM(Q13:Q27) -> 3.2175 | R48: =SUM(R13:R27) -> 3.70155 | S48: =SUM(S13:S27) -> 3.8475
K49: 2032 | L49: =SUM(L14:L28) -> 1.1197539 | M49: =SUM(M14:M28) -> 0.1725 | N49: =SUM(N14:N28) -> 0.0033 | O49: =SUM(O14:O28) -> 2.56095 | P49: =SUM(P14:P28) -> 2.7444 | Q49: =SUM(Q14:Q28) -> 3.2175 | R49: =SUM(R14:R28) -> 3.70155 | S49: =SUM(S14:S28) -> 3.8475
K50: 2033 | L50: =SUM(L15:L29) -> 1.056897 | M50: =SUM(M15:M29) -> 0.1725 | N50: =SUM(N15:N29) -> 0.0033 | O50: =SUM(O15:O29) -> 2.56095 | P50: =SUM(P15:P29) -> 2.7444 | Q50: =SUM(Q15:Q29) -> 3.2175 | R50: =SUM(R15:R29) -> 3.70155 | S50: =SUM(S15:S29) -> 3.8475
K51: 2034 | L51: =SUM(L16:L30) -> 0.9960722 | M51: =SUM(M16:M30) -> 0.1725 | N51: =SUM(N16:N30) -> 0.0033 | O51: =SUM(O16:O30) -> 2.56095 | P51: =SUM(P16:P30) -> 2.7444 | Q51: =SUM(Q16:Q30) -> 3.2175 | R51: =SUM(R16:R30) -> 3.70155 | S51: =SUM(S16:S30) -> 3.8475
K52: 2035 | L52: =SUM(L17:L31) -> 0.94063519 | M52: =SUM(M17:M31) -> 0.1725 | N52: =SUM(N17:N31) -> 0.0033 | O52: =SUM(O17:O31) -> 2.56095 | P52: =SUM(P17:P31) -> 2.7444 | Q52: =SUM(Q17:Q31) -> 3.2175 | R52: =SUM(R17:R31) -> 3.70155 | S52: =SUM(S17:S31) -> 3.8475
K53: 2036 | L53: =SUM(L18:L32) -> 0.904561 | M53: =SUM(M18:M32) -> 0.1725 | N53: =SUM(N18:N32) -> 0.0033 | O53: =SUM(O18:O32) -> 2.56095 | P53: =SUM(P18:P32) -> 2.7444 | Q53: =SUM(Q18:Q32) -> 3.2175 | R53: =SUM(R18:R32) -> 3.70155 | S53: =SUM(S18:S32) -> 3.8475
K54: 2037 | L54: =SUM(L19:L33) -> 0.87631686 | M54: =SUM(M19:M33) -> 0.1725 | N54: =SUM(N19:N33) -> 0.0033 | O54: =SUM(O19:O33) -> 2.56095 | P54: =SUM(P19:P33) -> 2.7444 | Q54: =SUM(Q19:Q33) -> 3.2175 | R54: =SUM(R19:R33) -> 3.70155 | S54: =SUM(S19:S33) -> 3.8475
